Workbook
Name _GoBack: Notes!#REF!

Sheet B_S & Notes 11-12
B1: insert accounting policy from word file at this place
B3: 3. SHAREHOLDERS’ FUND
B4: 3.1 SHARE CAPITAL
F5: (Amount in ` )
D6: 31-03-2012 | F6: 31-03-2011
D7: Number | E7: Amount | F7: Number | G7: Amount
B8: A. Authorised
B9: Equity Shares of Par Value Rs.1/- each | D9: 1000000000 | E9: =G9 -> 1000000000 | F9: 1000000000 | G9: 1000000000
B11: B. Issued, subscribed and fully paid
B12: Opening Balance | D12: 1000000000 | E12: =G16 -> 1000000000 | F12: 50000000 | G12: 500000000
B13: Addition* | F13: 450000000
F14: 500000000 | G14: 500000000
B15: Deduction | F15: -
B16: Closing Balance | D16: 1000000000 | E16: =+E12+E13-E15 -> 1000000000 | F16: 1000000000 | G16: =+G12+G14-G15 -> 1000000000
B18: * During 2010-11, bonus shares were issued in the ratio of 1:1 by capitalizing a sum of Rs.500 million from general reserve and shares of the company of Rs.10/- each were further divided into 10 shares of Re1/- each.
B20: The Company has one class of share capital, comprising ordinary shares of Rupee 1/- each. Subject to the Company’s Articles of Association and applicable law, the Company’s ordinary shares confer on the holder: the right to receive notice of and vote at g
B22: The Company does not have any holding company. Hence no share is held by its holding company or its subsidiaries or associates.
B24: No shareholder other than the promoters is holding more than 5% shares of the company. The shareholding of the promoters i.e. President of India as on 31-03-2012 is 993,312,000 shares (P.Y. 993,312,000 shares)
B26: No share of the company is reserved for issue under options and contracts / commitments for the sale of shares / disinvestment.
B28: During last five years company has not issued any shares pursuant to contracts without payment being received in cash.
B30: During last five years company has not bought back its shares
B32: During 2010-11, bonus shares were issued in the ratio of 1:1 shares of the company of Rs.10/- each.
B34: The Company does not have any security convertible to equity / preference shares.
B36: The value of calls unpaid (including calls unpaid by directors and officers) is Rs. NIL million (P.Y. Rs. NIL million).
B38: The value of forfeited shares is Rs. NIL million (P.Y. Rs. NIL million).
B40: 3.1 RESERVES & SURPLUS
B42: 3.2.1 Reserves
F43: (Amount in ` )
D44: As at | E44: Additions | F44: Deductions | G44: As at
D45: 01-04-2011 | G45: 31-03-2012
B46: Capital Reserve | D46: 688326 | G46: =+D46+E46-F46 -> 688326
B47: General Reserve | D47: 5881127248 | E47: =H54 -> 75000000 | G47: =+D47+E47-F47 -> 5956127248
B49: Total (a) | D49: =SUM(D46:D48) -> 5881815574 | E49: =SUM(E46:E48) -> 75000000 | F49: =SUM(F46:F48) -> 0 | G49: =+D49+E49-F49 -> 5956815574
B51: 3.2.2 Surplus
G52: (Amount in ` )
D53: As at 01-04-2011 | E53: Transfer from statement of profit & loss | F53: Dividend | G53: Dividend Tax | H53: Transfer to General Reserve | I53: As at 31-03-2012
B54: Balance in Profit & Loss account | D54: 6915530242 | E54: 707218066 | F54: 250000000 | G54: 40556250 | H54: 75000000 | I54: =+D54+E54-F54-G54-H54 -> 7257192058
B56: Total (b) | D56: =+D54 -> 6915530242 | E56: =+E54 -> 707218066 | F56: =+F54 -> 250000000 | G56: =+G54 -> 40556250 | H56: =+H54 -> 75000000 | I56: =+D56+E56-F56-G56-H56 -> 7257192058
B57: Total (a+b) | D57: =D56+D49 -> 12797345816 | I57: =+I56+G49 -> 13214007632
B59: 4. NON CURRENT LIABILITIES
B61: 4.1 LONG TERM BORROWINGS
G62: (Amount in ` )
D63: 31-03-2012 | F63: 31-03-2011
B64: A. Term Loan
B65: i. From Banks
B66: a. Secured | D66: 0 | F66: 0
B67: b. Unsecured | D67: 0 | E67: =+SUM(D66:D67) -> 0 | F67: 0 | G67: =+SUM(F66:F67) -> 0
B69: ii. From Others
B70: a. Secured | D70: 0 | F70: 0
B71: b. Unsecured | D71: 0 | E71: =+SUM(D70:D71) -> 0 | F71: 0 | G71: =+SUM(F70:F71) -> 0
B73: B. Deferred payment liabilities
B74: a. Secured | D74: 0 | F74: 0
B75: b. Unsecured | D75: 0 | E75: =+SUM(D74:D75) -> 0 | F75: 0 | G75: =+SUM(F74:F75) -> 0
B77: C. Deposits
B78: a. Secured | D78: 0 | F78: 0
B79: b. Unsecured | D79: 0 | E79: =+SUM(D78:D79) -> 0 | F79: 0 | G79: =+SUM(F78:F79) -> 0
B81: D. Loans and advances from related parties
B82: a. Secured | D82: 0 | F82: 0
B83: b. Unsecured | D83: 0 | E83: =+SUM(D82:D83) -> 0 | F83: 0 | G83: =+SUM(F82:F83) -> 0
B85: E. Others (specify nature)
B86: a. Secured | D86: 0 | F86: 0
B87: b. Unsecured | D87: 0 | E87: =+SUM(D86:D87) -> 0 | F87: 0 | G87: =+SUM(F86:F87) -> 0
B89: Sub-Total
B90: a. Secured | D90: =+D66+D70+D74+D78+D82+D86 -> 0 | F90: 0
B91: b. Unsecured | D91: =+D67+D71+D75+D79+D83+D87 -> 0 | E91: =+D90+D91 -> 0 | F91: 0 | G91: =+F90+F91 -> 0
B92: TOTAL | E92: =+E91 -> 0 | G92: =+G91 -> 0
B94: Term Loan from Banks
B96: Secured against hypothecation of stocks, book debts and other assets current and future. This loan is repayable in full on_________________.
B98: The loans have not been guaranteed by any of the director or others
B100: The company has not defaulted in repayment of any loan and interest thereon.
B102: 4.2 OTHER LONG TERM LIABILITIES
G103: (Amount in ` )
D104: 31-03-2012 | F104: 31-03-2011
B105: Trade Payable
B106: -Other than MSMEs | D106: 12857708 | F106: 12857708
B107: -MSMEs | D107: 0 | E107: =+SUM(D106:D107) -> 12857708 | F107: 0 | G107: =+SUM(F106:F107) -> 12857708
B108: Others
B109: -Sales tax/CST/Custom duty | D109: 18743360 | F109: 18743360
B110: -Others | D110: 13210779 | E110: =+SUM(D109:D110) -> 31954139 | F110: 12251470 | G110: =+SUM(F109:F110) -> 30994830
B111: Total | E111: =+SUM(E106:E110) -> 44811847 | G111: =+SUM(G106:G110) -> 43852538
B113: There are no micro, small or medium enterprises to whom the Company owes dues which are outstanding for more than 45 days as at 31st March, 2012.
B115: 4.3 LONG TERM PROVISIONS
G116: (Amount in ` )
D117: 31-03-2012 | F117: 31-03-2011
B119: A. Employee Benefits
B120: i. Leave encashment | D120: 214727657 | F120: 211286138
B121: ii. Post Ret. Medical Benefits | D121: 924777896 | F121: 808281300
B122: iii. Half pay leave | D122: 145757955 | F122: 143600213
B123: iv. Service Award | D123: 46151917 | F123: 48516401
B124: v. Compassionate Gratuity | D124: 2378158 | F124: 2648634
B125: vi. Emp. Family Benefit Scheme | D125: 39920477 | E125: =+SUM(D120:D125) -> 1373714060 | F125: 38055178 | G125: =+SUM(F120:F125) -> 1252387864
B127: B. Others
B129: Total | E129: =SUM(E118:E128) -> 1373714060 | G129: =SUM(G118:G128) -> 1252387864
B131: 5. Current Liabilities
B133: 5.1 SHORT TERM BORROWINGS
G134: (Amount in ` )
D135: 31-03-2012 | F135: 31-03-2011
B136: A. Loans repayable on demand
B137: From Banks
B138: (i) Secured ( against hypothecation of inventories , trade receivables and other current assets present and future) | D138: 34298671831 | F138: 50019921523
...

Sheet BS. & Notes 2012-13
B1: insert accounting policy from word file at this place
B3: 3. SHAREHOLDERS’ FUND
B4: 3.1 SHARE CAPITAL & RECONCILIATION OF THE NUMBER OF SHARES OUTSTANDING AT THE END OF THE REPORTING PERIOD
D6: (` in million)
D7: 31-03-2014
D8: Number | E8: Amount
B9: A. Authorised
B10: Equity Shares of Par Value Rs.1/- each | D10: 1000000000 | E10: 1000000000
B12: B. Issued, subscribed and fully paid
B13: Opening Balance as on 1st April 2011 | D13: 1000000000 | E13: 1000000000
B14: Addition*
B15: Deduction
B16: Closing Balance as 31st March 2012 | D16: 1000000000 | E16: =+E13+E14-E15 -> 1000000000
B18: * During 2010-11, bonus shares were issued in the ratio of 1:1 by capitalizing a sum of Rs.500 million from general reserve and shares of the company of Rs.10/- each were further divided into 10 shares of Re1/- each.
B20: The Company has one class of share capital, comprising ordinary shares of Rupee 1/- each. Subject to the Company’s Articles of Association and applicable law, the Company’s ordinary shares confer on the holder: the right to receive notice of and vote at g
B22: The Company does not have any holding company. Hence no share is held by its holding company or its subsidiaries or associates.
B24: No shareholder other than the promoters is holding more than 5% shares of the company. The shareholding of the promoters i.e. President of India as on 31-03-2012 is 993,312,000 shares (P.Y. 993,312,000 shares)
B26: No share of the company is reserved for issue under options and contracts / commitments for the sale of shares / disinvestment.
B28: During last five years company has not issued any shares pursuant to contracts without payment being received in cash.
B30: During last five years company has not bought back its shares
B32: During 2010-11, bonus shares were issued in the ratio of 1:1 shares of the company of Rs.10/- each.
B34: The Company does not have any security convertible to equity / preference shares.
B36: The value of calls unpaid (including calls unpaid by directors and officers) is Rs. NIL million (P.Y. Rs. NIL million).
B38: The value of forfeited shares is Rs. NIL million (P.Y. Rs. NIL million).
B40: 3.1 RESERVES & SURPLUS
D42: 31-03-2013 | F42: 31-03-2012
B43: Reserves
B44: Capital reserve- Opening Balance | D44: 688326 | F44: 688326
B45: Add : Transferred from Surplus | D45: 0 | F45: 0
B46: Closing Balance | E46: =+D44+D45 -> 688326 | G46: =+F44+F45 -> 688326
B48: General reserve- Opening Balance | D48: =G52 -> 5956127248 | F48: 5881127248
B49: Add : Tranferred from Surplus | F49: 75000000
D50: =+D48+D49 -> 5956127248 | F50: =+F48+F49 -> 5956127248
B51: Less : Duduction | F51: 0
B52: Closing Balance | E52: =+D50-D51 -> 5956127248 | G52: =+F50-F51 -> 5956127248
B54: Sustainable Development Reserve - Opening Balance
B55: Add : Tranferred from Surplus | D55: =D75 -> 2113291
D56: =+D54+D55 -> 2113291 | F56: =+F54+F55 -> 0
B57: Less : Duduction
B58: Closing Balance | E58: =+D56-D57 -> 2113291 | G58: =+F56-F57 -> 0
B60: Corporate Social Responsibility Reserve-Opening Balance
B61: Add : Tranferred from Surplus | D61: =D76 -> 4359024
D62: =+D60+D61 -> 4359024 | F62: =+F60+F61 -> 0
B63: Less : Duduction
B64: Closing Balance | E64: =+D62-D63 -> 4359024 | G64: =+F62-F63 -> 0
B66: Total (A) | E66: =SUM(E43:E64) -> 5963287889 | G66: =SUM(G43:G64) -> 5956815574
B67: Surplus
B68: Surplus- Opening Balance | D68: 7257192057 | F68: 6915530242
B69: Add : Net profit after tax transferred from Statement of Profit & Loss | D69: =G990 -> -706231839 | F69: 707218065
B70: Amount available for appropriation | D70: =+D68+D69 -> 6550960218 | F70: =+F68+F69 -> 7622748307
B71: Appropriations :
B72: Final Dividend | D72: 100000000 | F72: 250000000
B73: Dividend tax | F73: 40556250
B74: General Reserve | F74: 75000000
B75: Sustainable Development Reserve | D75: 2113291
B76: Corporate Social Responsibility Reserve | D76: 4359024
B77: Total (B) | E77: =D70-D72-D73-D74-D75-D76 -> 6444487903 | G77: =F70-F72-F73-F74-F75-F76 -> 7257192057
B79: TOTAL (A)+(B) | E79: =+E66+E77 -> 12407775792 | G79: =+G66+G77 -> 13214007631
B82: 4. NON CURRENT LIABILITIES
B84: 4.1 LONG TERM BORROWINGS
G85: (Amount in `)
D86: TOTAL | F86: CORPORATE OFFICE | H86: BANGALORE | J86: AHMEDABAD | L86: HYDERABAD | N86: BELLARY | P86: MUMBAI | R86: GOA | T86: BHUBANESWAR | V86: KOLKATA | X86: JAIPUR | Z86: VIZAG | AB86: DRO | AD86: JHANDEWALAN | AF86: CHENNAI | AH86: MICA
B87: A. Term Loan
B88: i. From Banks
B89: a. Secured | D89: =F89+H89+J89+L89+N89+P89+R89+T89+V89+X89+Z89+AB89+AD89+AF89+AH89 -> 0
B90: b. Unsecured | D90: =F90+H90+J90+L90+N90+P90+R90+T90+V90+X90+Z90+AB90+AD90+AF90+AH90 -> 0 | E90: =+SUM(D89:D90) -> 0 | G90: =+SUM(F89:F90) -> 0 | I90: =+SUM(H89:H90) -> 0 | K90: =+SUM(J89:J90) -> 0 | M90: =+SUM(L89:L90) -> 0 | O90: =+SUM(N89:N90) -> 0 | Q90: =+SUM(P89:P90) -> 0 | S90: =+SUM(R89:R90) -> 0 | U90: =+SUM(T89:T90) -> 0 | W90: =+SUM(V89:V90) -> 0 | Y90: =+SUM(X89:X90) -> 0 | AA90: =+SUM(Z89:Z90) -> 0 | AC90: =+SUM(AB89:AB90) -> 0 | AE90: =+SUM(AD89:AD90) -> 0 | AG90: =+SUM(AF89:AF90) -> 0 | AI90: =+SUM(AH89:AH90) -> 0
B92: ii. From Others
B93: a. Secured | D93: =F93+H93+J93+L93+N93+P93+R93+T93+V93+X93+Z93+AB93+AD93+AF93+AH93 -> 0
B94: b. Unsecured | D94: =F94+H94+J94+L94+N94+P94+R94+T94+V94+X94+Z94+AB94+AD94+AF94+AH94 -> 0 | E94: =+SUM(D93:D94) -> 0 | G94: =+SUM(F93:F94) -> 0 | I94: =+SUM(H93:H94) -> 0 | K94: =+SUM(J93:J94) -> 0 | M94: =+SUM(L93:L94) -> 0 | O94: =+SUM(N93:N94) -> 0 | Q94: =+SUM(P93:P94) -> 0 | S94: =+SUM(R93:R94) -> 0 | U94: =+SUM(T93:T94) -> 0 | W94: =+SUM(V93:V94) -> 0 | Y94: =+SUM(X93:X94) -> 0 | AA94: =+SUM(Z93:Z94) -> 0 | AC94: =+SUM(AB93:AB94) -> 0 | AE94: =+SUM(AD93:AD94) -> 0 | AG94: =+SUM(AF93:AF94) -> 0 | AI94: =+SUM(AH93:AH94) -> 0
B96: B. Deferred payment liabilities
B97: a. Secured | D97: =F97+H97+J97+L97+N97+P97+R97+T97+V97+X97+Z97+AB97+AD97+AF97+AH97 -> 0
B98: b. Unsecured | D98: =F98+H98+J98+L98+N98+P98+R98+T98+V98+X98+Z98+AB98+AD98+AF98+AH98 -> 0 | E98: =+SUM(D97:D98) -> 0 | G98: =+SUM(F97:F98) -> 0 | I98: =+SUM(H97:H98) -> 0 | K98: =+SUM(J97:J98) -> 0 | M98: =+SUM(L97:L98) -> 0 | O98: =+SUM(N97:N98) -> 0 | Q98: =+SUM(P97:P98) -> 0 | S98: =+SUM(R97:R98) -> 0 | U98: =+SUM(T97:T98) -> 0 | W98: =+SUM(V97:V98) -> 0 | Y98: =+SUM(X97:X98) -> 0 | AA98: =+SUM(Z97:Z98) -> 0 | AC98: =+SUM(AB97:AB98) -> 0 | AE98: =+SUM(AD97:AD98) -> 0 | AG98: =+SUM(AF97:AF98) -> 0 | AI98: =+SUM(AH97:AH98) -> 0
B100: C. Deposits
B101: a. Secured | D101: =F101+H101+J101+L101+N101+P101+R101+T101+V101+X101+Z101+AB101+AD101+AF101+AH101 -> 0
B102: b. Unsecured | D102: =F102+H102+J102+L102+N102+P102+R102+T102+V102+X102+Z102+AB102+AD102+AF102+AH102 -> 0 | E102: =+SUM(D101:D102) -> 0 | G102: =+SUM(F101:F102) -> 0 | I102: =+SUM(H101:H102) -> 0 | K102: =+SUM(J101:J102) -> 0 | M102: =+SUM(L101:L102) -> 0 | O102: =+SUM(N101:N102) -> 0 | Q102: =+SUM(P101:P102) -> 0 | S102: =+SUM(R101:R102) -> 0 | U102: =+SUM(T101:T102) -> 0 | W102: =+SUM(V101:V102) -> 0 | Y102: =+SUM(X101:X102) -> 0 | AA102: =+SUM(Z101:Z102) -> 0 | AC102: =+SUM(AB101:AB102) -> 0 | AE102: =+SUM(AD101:AD102) -> 0 | AG102: =+SUM(AF101:AF102) -> 0 | AH102: 0 | AI102: =+SUM(AH101:AH102) -> 0
B104: D. Loans and advances from related parties
B105: a. Secured | D105: =F105+H105+J105+L105+N105+P105+R105+T105+V105+X105+Z105+AB105+AD105+AF105+AH105 -> 0
B106: b. Unsecured | D106: =F106+H106+J106+L106+N106+P106+R106+T106+V106+X106+Z106+AB106+AD106+AF106+AH106 -> 0 | E106: =+SUM(D105:D106) -> 0 | G106: =+SUM(F105:F106) -> 0 | I106: =+SUM(H105:H106) -> 0 | K106: =+SUM(J105:J106) -> 0 | M106: =+SUM(L105:L106) -> 0 | O106: =+SUM(N105:N106) -> 0 | Q106: =+SUM(P105:P106) -> 0 | S106: =+SUM(R105:R106) -> 0 | U106: =+SUM(T105:T106) -> 0 | W106: =+SUM(V105:V106) -> 0 | Y106: =+SUM(X105:X106) -> 0 | AA106: =+SUM(Z105:Z106) -> 0 | AC106: =+SUM(AB105:AB106) -> 0 | AE106: =+SUM(AD105:AD106) -> 0 | AG106: =+SUM(AF105:AF106) -> 0 | AI106: =+SUM(AH105:AH106) -> 0
B108: E. Others (specify nature)
B109: a. Secured | D109: =F109+H109+J109+L109+N109+P109+R109+T109+V109+X109+Z109+AB109+AD109+AF109+AH109 -> 0
B110: b. Unsecured | D110: =F110+H110+J110+L110+N110+P110+R110+T110+V110+X110+Z110+AB110+AD110+AF110+AH110 -> 0 | E110: =+SUM(D109:D110) -> 0 | G110: =+SUM(F109:F110) -> 0 | I110: =+SUM(H109:H110) -> 0 | K110: =+SUM(J109:J110) -> 0 | M110: =+SUM(L109:L110) -> 0 | O110: =+SUM(N109:N110) -> 0 | Q110: =+SUM(P109:P110) -> 0 | S110: =+SUM(R109:R110) -> 0 | U110: =+SUM(T109:T110) -> 0 | W110: =+SUM(V109:V110) -> 0 | Y110: =+SUM(X109:X110) -> 0 | AA110: =+SUM(Z109:Z110) -> 0 | AC110: =+SUM(AB109:AB110) -> 0 | AE110: =+SUM(AD109:AD110) -> 0 | AG110: =+SUM(AF109:AF110) -> 0 | AI110: =+SUM(AH109:AH110) -> 0
B112: Sub-Total
B113: a. Secured | D113: =+D89+D93+D97+D101+D105+D109 -> 0 | F113: =+F89+F93+F97+F101+F105+F109 -> 0 | H113: =+H89+H93+H97+H101+H105+H109 -> 0 | J113: =+J89+J93+J97+J101+J105+J109 -> 0 | L113: =+L89+L93+L97+L101+L105+L109 -> 0 | N113: =+N89+N93+N97+N101+N105+N109 -> 0 | P113: =+P89+P93+P97+P101+P105+P109 -> 0 | R113: =+R89+R93+R97+R101+R105+R109 -> 0 | T113: =+T89+T93+T97+T101+T105+T109 -> 0 | V113: =+V89+V93+V97+V101+V105+V109 -> 0 | X113: =+X89+X93+X97+X101+X105+X109 -> 0 | Z113: =+Z89+Z93+Z97+Z101+Z105+Z109 -> 0 | AB113: =+AB89+AB93+AB97+AB101+AB105+AB109 -> 0 | AD113: =+AD89+AD93+AD97+AD101+AD105+AD109 -> 0 | AF113: =+AF89+AF93+AF97+AF101+AF105+AF109 -> 0 | AH113: =+AH89+AH93+AH97+AH101+AH105+AH109 -> 0
B114: b. Unsecured | D114: =+D90+D94+D98+D102+D106+D110 -> 0 | E114: =+D113+D114 -> 0 | F114: =+F90+F94+F98+F102+F106+F110 -> 0 | G114: =+F113+F114 -> 0 | H114: =+H90+H94+H98+H102+H106+H110 -> 0 | I114: =+H113+H114 -> 0 | J114: =+J90+J94+J98+J102+J106+J110 -> 0 | K114: =+J113+J114 -> 0 | L114: =+L90+L94+L98+L102+L106+L110 -> 0 | M114: =+L113+L114 -> 0 | N114: =+N90+N94+N98+N102+N106+N110 -> 0 | O114: =+N113+N114 -> 0 | P114: =+P90+P94+P98+P102+P106+P110 -> 0 | Q114: =+P113+P114 -> 0 | R114: =+R90+R94+R98+R102+R106+R110 -> 0 | S114: =+R113+R114 -> 0 | T114: =+T90+T94+T98+T102+T106+T110 -> 0 | U114: =+T113+T114 -> 0 | V114: =+V90+V94+V98+V102+V106+V110 -> 0 | W114: =+V113+V114 -> 0 | X114: =+X90+X94+X98+X102+X106+X110 -> 0 | Y114: =+X113+X114 -> 0 | Z114: =+Z90+Z94+Z98+Z102+Z106+Z110 -> 0 | AA114: =+Z113+Z114 -> 0 | AB114: =+AB90+AB94+AB98+AB102+AB106+AB110 -> 0 | AC114: =+AB113+AB114 -> 0 | AD114: =+AD90+AD94+AD98+AD102+AD106+AD110 -> 0 | AE114: =+AD113+AD114 -> 0 | AF114: =+AF90+AF94+AF98+AF102+AF106+AF110 -> 0 | AG114: =+AF113+AF114 -> 0 | AH114: =+AH90+AH94+AH98+AH102+AH106+AH110 -> 0 | AI114: =+AH113+AH114 -> 0
B115: TOTAL | E115: =+E114 -> 0 | G115: =+G114 -> 0 | I115: =+I114 -> 0 | K115: =+K114 -> 0 | M115: =+M114 -> 0 | O115: =+O114 -> 0 | Q115: =+Q114 -> 0 | S115: =+S114 -> 0 | U115: =+U114 -> 0 | W115: =+W114 -> 0 | Y115: =+Y114 -> 0 | AA115: =+AA114 -> 0 | AC115: =+AC114 -> 0 | AE115: =+AE114 -> 0 | AG115: =+AG114 -> 0 | AI115: =+AI114 -> 0
B117: Term Loan from Banks
B119: Secured against hypothecation of stocks, book debts and other assets current and future. This loan is repayable in full on_________________.
B121: The loans have not been guaranteed by any of the director or others
B123: The company has not defaulted in repayment of any loan and interest thereon.
B125: 4.1 OTHER LONG TERM LIABILITIES
G126: (Amount in `)
D127: TOTAL | F127: CORPORATE OFFICE | H127: BANGALORE | J127: AHMEDABAD | L127: HYDERABAD | N127: BELLARY | P127: MUMBAI | R127: GOA | T127: BHUBANESWAR | V127: KOLKATA | X127: JAIPUR | Z127: VIZAG | AB127: DRO | AD127: JHANDEWALAN | AF127: CHENNAI | AH127: MICA
B128: Trade payable
B129: -Other than MSMEs | D129: =F129+H129+J129+L129+N129+P129+R129+T129+V129+X129+Z129+AB129+AD129+AF129+AH129 -> 104381055 | Z129: 12857708 | AF129: 91523347
B130: -MSMEs | D130: =F130+H130+J130+L130+N130+P130+R130+T130+V130+X130+Z130+AB130+AD130+AF130+AH130 -> 0 | E130: =+SUM(D129:D130) -> 104381055 | G130: =+SUM(F129:F130) -> 0 | I130: =+SUM(H129:H130) -> 0 | K130: =+SUM(J129:J130) -> 0 | M130: =+SUM(L129:L130) -> 0 | O130: =+SUM(N129:N130) -> 0 | Q130: =+SUM(P129:P130) -> 0 | S130: =+SUM(R129:R130) -> 0 | U130: =+SUM(T129:T130) -> 0 | W130: =+SUM(V129:V130) -> 0 | Y130: =+SUM(X129:X130) -> 0 | AA130: =+SUM(Z129:Z130) -> 12857708 | AC130: =+SUM(AB129:AB130) -> 0 | AE130: =+SUM(AD129:AD130) -> 0 | AG130: =+SUM(AF129:AF130) -> 91523347 | AI130: =+SUM(AH129:AH130) -> 0
B131: Others | E131: =G131+I131+K131+M131+O131+Q131+S131+U131+W131+Y131+AA131+AC131+AE131+AG131+AI131 -> 0
B132: -Sales tax/CST/Custom duty | D132: =F132+H132+J132+L132+N132+P132+R132+T132+V132+X132+Z132+AB132+AD132+AF132+AH132 -> 19947190 | Z132: 19947190
B133: -Others | D133: =F133+H133+J133+L133+N133+P133+R133+T133+V133+X133+Z133+AB133+AD133+AF133+AH133 -> 66848225 | E133: =+SUM(D132:D133) -> 86795415 | G133: =+SUM(F132:F133) -> 0 | I133: =+SUM(H132:H133) -> 0 | K133: =+SUM(J132:J133) -> 0 | M133: =+SUM(L132:L133) -> 0 | N133: 18015907 | O133: =+SUM(N132:N133) -> 18015907 | P133: 2244023 | Q133: =+SUM(P132:P133) -> 2244023 | S133: =+SUM(R132:R133) -> 0 | U133: =+SUM(T132:T133) -> 0 | W133: =+SUM(V132:V133) -> 0 | Y133: =+SUM(X132:X133) -> 0 | AA133: =+SUM(Z132:Z133) -> 19947190 | AC133: =+SUM(AB132:AB133) -> 0 | AE133: =+SUM(AD132:AD133) -> 0 | AF133: 34241190 | AG133: =+SUM(AF132:AF133) -> 34241190 | AH133: 12347105 | AI133: =+SUM(AH132:AH133) -> 12347105
B135: Total | E135: =+SUM(E129:E134) -> 191176470 | G135: =+SUM(G129:G134) -> 0 | I135: =+SUM(I129:I134) -> 0 | K135: =+SUM(K129:K134) -> 0 | M135: =+SUM(M129:M134) -> 0 | O135: =+SUM(O129:O134) -> 18015907 | Q135: =+SUM(Q129:Q134) -> 2244023 | S135: =+SUM(S129:S134) -> 0 | U135: =+SUM(U129:U134) -> 0 | W135: =+SUM(W129:W134) -> 0 | Y135: =+SUM(Y129:Y134) -> 0 | AA135: =+SUM(AA129:AA134) -> 32804898 | AC135: =+SUM(AC129:AC134) -> 0 | AE135: =+SUM(AE129:AE134) -> 0 | AG135: =+SUM(AG129:AG134) -> 125764537 | AI135: =+SUM(AI129:AI134) -> 12347105
B137: There are no micro, small or medium enterprises to whom the Company owes dues which are outstanding for more than 45 days as at 31st March, 2012.
...

Sheet BS
B1: MMTC LIMITED
B2: BALANCE SHEET AS AT 31-03-2015
F3: (Amount in ` )
C5: Note No. | D5: AS AT 31-03-2015 | F5: AS AT 31-03-2014
B7: EQUITY AND LIABILITIES
B8: SHAREHOLDERS' FUNDS | C8: 3
B9: Share Capital | C9: 3.1 | D9: ='B_S & Notes (O)'!E16 -> 1000000000 | F9: ='B_S & Notes (O)'!G16 -> 1000000000
B10: Reserves & Surplus | C10: 3.2 | D10: ='B_S & Notes (O)'!E89 -> 173906481 | F10: ='B_S & Notes (O)'!G89 -> 0
E11: =+SUM(D9:D11) -> 1173906481 | G11: =+SUM(F9:F11) -> 1000000000
B13: SHARE APPLICATION MONEY PENDING ALLOTMENT
B15: NON-CURRENT LIABILITIES | C15: 4
B16: Long-term borrowings | C16: 4.1 | D16: ='B_S & Notes (O)'!E124 -> 0 | F16: ='B_S & Notes (O)'!G124 -> 0
B17: Deferred tax liabilities (net)
B18: Other Long term liabilities | C18: 4.1 | D18: ='B_S & Notes (O)'!E143 -> 264636859 | F18: ='B_S & Notes (O)'!G143 -> 0
B19: Long-term provisions | C19: 4.2 | D19: ='B_S & Notes (O)'!E163 -> 1771236074 | E19: =+SUM(D16:D19) -> 2035872933 | F19: ='B_S & Notes (O)'!G163 -> 0 | G19: =+SUM(F16:F19) -> 0
B21: CURRENT LIABILITIES | C21: 5
B22: Short-term borrowings | C22: 5.1 | D22: ='B_S & Notes (O)'!E178 -> 2866488481 | F22: ='B_S & Notes (O)'!G178 -> 0
B23: Trade payables | C23: 5.2 | D23: ='B_S & Notes (O)'!E192 -> 31643840201 | F23: ='B_S & Notes (O)'!G192 -> 0
B24: Other current liabilities | C24: 5.3 | D24: ='B_S & Notes (O)'!E222 -> 8376002629 | F24: ='B_S & Notes (O)'!G222 -> 0
B25: Short-term provisions | C25: 5.4 | D25: ='B_S & Notes (O)'!E250 -> 994851142 | E25: =+SUM(D22:D25) -> 43881182453 | F25: ='B_S & Notes (O)'!G250 -> 0 | G25: =+SUM(F22:F25) -> 0
B27: Total : | E27: =+SUM(E8:E26) -> 47090961867 | G27: =+SUM(G8:G26) -> 1000000000
B28: ASSETS
B29: NON-CURRENT ASSETS | C29: 6
B30: Fixed Assets | C30: 6.1
B31: Tangible assets | C31: 6.1.1 | D31: ='BS & Notes 2014-15'!D953 -> 576766960 | F31: ='BS & Notes 2013-14'!D951 -> 0
B32: Intangible assets | C32: 6.1.2 | D32: ='BS & Notes 2014-15'!D954 -> 1468066 | F32: ='BS & Notes 2013-14'!D952 -> 0
B33: Capital Work-in-progress | C33: 6.1.3 | D33: ='BS & Notes 2014-15'!D955 -> 49045 | F33: ='BS & Notes 2013-14'!D953 -> 0
B34: Intangible assets under development | C34: 6.1.4
B35: Non-current investments | C35: 6.2 | D35: ='B_S & Notes (O)'!E303 -> 4456573320 | F35: ='B_S & Notes (O)'!G303 -> 0
B36: Deferred tax assets (net) | C36: 6.3 | D36: ='B_S & Notes (O)'!F318 -> 2278970000 | F36: ='B_S & Notes (O)'!D318 -> 2261560000
B37: Long-term loans and advances | C37: 6.4 | D37: ='B_S & Notes (O)'!E360 -> 940593623 | F37: ='B_S & Notes (O)'!G360 -> 0
B38: Other non-current assets | C38: 6.5 | D38: ='B_S & Notes (O)'!E381 -> 8325338 | E38: =+SUM(D30:D38) -> 8262746352 | F38: ='B_S & Notes (O)'!G381 -> 0 | G38: =+SUM(F30:F38) -> 2261560000
B40: CURRENT ASSETS | C40: 7
B41: Current investments | C41: 7.1 | D41: ='B_S & Notes (O)'!E407 -> 0 | F41: ='B_S & Notes (O)'!G407 -> 0
B42: Inventories | C42: 7.2 | D42: ='B_S & Notes (O)'!E427 -> 3194035388 | F42: ='B_S & Notes (O)'!G427 -> 0
B43: Trade receivables | C43: 7.3 | D43: ='B_S & Notes (O)'!E465 -> 30350748334 | F43: ='B_S & Notes (O)'!G465 -> 0
B44: Cash and Bank Balances | C44: 7.4 | D44: ='B_S & Notes (O)'!E487 -> 1637728197 | F44: ='B_S & Notes (O)'!G487 -> 0
B45: Short-term loans and advances | C45: 7.5 | D45: ='B_S & Notes (O)'!E522 -> 12878902093 | F45: ='B_S & Notes (O)'!G522 -> 0
B46: Other current assets | C46: 7.6 | D46: ='B_S & Notes (O)'!E535 -> 3184811960 | E46: =+SUM(D41:D46) -> 51246225972 | F46: ='B_S & Notes (O)'!G535 -> 0 | G46: =+SUM(F41:F46) -> 0
B48: Total : | E48: =+SUM(E29:E47) -> 59508972324 | G48: =+SUM(G29:G47) -> 2261560000
B49: Significant Accounting Policies | C49: 2
B50: The accompanying notes are an integral part of the financial statements
E51: =E27-E48 -> -12418010457 | G51: =G27-G48 -> -1261560000
B52: MMTC LIMITED
B53: STATEMENT OF PROFIT AND LOSS FOR THE YEAR ENDED 31 MARCH, 2015
F54: (Amount in ` )
C56: Note No. | D56: YEAR ENDED 31-03-2015 | F56: YEAR ENDED 31-03-2014
B58: INCOME
B59: Revenue from operations | C59: 8 | D59: ='B_S & Notes (O)'!E553 -> 182842827085 | F59: ='B_S & Notes (O)'!G553 -> 0
B60: Other Income | C60: 9 | D60: ='B_S & Notes (O)'!E575 -> 1249911908 | E60: =+SUM(D59:D60) -> 184092738993 | F60: ='B_S & Notes (O)'!G575 -> 0 | G60: =+SUM(F59:F60) -> 0
B61: Total Revenue | E61: =+E60 -> 184092738993 | G61: =+G60 -> 0
B63: EXPENSES
B64: Cost of materials consumed | C64: 10 | D64: ='B_S & Notes (O)'!E588 -> 1222048456 | F64: ='B_S & Notes (O)'!G588 -> 0
B65: Purchases of Stock-in-Trade | C65: 11 | D65: ='B_S & Notes (O)'!E621 -> 169760553149 | F65: ='B_S & Notes (O)'!G621 -> 0
B66: Changes in inventories of finished goods, work-in-progress and Stock-in-Trade | C66: 12 | D66: ='B_S & Notes (O)'!E639 -> -284219421 | F66: ='B_S & Notes (O)'!G639 -> 0
B67: Employee benefits expense | C67: 13 | D67: ='B_S & Notes (O)'!E665 -> 1918255630 | F67: ='B_S & Notes (O)'!G665 -> 0
B68: Finance costs | C68: 14 | D68: ='B_S & Notes (O)'!E679 -> 170214269 | F68: ='B_S & Notes (O)'!G679 -> 0
B69: Depreciation and amortization expense | D69: ='BS & Notes 2014-15'!D988 -> 178168777 | F69: ='BS & Notes 2013-14'!D986 -> 0
B70: Other expenses | C70: 15 | D70: ='B_S & Notes (O)'!E739 -> 10759609297 | E70: =+SUM(D64:D70) -> 183724630157 | F70: ='B_S & Notes (O)'!G739-2 -> -2 | G70: =+SUM(F64:F70) -> -2
B71: Total expenses | E71: =+E70 -> 183724630157 | G71: =+G70 -> -2
B73: Profit before exceptional and extraordinary items and tax | E73: =+E61-E71 -> 368108836 | G73: =+G61-G71 -> 2
B74: Exceptional Items | C74: 16 | E74: ='B_S & Notes (O)'!E810 -> -2.3055531e+08 | G74: ='B_S & Notes (O)'!G810 -> 0
B75: Profit before extraordinary items and tax | E75: =+E73-E74 -> 5.9866415e+08 | G75: =+G73-G74 -> 2
B76: Extraordinary Items | C76: 17 | E76: ='BS & Notes 2014-15'!E995 -> 0 | G76: ='BS & Notes 2013-14'!E993 -> 0
B77: Profit before tax | E77: =+E75-E76 -> 5.9866415e+08 | G77: =+G75-G76 -> 2
B78: Tax expense:
B79: - Current tax
B80: Provision for Taxation | D80: ='BS & Notes 2014-15'!D1001 -> 154000000 | F80: ='BS & Notes 2013-14'!D999 -> 0
B81: Earlier years | D81: ='BS & Notes 2014-15'!D1003 -> -17008541 | F81: ='BS & Notes 2013-14'!D1001 -> 0
B82: - Deferred tax | D82: ='BS & Notes 2014-15'!D1004 -> -17410000 | E82: =+SUM(D79:D82) -> 119581459 | F82: ='BS & Notes 2013-14'!D1002 -> 0 | G82: =+SUM(F79:F82) -> 0
B83: Profit for the period from continuing operations | E83: =+E77-E82 -> 4.7908269e+08 | G83: =+G77-G82 -> 2
B84: Profit from discontinuing operations | E84: 0 | G84: 0
B85: Tax expense of discontinuing operations | E85: =+D84-D85 -> 0 | G85: =+F84-F85 -> 0
B86: Profit from discontinuing operations (after tax) | E86: =E84-E85 -> 0 | G86: =G84-G85 -> 0
B87: Profit for the period | E87: =+E83+E86 -> 4.7908269e+08 | G87: =+G83+G86 -> 2
B89: Earnings per equity share of nominal value of Re.1/- each
B90: Basic ( in `) | E90: =+E87/1000000000 -> 0.47908269 | G90: =+G87/1000000000 -> 2e-09
B91: Diluted (in `) | E91: =+E87/1000000000 -> 0.47908269 | G91: =+G87/1000000000 -> 2e-09
B92: Significant Accounting Policies | C92: 2
B93: The accompanying notes are an integral part of the financial statements
B94: Cash Flow Statement | G94: (` in Million)
D95: For the year 2011-12 | F95: For the year 2010-11
B97: A. Cash flow from operating activities
B99: Profit before Tax
B100: Adjustment for :
B101: Depreciation & amortisation expense
B102: (Profit) /Loss on sale of Fixed Assets
B103: Interest income
B104: Dividend income
B105: Finance Costs
B106: Provision for doubtful Debts /Loans & Advances
B107: Provision no longer Required
B108: Liabilities no longer Required
B109: Provision for DWA risk | E109: =+SUM(D101:D109) -> 0 | G109: =+SUM(F101:F109) -> 0
B110: Operating Profit before Working Capital Changes | E110: =+E99+E109 -> 0 | G110: =+G109+G99 -> 0
B112: Adjustment for :
B114: Current Investments
B115: Inventories
B116: Trade Receivables
B117: Short term loans and advances
...

Sheet BS & Notes 2014-15
B3: 3. SHAREHOLDERS’ FUND
B4: 3.1 SHARE CAPITAL & RECONCILIATION OF THE NUMBER OF SHARES OUTSTANDING AT THE END OF THE REPORTING PERIOD
D6: (` in million)
D7: 31-03-2015
D8: Number | E8: Amount
B9: A. Authorised
B10: Equity Shares of Par Value Rs.1/- each | D10: 1000000000 | E10: 1000000000
B12: B. Issued, subscribed and fully paid
B13: Opening Balance | D13: 1000000000 | E13: 1000000000
B14: Addition
B15: Deduction
B16: Closing Balance | D16: 1000000000 | E16: =+E13+E14-E15 -> 1000000000
B18: * During 2010-11, bonus shares were issued in the ratio of 1:1 by capitalizing a sum of Rs.500 million from general reserve and shares of the company of Rs.10/- each were further divided into 10 shares of Re1/- each.
B20: The Company has one class of share capital, comprising ordinary shares of Rupee 1/- each. Subject to the Company’s Articles of Association and applicable law, the Company’s ordinary shares confer on the holder: the right to receive notice of and vote at g
B22: The Company does not have any holding company. Hence no share is held by its holding company or its subsidiaries or associates.
B24: No shareholder other than the promoters is holding more than 5% shares of the company. The shareholding of the promoters i.e. President of India as on 31-03-2012 is 993,312,000 shares (P.Y. 993,312,000 shares)
B26: No share of the company is reserved for issue under options and contracts / commitments for the sale of shares / disinvestment.
B28: During last five years company has not issued any shares pursuant to contracts without payment being received in cash.
B30: During last five years company has not bought back its shares
B32: During 2010-11, bonus shares were issued in the ratio of 1:1 shares of the company of Rs.10/- each.
B34: The Company does not have any security convertible to equity / preference shares.
B36: The value of calls unpaid (including calls unpaid by directors and officers) is Rs. NIL million (P.Y. Rs. NIL million).
B38: The value of forfeited shares is Rs. NIL million (P.Y. Rs. NIL million).
B40: 3.1 RESERVES & SURPLUS
D42: 31-03-2015 | F42: 31-03-2014
B43: Reserves
B44: Capital reserve- Opening Balance | D44: 688326 | F44: ='BS & Notes 2013-14'!D44 -> 0
B45: Add : Transferred from Surplus | D45: 0 | F45: ='BS & Notes 2013-14'!D45 -> 0
B46: Closing Balance | E46: =+D44+D45 -> 688326 | G46: =+F44+F45 -> 0
B48: General reserve- Opening Balance | D48: =G52 -> 0 | F48: ='BS & Notes 2013-14'!D48 -> 0
B49: Add : Tranferred from Surplus | D49: =D82 -> 100000000 | F49: ='BS & Notes 2013-14'!D49 -> 0
D50: =+D48+D49 -> 100000000 | F50: =+F48+F49 -> 0
B51: Less : Duduction | F51: 0
B52: Closing Balance | E52: =+D50-D51 -> 100000000 | G52: =+F50-F51 -> 0
B54: Sustainable Development Reserve - Opening Balance | D54: =G58 -> 0 | F54: ='BS & Notes 2013-14'!D54 -> 0
B55: Add : Tranferred from Surplus | F55: ='BS & Notes 2013-14'!D55 -> 0
D56: =+D54+D55 -> 0 | F56: =+F54+F55 -> 0
B57: Less : Duduction | F57: ='BS & Notes 2013-14'!D57 -> 0
B58: Closing Balance | E58: =+D56-D57 -> 0 | G58: =+F56-F57 -> 0
B60: Corporate Social Responsibility Reserve-Opening Balance | D60: =G64 -> 0 | F60: ='BS & Notes 2013-14'!D60 -> 0
B61: Add : Tranferred from Surplus | F61: ='BS & Notes 2013-14'!D61 -> 0
D62: =+D60+D61 -> 0 | F62: =+F60+F61 -> 0
B63: Less : Duduction | F63: ='BS & Notes 2013-14'!D63 -> 0
B64: Closing Balance | E64: =+D62-D63 -> 0 | G64: =+F62-F63 -> 0
B66: Research and Development Reserve -Opening Balance | D66: =G70 -> 0 | F66: ='BS & Notes 2013-14'!D66 -> 0
B67: Add: Tranferred from Surplus | F67: ='BS & Notes 2013-14'!D67 -> 0
D68: =+D66+D67 -> 0 | F68: =+F66+F67 -> 0
B69: Less: Deduction | F69: ='BS & Notes 2013-14'!D69 -> 0
B70: Closing Balance | E70: =+D68-D69 -> 0 | G70: =+F68-F69 -> 0
B72: Total (A) | E72: =SUM(E43:E71) -> 100688326 | G72: =SUM(G43:G71) -> 0
B73: Surplus
B74: Surplus- Opening Balance | D74: =G86 -> 0 | F74: ='BS & Notes 2013-14'!D74 -> 0
B75: Add : Net profit after tax transferred from Statement of Profit & Loss | D75: =G1009 -> 479082693 | F75: ='BS & Notes 2013-14'!D75 -> 0
B76: Add: Corporate Social Responsibility Reserve | F76: ='BS & Notes 2013-14'!D76 -> 0
B77: Add:Opening Ajustment of Depriciation | D77: -4970413 | F77: ='BS & Notes 2013-14'!D77 -> 0
B78: Amount available for appropriation | D78: =SUM(D74:D77) -> 474112280 | F78: =SUM(F74:F77) -> 0
B79: Appropriations :
B80: Final Dividend | D80: 250000000 | F80: ='BS & Notes 2013-14'!D80 -> 0
B81: Dividend tax | D81: 50894125 | F81: ='BS & Notes 2013-14'!D81 -> 0
B82: General Reserve | D82: 100000000 | F82: ='BS & Notes 2013-14'!D82 -> 0
B83: Sustainable Development Reserve | F83: ='BS & Notes 2013-14'!D83 -> 0
B84: Corporate Social Responsibility Reserve | F84: ='BS & Notes 2013-14'!D84 -> 0
B85: Research and Development Reserve | F85: ='BS & Notes 2013-14'!D85 -> 0
B86: Total (B) | E86: =D78-D80-D81-D82-D83-D85 -> 73218155 | G86: =F78-F80-F81-F82-F83-F85-F84 -> 0
B88: TOTAL (A)+(B) | E88: =+E72+E86 -> 173906481 | G88: =+G72+G86 -> 0
B91: 4. NON CURRENT LIABILITIES
B93: 4.1 LONG TERM BORROWINGS
G94: (Amount in `)
D95: TOTAL | F95: CORPORATE OFFICE | H95: BANGALORE | J95: AHMEDABAD | L95: HYDERABAD | N95: BELLARY | P95: MUMBAI | R95: GOA | T95: BHUBANESWAR | V95: KOLKATA | X95: JAIPUR | Z95: VIZAG | AD95: JHANDEWALAN (DRO) | AF95: CHENNAI | AH95: MICA
B96: A. Term Loan
B97: i. From Banks
B98: a. Secured | D98: =F98+H98+J98+L98+N98+P98+R98+T98+V98+X98+Z98+AB98+AD98+AF98+AH98 -> 0
B99: b. Unsecured | D99: =F99+H99+J99+L99+N99+P99+R99+T99+V99+X99+Z99+AB99+AD99+AF99+AH99 -> 0 | E99: =+SUM(D98:D99) -> 0 | G99: =+SUM(F98:F99) -> 0 | I99: =+SUM(H98:H99) -> 0 | K99: =+SUM(J98:J99) -> 0 | M99: =+SUM(L98:L99) -> 0 | O99: =+SUM(N98:N99) -> 0 | Q99: =+SUM(P98:P99) -> 0 | S99: =+SUM(R98:R99) -> 0 | U99: =+SUM(T98:T99) -> 0 | W99: =+SUM(V98:V99) -> 0 | Y99: =+SUM(X98:X99) -> 0 | AA99: =+SUM(Z98:Z99) -> 0 | AC99: =+SUM(AB98:AB99) -> 0 | AE99: =+SUM(AD98:AD99) -> 0 | AG99: =+SUM(AF98:AF99) -> 0 | AI99: =+SUM(AH98:AH99) -> 0
B101: ii. From Others
B102: a. Secured | D102: =F102+H102+J102+L102+N102+P102+R102+T102+V102+X102+Z102+AB102+AD102+AF102+AH102 -> 0
B103: b. Unsecured | D103: =F103+H103+J103+L103+N103+P103+R103+T103+V103+X103+Z103+AB103+AD103+AF103+AH103 -> 0 | E103: =+SUM(D102:D103) -> 0 | G103: =+SUM(F102:F103) -> 0 | I103: =+SUM(H102:H103) -> 0 | K103: =+SUM(J102:J103) -> 0 | M103: =+SUM(L102:L103) -> 0 | O103: =+SUM(N102:N103) -> 0 | Q103: =+SUM(P102:P103) -> 0 | S103: =+SUM(R102:R103) -> 0 | U103: =+SUM(T102:T103) -> 0 | W103: =+SUM(V102:V103) -> 0 | Y103: =+SUM(X102:X103) -> 0 | AA103: =+SUM(Z102:Z103) -> 0 | AC103: =+SUM(AB102:AB103) -> 0 | AE103: =+SUM(AD102:AD103) -> 0 | AG103: =+SUM(AF102:AF103) -> 0 | AI103: =+SUM(AH102:AH103) -> 0
B105: B. Deferred payment liabilities
B106: a. Secured | D106: =F106+H106+J106+L106+N106+P106+R106+T106+V106+X106+Z106+AB106+AD106+AF106+AH106 -> 0
B107: b. Unsecured | D107: =F107+H107+J107+L107+N107+P107+R107+T107+V107+X107+Z107+AB107+AD107+AF107+AH107 -> 0 | E107: =+SUM(D106:D107) -> 0 | G107: =+SUM(F106:F107) -> 0 | I107: =+SUM(H106:H107) -> 0 | K107: =+SUM(J106:J107) -> 0 | M107: =+SUM(L106:L107) -> 0 | O107: =+SUM(N106:N107) -> 0 | Q107: =+SUM(P106:P107) -> 0 | S107: =+SUM(R106:R107) -> 0 | U107: =+SUM(T106:T107) -> 0 | W107: =+SUM(V106:V107) -> 0 | Y107: =+SUM(X106:X107) -> 0 | AA107: =+SUM(Z106:Z107) -> 0 | AC107: =+SUM(AB106:AB107) -> 0 | AE107: =+SUM(AD106:AD107) -> 0 | AG107: =+SUM(AF106:AF107) -> 0 | AI107: =+SUM(AH106:AH107) -> 0
B109: C. Deposits
B110: a. Secured | D110: =F110+H110+J110+L110+N110+P110+R110+T110+V110+X110+Z110+AB110+AD110+AF110+AH110 -> 0
B111: b. Unsecured | D111: =F111+H111+J111+L111+N111+P111+R111+T111+V111+X111+Z111+AB111+AD111+AF111+AH111 -> 0 | E111: =+SUM(D110:D111) -> 0 | G111: =+SUM(F110:F111) -> 0 | I111: =+SUM(H110:H111) -> 0 | K111: =+SUM(J110:J111) -> 0 | M111: =+SUM(L110:L111) -> 0 | O111: =+SUM(N110:N111) -> 0 | Q111: =+SUM(P110:P111) -> 0 | S111: =+SUM(R110:R111) -> 0 | U111: =+SUM(T110:T111) -> 0 | W111: =+SUM(V110:V111) -> 0 | Y111: =+SUM(X110:X111) -> 0 | AA111: =+SUM(Z110:Z111) -> 0 | AC111: =+SUM(AB110:AB111) -> 0 | AE111: =+SUM(AD110:AD111) -> 0 | AG111: =+SUM(AF110:AF111) -> 0 | AH111: 0 | AI111: =+SUM(AH110:AH111) -> 0
B113: D. Loans and advances from related parties
B114: a. Secured | D114: =F114+H114+J114+L114+N114+P114+R114+T114+V114+X114+Z114+AB114+AD114+AF114+AH114 -> 0
B115: b. Unsecured | D115: =F115+H115+J115+L115+N115+P115+R115+T115+V115+X115+Z115+AB115+AD115+AF115+AH115 -> 0 | E115: =+SUM(D114:D115) -> 0 | G115: =+SUM(F114:F115) -> 0 | I115: =+SUM(H114:H115) -> 0 | K115: =+SUM(J114:J115) -> 0 | M115: =+SUM(L114:L115) -> 0 | O115: =+SUM(N114:N115) -> 0 | Q115: =+SUM(P114:P115) -> 0 | S115: =+SUM(R114:R115) -> 0 | U115: =+SUM(T114:T115) -> 0 | W115: =+SUM(V114:V115) -> 0 | Y115: =+SUM(X114:X115) -> 0 | AA115: =+SUM(Z114:Z115) -> 0 | AC115: =+SUM(AB114:AB115) -> 0 | AE115: =+SUM(AD114:AD115) -> 0 | AG115: =+SUM(AF114:AF115) -> 0 | AI115: =+SUM(AH114:AH115) -> 0
B117: E. Others (specify nature)
B118: a. Secured | D118: =F118+H118+J118+L118+N118+P118+R118+T118+V118+X118+Z118+AB118+AD118+AF118+AH118 -> 0
B119: b. Unsecured | D119: =F119+H119+J119+L119+N119+P119+R119+T119+V119+X119+Z119+AB119+AD119+AF119+AH119 -> 0 | E119: =+SUM(D118:D119) -> 0 | G119: =+SUM(F118:F119) -> 0 | I119: =+SUM(H118:H119) -> 0 | K119: =+SUM(J118:J119) -> 0 | M119: =+SUM(L118:L119) -> 0 | O119: =+SUM(N118:N119) -> 0 | Q119: =+SUM(P118:P119) -> 0 | S119: =+SUM(R118:R119) -> 0 | U119: =+SUM(T118:T119) -> 0 | W119: =+SUM(V118:V119) -> 0 | Y119: =+SUM(X118:X119) -> 0 | AA119: =+SUM(Z118:Z119) -> 0 | AC119: =+SUM(AB118:AB119) -> 0 | AE119: =+SUM(AD118:AD119) -> 0 | AG119: =+SUM(AF118:AF119) -> 0 | AI119: =+SUM(AH118:AH119) -> 0
B121: Sub-Total
B122: a. Secured | D122: =+D98+D102+D106+D110+D114+D118 -> 0 | F122: =+F98+F102+F106+F110+F114+F118 -> 0 | H122: =+H98+H102+H106+H110+H114+H118 -> 0 | J122: =+J98+J102+J106+J110+J114+J118 -> 0 | L122: =+L98+L102+L106+L110+L114+L118 -> 0 | N122: =+N98+N102+N106+N110+N114+N118 -> 0 | P122: =+P98+P102+P106+P110+P114+P118 -> 0 | R122: =+R98+R102+R106+R110+R114+R118 -> 0 | T122: =+T98+T102+T106+T110+T114+T118 -> 0 | V122: =+V98+V102+V106+V110+V114+V118 -> 0 | X122: =+X98+X102+X106+X110+X114+X118 -> 0 | Z122: =+Z98+Z102+Z106+Z110+Z114+Z118 -> 0 | AB122: =+AB98+AB102+AB106+AB110+AB114+AB118 -> 0 | AD122: =+AD98+AD102+AD106+AD110+AD114+AD118 -> 0 | AF122: =+AF98+AF102+AF106+AF110+AF114+AF118 -> 0 | AH122: =+AH98+AH102+AH106+AH110+AH114+AH118 -> 0
B123: b. Unsecured | D123: =+D99+D103+D107+D111+D115+D119 -> 0 | E123: =+D122+D123 -> 0 | F123: =+F99+F103+F107+F111+F115+F119 -> 0 | G123: =+F122+F123 -> 0 | H123: =+H99+H103+H107+H111+H115+H119 -> 0 | I123: =+H122+H123 -> 0 | J123: =+J99+J103+J107+J111+J115+J119 -> 0 | K123: =+J122+J123 -> 0 | L123: =+L99+L103+L107+L111+L115+L119 -> 0 | M123: =+L122+L123 -> 0 | N123: =+N99+N103+N107+N111+N115+N119 -> 0 | O123: =+N122+N123 -> 0 | P123: =+P99+P103+P107+P111+P115+P119 -> 0 | Q123: =+P122+P123 -> 0 | R123: =+R99+R103+R107+R111+R115+R119 -> 0 | S123: =+R122+R123 -> 0 | T123: =+T99+T103+T107+T111+T115+T119 -> 0 | U123: =+T122+T123 -> 0 | V123: =+V99+V103+V107+V111+V115+V119 -> 0 | W123: =+V122+V123 -> 0 | X123: =+X99+X103+X107+X111+X115+X119 -> 0 | Y123: =+X122+X123 -> 0 | Z123: =+Z99+Z103+Z107+Z111+Z115+Z119 -> 0 | AA123: =+Z122+Z123 -> 0 | AB123: =+AB99+AB103+AB107+AB111+AB115+AB119 -> 0 | AC123: =+AB122+AB123 -> 0 | AD123: =+AD99+AD103+AD107+AD111+AD115+AD119 -> 0 | AE123: =+AD122+AD123 -> 0 | AF123: =+AF99+AF103+AF107+AF111+AF115+AF119 -> 0 | AG123: =+AF122+AF123 -> 0 | AH123: =+AH99+AH103+AH107+AH111+AH115+AH119 -> 0 | AI123: =+AH122+AH123 -> 0
B124: TOTAL | E124: =+E123 -> 0 | G124: =+G123 -> 0 | I124: =+I123 -> 0 | K124: =+K123 -> 0 | M124: =+M123 -> 0 | O124: =+O123 -> 0 | Q124: =+Q123 -> 0 | S124: =+S123 -> 0 | U124: =+U123 -> 0 | W124: =+W123 -> 0 | Y124: =+Y123 -> 0 | AA124: =+AA123 -> 0 | AC124: =+AC123 -> 0 | AE124: =+AE123 -> 0 | AG124: =+AG123 -> 0 | AI124: =+AI123 -> 0
B126: Term Loan from Banks
B128: Secured against hypothecation of stocks, book debts and other assets current and future. This loan is repayable in full on_________________.
B130: The loans have not been guaranteed by any of the director or others
B132: The company has not defaulted in repayment of any loan and interest thereon.
B134: 4.1 OTHER LONG TERM LIABILITIES
G135: (Amount in `)
D136: TOTAL | F136: CORPORATE OFFICE | H136: BANGALORE | J136: AHMEDABAD | L136: HYDERABAD | N136: BELLARY | P136: MUMBAI | R136: GOA | T136: BHUBANESWAR | V136: KOLKATA | X136: JAIPUR | Z136: VIZAG | AD136: JHANDEWALAN (DRO) | AF136: CHENNAI | AH136: MICA
B137: Trade payable
...

Sheet B_S & Notes (O)
B1: insert accounting policy from word file at this place
B3: 3. SHAREHOLDERS’ FUND
B4: 3.1 SHARE CAPITAL & RECONCILIATION OF THE NUMBER OF SHARES OUTSTANDING AT THE END OF THE REPORTING PERIOD
F5: (Amount in `)
D6: 31-03-2015 | F6: 31-03-2014
D7: Number | E7: Amount | F7: Number | G7: Amount
B8: A. Authorised
B9: Equity Shares of Par Value Rs.1/- each | D9: 1000000000 | E9: =G9 -> 1000000000 | F9: ='B_S & Notes 11-12'!D9 -> 1000000000 | G9: ='B_S & Notes 11-12'!E9 -> 1000000000
B11: B. Issued, subscribed and fully paid
B12: Opening Balance | D12: 1000000000 | E12: =G12 -> 1000000000 | F12: ='B_S & Notes 11-12'!D12 -> 1000000000 | G12: ='B_S & Notes 11-12'!E12 -> 1000000000
B13: Addition
B15: Deduction
B16: Closing Balance | D16: 1000000000 | E16: =+E12+E13-E15 -> 1000000000 | F16: ='B_S & Notes 11-12'!D16 -> 1000000000 | G16: ='B_S & Notes 11-12'!E16 -> 1000000000
B18: * During 2010-11, bonus shares were issued in the ratio of 1:1 by capitalizing a sum of Rs.500 million from general reserve and shares of the company of Rs.10/- each were further divided into 10 shares of Re1/- each.
B20: The Company has one class of share capital, comprising ordinary shares of Rupee 1/- each. Subject to the Company’s Articles of Association and applicable law, the Company’s ordinary shares confer on the holder: the right to receive notice of and vote at g
B22: The Company does not have any holding company. Hence no share is held by its holding company or its subsidiaries or associates.
B24: No shareholder other than the promoters is holding more than 5% shares of the company. The shareholding of the promoters i.e. President of India as on 31-03-2015 is 993,312,000 shares (P.Y. 993,312,000 shares)
B26: No share of the company is reserved for issue under options and contracts / commitments for the sale of shares / disinvestment.
B28: During last five years company has not issued any shares pursuant to contracts without payment being received in cash.
B30: During last five years company has not bought back its shares
B32: During 2010-11, bonus shares were issued in the ratio of 1:1 shares of the company of Rs.10/- each.
B34: The Company does not have any security convertible to equity / preference shares.
B36: The value of calls unpaid (including calls unpaid by directors and officers) is Rs. NIL million (P.Y. Rs. NIL million).
B38: The value of forfeited shares is Rs. NIL million (P.Y. Rs. NIL million).
B41: 3.2 RESERVES & SURPLUS
D43: 31-03-2015 | F43: 31-03-2014
B44: Reserves
B45: Capital reserve- Opening Balance | D45: ='BS & Notes 2014-15'!D44 -> 688326 | F45: ='BS & Notes 2013-14'!D44 -> 0
B46: Add : Transferred from Surplus | D46: ='BS & Notes 2014-15'!D45 -> 0 | F46: ='BS & Notes 2013-14'!D45 -> 0
B47: Closing Balance | E47: =+D45+D46 -> 688326 | G47: =+F45+F46 -> 0
B49: General reserve- Opening Balance | D49: ='BS & Notes 2014-15'!D48 -> 0 | F49: ='BS & Notes 2013-14'!D48 -> 0
B50: Add : Tranferred from Surplus | D50: ='BS & Notes 2014-15'!D49 -> 100000000 | F50: ='BS & Notes 2013-14'!D49 -> 0
D51: =D49+D50 -> 100000000 | F51: =+F49+F50 -> 0
B52: Less : Duduction | D52: ='BS & Notes 2014-15'!D51 -> 0 | F52: ='BS & Notes 2013-14'!D51 -> 0
B53: Closing Balance | E53: =D51-D52 -> 100000000 | G53: =+F51-F52 -> 0
B55: Sustainable Development Reserve - Opening Balance | D55: ='BS & Notes 2014-15'!D54 -> 0 | F55: ='BS & Notes 2013-14'!D54 -> 0
B56: Add : Tranferred from Surplus | D56: ='BS & Notes 2014-15'!D55 -> 0 | F56: ='BS & Notes 2013-14'!D55 -> 0
D57: =+D55+D56 -> 0 | F57: =+F55+F56 -> 0
B58: Less : Duduction | D58: ='BS & Notes 2014-15'!D57 -> 0 | F58: ='BS & Notes 2013-14'!D57 -> 0
B59: Closing Balance | E59: =+D57-D58 -> 0 | G59: =+F57-F58 -> 0
B61: Corporate Social Responsibility Reserve-Opening Balance | D61: ='BS & Notes 2014-15'!D60 -> 0 | F61: ='BS & Notes 2013-14'!D60 -> 0
B62: Add : Tranferred from Surplus | D62: ='BS & Notes 2014-15'!D61 -> 0 | F62: ='BS & Notes 2013-14'!D61 -> 0
D63: =+D61+D62 -> 0 | F63: =+F61+F62 -> 0
B64: Less : Duduction | D64: ='BS & Notes 2014-15'!D63 -> 0 | F64: ='BS & Notes 2013-14'!D63 -> 0
B65: Closing Balance | E65: =+D63-D64 -> 0 | G65: =+F63-F64 -> 0
B67: Research and Development Reserve -Opening Balance | D67: ='BS & Notes 2014-15'!D66 -> 0 | F67: ='BS & Notes 2013-14'!D66 -> 0
B68: Add: Tranferred from Surplus | D68: ='BS & Notes 2014-15'!D67 -> 0 | F68: ='BS & Notes 2013-14'!D67 -> 0
D69: =+D67+D68 -> 0 | F69: =+F67+F68 -> 0
B70: Less: Deduction | D70: ='BS & Notes 2014-15'!D69 -> 0 | F70: ='BS & Notes 2013-14'!D69 -> 0
B71: Closing Balance | E71: =+D69-D70 -> 0 | G71: =+F69-F70 -> 0
B73: Total (A) | E73: =SUM(E44:E72) -> 100688326 | G73: =SUM(G44:G72) -> 0
B74: Surplus
B75: Surplus- Opening Balance | D75: ='BS & Notes 2014-15'!D74 -> 0 | F75: ='BS & Notes 2013-14'!D74 -> 0
B76: Add : Net profit after tax transferred from Statement of Profit & Loss | D76: ='BS & Notes 2014-15'!D75 -> 479082693 | F76: ='BS & Notes 2013-14'!D75 -> 0
B77: Add: Corporate Social Responsibility Reserve | D77: ='BS & Notes 2014-15'!D76 -> 0 | F77: ='BS & Notes 2013-14'!D76 -> 0
B78: Add:Opening Ajustment of Depriciation | D78: ='BS & Notes 2014-15'!D77 -> -4970413 | F78: ='BS & Notes 2013-14'!D77 -> 0
B79: Amount available for appropriation | D79: =SUM(D75:D78) -> 474112280 | F79: =SUM(F75:F78) -> 0
B80: Appropriations :
B81: Final Dividend | D81: ='BS & Notes 2014-15'!D80 -> 250000000 | F81: ='BS & Notes 2013-14'!D80 -> 0
B82: Dividend tax | D82: ='BS & Notes 2014-15'!D81 -> 50894125 | F82: ='BS & Notes 2013-14'!D81 -> 0
B83: General Reserve | D83: ='BS & Notes 2014-15'!D82 -> 100000000 | F83: ='BS & Notes 2013-14'!D82 -> 0
B84: Sustainable Development Reserve | D84: ='BS & Notes 2014-15'!D83 -> 0 | F84: ='BS & Notes 2013-14'!D83 -> 0
B85: Corporate Social Responsibility Reserve | D85: ='BS & Notes 2014-15'!D84 -> 0 | F85: ='BS & Notes 2013-14'!D84 -> 0
B86: Research and Development Reserve | D86: ='BS & Notes 2014-15'!D85 -> 0 | F86: ='BS & Notes 2013-14'!D85 -> 0
B87: Total (B) | E87: =D79-D81-D82-D83-D84-D85-D86 -> 73218155 | G87: =F79-F81-F82-F83-F84-F85-F86 -> 0
B89: TOTAL | E89: =+E87+E73 -> 173906481 | G89: =G87+G73 -> 0
B91: 4. NON CURRENT LIABILITIES
B93: 4.1 LONG TERM BORROWINGS
G94: (Amount in `)
D95: 31-03-2015 | F95: 31-03-2014
B96: A. Term Loan
B97: i. From Banks
B98: a. Secured | D98: ='BS & Notes 2014-15'!D98 -> 0
B99: b. Unsecured | D99: ='BS & Notes 2014-15'!D99 -> 0 | E99: =+SUM(D98:D99) -> 0 | G99: =+SUM(F98:F99) -> 0
B101: ii. From Others
B102: a. Secured | D102: ='BS & Notes 2014-15'!D102 -> 0
B103: b. Unsecured | D103: ='BS & Notes 2014-15'!D103 -> 0 | E103: =+SUM(D102:D103) -> 0 | G103: =+SUM(F102:F103) -> 0
B105: B. Deferred payment liabilities
B106: a. Secured | D106: ='BS & Notes 2014-15'!D106 -> 0
B107: b. Unsecured | D107: ='BS & Notes 2014-15'!D107 -> 0 | E107: =+SUM(D106:D107) -> 0 | G107: =+SUM(F106:F107) -> 0
B109: C. Deposits
B110: a. Secured | D110: ='BS & Notes 2014-15'!D110 -> 0
B111: b. Unsecured | D111: ='BS & Notes 2014-15'!D111 -> 0 | E111: =+SUM(D110:D111) -> 0 | G111: =+SUM(F110:F111) -> 0
B113: D. Loans and advances from related parties
B114: a. Secured | D114: ='BS & Notes 2014-15'!D114 -> 0
B115: b. Unsecured | D115: ='BS & Notes 2014-15'!D115 -> 0 | E115: =+SUM(D114:D115) -> 0 | G115: =+SUM(F114:F115) -> 0
B117: E. Others (specify nature)
B118: a. Secured | D118: ='BS & Notes 2014-15'!D118 -> 0
B119: b. Unsecured | D119: ='BS & Notes 2014-15'!D119 -> 0 | E119: =+SUM(D118:D119) -> 0 | G119: =+SUM(F118:F119) -> 0
B121: Sub-Total
B122: a. Secured | D122: =+D98+D102+D106+D110+D114+D118 -> 0
B123: b. Unsecured | D123: =+D99+D103+D107+D111+D115+D119 -> 0 | E123: =+D122+D123 -> 0 | G123: =+F122+F123 -> 0
B124: TOTAL | E124: =+E123 -> 0 | G124: =+G123 -> 0
B126: Term Loan from Banks
B128: Secured against hypothecation of stocks, book debts and other assets current and future. This loan is repayable in full on_________________.
B130: The loans have not been guaranteed by any of the director or others
B132: The company has not defaulted in repayment of any loan and interest thereon.
B134: 4.1 OTHER LONG TERM LIABILITIES
G135: (Amount in `)
D136: 31-03-2015 | F136: 31-03-2014
...

Sheet BS & Notes 2013-14

Sheet BS (I GAAP)

Sheet BS & Notes 2010-11

Sheet RESERVE & SURPLUS MILLIION

Sheet cash flow statement

Sheet Assets

Sheet PRP & PRMBS

Sheet Sheet1
A2: 0.302458 | B2: =ROUND(A2,2) -> 0.3 | C2: =A2-B2 -> 0.002458
A3: 1.668648 | B3: =ROUND(A3,2) -> 1.67 | C3: =A3-B3 -> -0.001352
A4: 26.167014 | B4: =ROUND(A4,2) -> 26.17 | C4: =A4-B4 -> -0.002986
A5: 17.24835 | B5: =ROUND(A5,2) -> 17.25 | C5: =A5-B5 -> -0.00165 | G5: Total Assets | H5: MMTC | I5: ='BS (I GAAP)'!E48 -> 0
A6: 1.091605 | B6: =ROUND(A6,2) -> 1.09 | C6: =A6-B6 -> 0.001605 | H6: CO | I6: ='BS & Notes 2014-15'!G970/1000000 -> 28575.197
A7: 47.310754 | B7: =ROUND(A7,2) -> 47.31 | C7: =A7-B7 -> 0.000754 | H7: MICA | I7: ='BS & Notes 2014-15'!AI970/1000000 -> 11.77153
A8: 0.784075 | B8: =ROUND(A8,2) -> 0.78 | C8: =A8-B8 -> 0.004075 | I8: =I5-I6-I7 -> -28586.968
A9: 25.778594 | B9: =ROUND(A9,2) -> 25.78 | C9: =A9-B9 -> -0.001406
A10: 16.56219 | B10: =ROUND(A10,2) -> 16.56 | C10: =A10-B10 -> 0.00219 | G10: REVENUE FROM OPERATIONS
A11: 7.14335 | B11: =ROUND(A11,2) -> 7.14 | C11: =A11-B11 -> 0.00335
A12: 2.994398 | B12: =ROUND(A12,2) -> 2.99 | C12: =A12-B12 -> 0.004398 | H12: MMTC | I12: =Notes!#REF!+Notes!#REF!-Notes!#REF! -> #REF!
A13: 15.051733 | B13: =ROUND(A13,2) -> 15.05 | C13: =A13-B13 -> 0.001733 | H13: CO | I13: ='BS & Notes 2014-15'!G572/1000000 -> 76834.907
A14: 6.903609 | B14: =ROUND(A14,2) -> 6.9 | C14: =A14-B14 -> 0.003609 | H14: MICA | I14: ='BS & Notes 2014-15'!AI582 -> 0
A15: 38.039407 | B15: =ROUND(A15,2) -> 38.04 | C15: =A15-B15 -> -0.000593 | I15: =I12-I13-I14 -> #REF!
A16: 18.857217 | B16: =ROUND(A16,2) -> 18.86 | C16: =A16-B16 -> -0.002783
A17: 6.741215 | B17: =ROUND(A17,2) -> 6.74 | C17: =A17-B17 -> 0.001215
A18: 48.481803 | B18: =ROUND(A18,2) -> 48.48 | C18: =A18-B18 -> 0.001803
A19: 5.832722 | B19: =ROUND(A19,2) -> 5.83 | C19: =A19-B19 -> 0.002722
A20: 3.971543 | B20: =ROUND(A20,2) -> 3.97 | C20: =A20-B20 -> 0.001543
A21: 0.430687 | B21: =ROUND(A21,2) -> 0.43 | C21: =A21-B21 -> 0.000687
A22: 5.483243 | B22: =ROUND(A22,2) -> 5.48 | C22: =A22-B22 -> 0.003243
A23: 18.307935 | B23: =ROUND(A23,2) -> 18.31 | C23: =A23-B23 -> -0.002065
A24: 0.183278 | B24: =ROUND(A24,2) -> 0.18 | C24: =A24-B24 -> 0.003278
A25: 3.38945 | B25: =ROUND(A25,2) -> 3.39
A26: 7.537007 | B26: =ROUND(A26,2) -> 7.54
A27: 22.025461 | B27: =ROUND(A27,2) -> 22.03
A28: 4.67553 | B28: =ROUND(A28,2) -> 4.68
A29: -2.735206 | B29: =ROUND(A29,2) -> -2.74
A30: 8.535474 | B30: =ROUND(A30,2) -> 8.54
A31: 15.994766 | B31: =ROUND(A31,2) -> 15.99
A32: 6.855344 | B32: =ROUND(A32,2) -> 6.86
A33: 299.95691 | B33: =ROUND(A33,2) -> 299.96
A34: 78.34657 | B34: =ROUND(A34,2) -> 78.35
A35: 12.355817 | B35: =ROUND(A35,2) -> 12.36
A36: 63.109864 | B36: =ROUND(A36,2) -> 63.11
A37: =SUM(A2:A36) -> 835.38281 | B37: =SUM(B2:B36) -> 835.38

Sheet points

Sheet Transition BS
A1: The State Trading Corporation of India Limited
A2: Opening Balance Sheet as at April 01, 2016
G3: (Figures in Rupees Cr.)
B4: Particulars | C4: Note | D4: As at March 31, 2016 | E4: Adjustments | F4: As at April 01, 2016 | G4: Justification/Explanation for adjusment, if any
A5: I | B5: ASSETS
A7: 1 | B7: Non current assets
B8: (a) Property, Plant and Equipment | C8: =PPE!A4 -> 1 | D8: =PPE!D50 -> 0 | E8: =PPE!E50 -> 0 | F8: =D8+E8 -> 0
B9: (b) Capital work-in-progress | C9: =PPE!A60 -> 2 | D9: =PPE!D74 -> 0 | E9: =PPE!E74 -> 0 | F9: =D9+E9 -> 0
B10: (c) Investment property | C10: =PPE!A76 -> 3 | D10: =+PPE!D82 -> 0 | E10: =+PPE!E82 -> 0 | F10: =D10+E10 -> 0
B11: (d) Goodwill
B12: (e) Other Intangible assets | C12: =PPE!A111 -> 4 | D12: =PPE!D118 -> 0 | E12: =PPE!E118 -> 0 | F12: =D12+E12 -> 0
B13: (f) Intangible assets under development
B14: (g) Biological Assets other than bearer plants
B15: (h) Financial Assets
B16: (i) Non current investments | C16: =Notes!A4 -> 5 | D16: =+Notes!C44 -> 0 | E16: =+Notes!D44 -> 0 | F16: =D16+E16 -> 0
B17: (ii) Trade Receivables | C17: =Notes!A66 -> 6 | D17: =Notes!C78 -> 0 | E17: =Notes!D78 -> 0 | F17: =D17+E17 -> 0
B18: (iii) Loans | C18: =Notes!A82 -> 7 | D18: =+Notes!C151 -> 0 | E18: =Notes!D151 -> 0 | F18: =D18+E18 -> 0
B19: (iii) Others | C19: =Notes!A155 -> 8 | D19: 0 | E19: =Notes!D164 -> 0 | F19: =D19+E19 -> 0
B20: (i) Deferred tax assets (net) | C20: =Notes!A169 -> 9 | D20: =Notes!C176 -> 0 | E20: =Notes!D176 -> 0 | F20: =D20+E20 -> 0
B21: (j) Other non current assets | C21: =Notes!A178 -> 10 | D21: =Notes!C248 -> 0 | E21: =Notes!D248 -> 0 | F21: =D21+E21 -> 0
D22: =SUM(D8:D21) -> 0 | E22: =SUM(E8:E21) -> 0 | F22: =SUM(F8:F21) -> 0
A23: 2 | B23: Current assets
B24: (a) Inventories | C24: =Notes!A256 -> 11 | D24: =+Notes!C268 -> 0 | E24: =Notes!D268 -> 0 | F24: =D24+E24 -> 0
B25: (b) Financial Assets
B26: (i) Current investments | D26: 0 | E26: 0 | F26: =D26+E26 -> 0
B27: (ii) Trade receivables | C27: =Notes!A271 -> 12 | D27: =Notes!C291 -> 0 | E27: =+Notes!D291 -> 0 | F27: =D27+E27 -> 0
B28: (iii) Cash and cash equivalents | C28: =Notes!A293 -> 13 | D28: =Notes!C313 -> 0 | E28: =Notes!D313 -> 0 | F28: =D28+E28 -> 0
B29: (iv) Bank Balances other than (iii) above | C29: =Notes!A317 -> 14 | D29: =Notes!C328 -> 0 | E29: =Notes!D328 -> 0 | F29: =D29+E29 -> 0
B30: (v) Loans | C30: =Notes!A332 -> 15 | D30: =+Notes!C400 -> 0 | E30: =+Notes!D400 -> 0 | F30: =D30+E30 -> 0
B31: (vi) Others | C31: =Notes!A405 -> 16
B32: (c) Current tax Assets | C32: =Notes!A420 -> 17 | D32: =+Notes!C426 -> 0 | E32: =+Notes!D426 -> 0 | F32: =D32+E32 -> 0
B33: (d) Other current assets | C33: =Notes!A430 -> 18 | D33: =Notes!C481 -> 0 | E33: =Notes!D481 -> 0 | F33: =D33+E33 -> 0
D34: =SUM(D24:D33) -> 0 | E34: =SUM(E24:E33) -> 0 | F34: =D34+E34 -> 0
B36: Total | D36: =D34+D22 -> 0 | E36: =E34+E22 -> 0 | F36: =ROUNDDOWN(+F34+F22,2) -> 0
A38: II. | B38: EQUITY AND LIABILITIES
A40: 1 | B40: Equity
B41: (a) Equity Share capital | C41: =Notes!A486 -> 19 | D41: =Notes!D497 -> 0 | E41: 0 | F41: =SUM(D41:E41) -> 0
B42: (b) Other Equity | C42: =Notes!A517 -> 20 | D42: =+'Changes in Equity'!Q15 -> 0 | E42: =SUM('Changes in Equity'!Q16:Q20) -> 0 | F42: =SUM(D42:E42) -> 0
D44: =SUM(D41:D43) -> 0 | E44: =SUM(E41:E43) -> 0 | F44: =SUM(F41:F43) -> 0
A46: =+A40+1 -> 2 | B46: Non- current liabilities
B47: (a) Financial Liabilities
B48: (i) Long term borrowings
B49: (ii) Trade Payables | C49: =Notes!A545 -> 21 | D49: =Notes!C565 -> 0 | E49: =Notes!D565 -> 0 | F49: =SUM(D49:E49) -> 0
B50: (iii) Other financial liabilities | C50: =Notes!$A$567 -> 22 | D50: =Notes!C585 -> 0 | E50: =Notes!D585 -> 0 | F50: =SUM(D50:E50) -> 0
B51: (b) Provisions | C51: =Notes!A589 -> 23 | D51: =+Notes!C599 -> 0 | E51: =+Notes!D599 -> 0 | F51: =SUM(D51:E51) -> 0
B52: (c) Deferred tax liabilities (Net)
B53: (d) Other non-current liabilities | C53: =Notes!A601 -> 24 | D53: =+Notes!C629 -> 0 | E53: =+Notes!D629 -> 0 | F53: =SUM(D53:E53) -> 0
D54: =SUM(D47:D53) -> 0 | E54: =SUM(E47:E53) -> 0 | F54: =SUM(F47:F53) -> 0
A56: 4 | B56: Current liabilities
B57: (a) Financial Liabilities
B58: (i) Borrowings | C58: =Notes!A633 -> 25 | D58: =+Notes!C645 -> 0 | E58: =+Notes!D645 -> 0 | F58: =SUM(D58:E58) -> 0
B59: (ii) Trade Payables | C59: =Notes!A647 -> 26 | D59: =+Notes!C666 -> 0 | E59: =+Notes!D666 -> 0 | F59: =SUM(D59:E59) -> 0
B60: (iii) Other financial liabilities | C60: =Notes!A669 -> 27 | D60: =Notes!C678 -> 0 | E60: =Notes!D678 -> 0 | F60: =SUM(D60:E60) -> 0
B61: (b) Other current liabilities | C61: =Notes!A682 -> 28 | D61: =+Notes!C724 -> 0 | E61: =+Notes!D724 -> 0 | F61: =SUM(D61:E61) -> 0
B62: (c) Provisions | C62: =Notes!A728 -> 29 | D62: =+Notes!C745 -> 0 | E62: =+Notes!D745 -> 0 | F62: =SUM(D62:E62) -> 0
B63: (d) Current Tax Liabilities (Net)
D64: =SUM(D57:D63) -> 0 | E64: =SUM(E57:E63) -> 0 | F64: =SUM(F57:F63) -> 0
B66: Total | D66: =+D64+D54+D44 -> 0 | E66: =+E64+E54+E44 -> 0 | F66: =+F64+F54+F44 -> 0

Sheet PPE
B1: The State Trading Corporation of India Limited
B2: Notes to Financial Statements
A4: 1 | B4: Property Plant and Equipment | F4: (Rupees in Cr.)
B6: Particulars | C6: Amounts | D6: Net block March 31, 2016 | E6: Adjustments | F6: Deemed Cost as at April 01, 2016
B8: Gross carrying Amounts of PPE:-
B9: Accumulated depreciation and impairment thereon
B11: Land freehold | C11: 0
B12: - Accumulated depreciation and impairment | C12: 0 | D12: =C11-C12 -> 0 | E12: 0 | F12: =D12+E12 -> 0
B14: Building freehold | C14: 0
B15: - Accumulated depreciation and impairment | C15: 0 | D15: =C14-C15 -> 0 | E15: 0 | F15: =D15+E15 -> 0
B18: Plant & Machinery | C18: 0
B19: - Accumulated depreciation and impairment | C19: 0 | D19: =C18+C19 -> 0 | E19: 0 | F19: =D19+E19 -> 0
B22: Furniture & Fittings | C22: 0
B23: - Accumulated depreciation and impairment | C23: 0 | D23: =C22+C23 -> 0 | E23: 0 | F23: =D23+E23 -> 0
B25: Motor Vehicle | C25: 0
B26: - Accumulated depreciation and impairment | C26: 0 | D26: =C25+C26 -> 0 | E26: 0 | F26: =D26+E26 -> 0
B28: Office Equipments | C28: 0
B29: - Accumulated depreciation and impairment | C29: 0 | D29: =C28+C29 -> 0 | E29: 0 | F29: =D29+E29 -> 0
B31: Computers, data processing units & communication equipment | C31: 0
B32: - Accumulated depreciation and impairment | C32: 0 | D32: =C31+C32 -> 0 | E32: 0 | F32: =D32+E32 -> 0
B34: Electrical Installations & Equipment | C34: 0
B35: - Accumulated depreciation and impairment | C35: 0 | D35: =C34+C35 -> 0 | E35: 0 | F35: =D35+E35 -> 0
B37: Roads, culverts & sewerage etc | C37: 0
B38: - Accumulated depreciation and impairment | C38: 0 | D38: =C37+C38 -> 0 | E38: 0 | F38: =D38+E38 -> 0
B40: Land leasehold | C40: 0
B41: - Accumulated depreciation and impairment | C41: 0 | D41: =C40+C41 -> 0 | E41: 0 | F41: =D41+E41 -> 0
B43: Building leasehold | C43: 0
B44: - Accumulated depreciation and impairment | C44: 0 | D44: =C43+C44 -> 0 | E44: 0 | F44: =D44+E44 -> 0
B46: Plant & Machinery Leasehold | C46: 0
B47: - Accumulated depreciation and impairment | C47: 0 | D47: =C46+C47 -> 0 | E47: 0 | F47: =D47+E47 -> 0
B50: Total | D50: =SUM(D12:D48) -> 0 | E50: =SUM(E12:E48) -> 0 | F50: =D50+E50 -> 0
B52: I. Impairment Losses recognised till date
D53: Rs Cr.
B54: Particulars | C54: Amount | D54: Residual Value
B56: XXXXXX | C56: 0 | D56: 0
B57: XXXXXX | C57: 0 | D57: 0
B58: Total | C58: =SUM(C56:C57) -> 0 | D58: =SUM(D56:D57) -> 0
A60: =A4+1 -> 2 | B60: Capital Work-in-Progress (CWIP)
B62: Particulars | C62: Amounts | D62: Net block March 31, 2016 | E62: Adjustments | F62: Deemed Cost as at April 01, 2016
B64: Office Building
B65: Accumulated depreciation and impairment thereon
B67: Plant & Equipment | C67: 0
B68: Accumulated depreciation and impairment thereon | C68: 0 | D68: =C67+C68 -> 0 | E68: 0 | F68: =D68+E68 -> 0
B70: Office Equipment | C70: 0
B71: Accumulated depreciation and impairment thereon | C71: 0 | D71: =C70+C71 -> 0 | E71: 0 | F71: =D71+E71 -> 0
B74: Total | D74: =SUM(D64:D73) -> 0 | E74: =SUM(E64:E73) -> 0 | F74: =D74+E74 -> 0
A76: =A60+1 -> 3 | B76: Investment Property
F77: (Rupees in Cr.)
B78: Particulars | D78: 42460 | E78: Adjustments | F78: As at April 01, 2016
B80: XXXXXX | D80: 0 | E80: 0 | F80: =D80+E80 -> 0
B82: Total | D82: =SUM(D80:D81) -> 0 | E82: =SUM(E80:E81) -> 0 | F82: =SUM(F80:F81) -> 0
B84: Fair value measurement of investment properties for disclosure purposes
B85: Option 1
B86: The fair value of the company’s investment property as at April 1, 2016 has been arrived at on the basis of a valuation carried out on the respective dates by _________, independent valuers not related to the Company. _______ (valuer) are members of the Institute of Valuers of A Land, and they have appropriate qualifications and recent experience in the valuation of properties in the relevant locations. The fair value was determined [based on the market comparable approach that reflects recent transaction prices for similar properties/capitalisation of net income method, where the market rentals of all lettable units of the properties are assessed by reference to the rentals achieved in the lettable units as well as other lettings of similar properties in the neighbourhood. The capitalisation rate adopted is made by reference to the yield rates observed by the valuers for similar properties in the locality and adjusted based on the valuers’ knowledge of the factors specific to the respective properties/other methods (describe)]. In estimating the fair value of the properties, the highest and best use of the properties is their current use.
B88: Details of investment properties and information about the fair value hierarchy as at the end of the report period are as follows:
B89: Particulars | C89: Level 1 | D89: Level 2 | E89: Level 3 | F89: Fair value As at April 01, 2016
B91: XXXXXX
B93: Total
B95: For investment properties categorised into Level 3 of the fair value heirarchy, the following information is relevant:
B96: Investment properties | D96: Valuation techniques | E96: Significant unobservable input(s) | F96: Sensitivity
B102: Option 2
B103: Fair value of the Investment properties cannot be reliably measured . Following are the information required:
B104: a. Description of the Investment properties
B106: b. Explanation for non measurement of the fair value
B108: c. Range of estimates within which fair value is highly likely to lie
A111: =A76+1 -> 4 | B111: Other Intangible assets
B113: Particulars | C113: Amounts | D113: Net block March 31, 2016 | E113: Adjustments * | F113: Deemed Cost as at April 01, 2016
B115: Computer Software | C115: 0
B116: Accumulated amortization and impairment thereon | C116: 0 | D116: =C115+C116 -> 0 | E116: 0 | F116: =D116+E116 -> 0
B118: Total | D118: =D116 -> 0 | E118: =SUM(E114:E116) -> 0 | F118: =D118+E118 -> 0

Sheet Notes
B1: The State Trading Corporation of India Limited
B2: Notes to Financial Statements
A4: =PPE!A111+1 -> 5 | B4: Non Current Investments
E5: (Rupees in Cr.)
B6: Particulars | C6: 42460 | D6: Adjustments | E6: As at April 01, 2016
B8: TRADE INVESTMENTS
B10: Quoted Investments | C10: 0 | D10: 0 | E10: 0
B12: Unquoted Investments
B14: A. Investment in Equity instrument ~ Subsidiaries
B16: XXXXXXX (Fully paid up XXXX Equity shares of XXX each) | C16: 0 | D16: 0 | E16: =SUM(C16:D16) -> 0
B18: Investment in Equity instruments ~ Subsidiaries/Associates/JV
B19: XXXXXXX (Fully paid up XXXX Equity shares of XXX each) | C19: 0 | D19: 0 | E19: =SUM(C19:D19) -> 0
C20: =SUM(C16:C19) -> 0 | D20: =SUM(D16:D19) -> 0 | E20: =SUM(E16:E19) -> 0
B22: B. Investment in Equity instrument ~ Associates
B24: XXXXXXX (Fully paid up XXXX Equity shares of XXX each) | C24: 0 | D24: =-C24 -> 0 | E24: =SUM(C24:D24) -> 0
B26: XXXXXXX (Fully paid up XXXX Equity shares of XXX each)
B27: Less Impairement in value of investments
C28: =SUM(C24:C26) -> 0 | D28: =SUM(D24:D26) -> 0 | E28: =SUM(C28:D28) -> 0
B30: C. Investment in Equity instrument ~ Joint Ventures
B31: i. XXXXXXX (Fully paid up XXXX Equity shares of XXX each) | C31: 0 | D31: 0 | E31: =SUM(C31:D31) -> 0
B32: ii. XXXXXXX (Fully paid up XXXX Equity shares of XXX each) | C32: 0 | D32: 0 | E32: =SUM(C32:D32) -> 0
B33: iii. XXXXXXX (Fully paid up XXXX Equity shares of XXX each) | C33: 0 | D33: 0 | E33: =SUM(C33:D33) -> 0
B34: iv. XXXXXXX (Fully paid up XXXX Equity shares of XXX each) | C34: 0 | D34: 0 | E34: =SUM(C34:D34) -> 0
B35: v. XXXXXXXXX (Fully paid XXXXXX Shares of Rs.XX) Less : Impairement in value of investment | C35: 0 | D35: 0 | E35: =SUM(C35:D35) -> 0
C36: =SUM(C31:C35) -> 0 | D36: =SUM(D31:D35) -> 0 | E36: =SUM(E31:E35) -> 0
B37: D) Others
B38: XXXXXXXXXX
B39: Fully paid XXXXXX Equity shares of Rs.XX/- each | C39: 0 | D39: 0 | E39: =SUM(C39:D39) -> 0
B40: Less: Impairement in value of investment | C40: 0 | D40: 0 | E40: =SUM(C40:D40) -> 0
C41: =+C39-C40 -> 0 | D41: 0 | E41: =SUM(C41:D41) -> 0
C42: 0 | D42: 0 | E42: =SUM(C42:D42) -> 0
B44: Total | C44: =+C42+C41+C36+C28+C20 -> 0 | D44: =+D42+D41+SUM(D28:D35)+D20 -> 0 | E44: =+E42+E41+SUM(E28:E35)+E20 -> 0
B46: Detail of wholly owned subsidiary
B48: Name of Subsidiary | C48: Principal Activity | D48: Place of Incorporation | E48: Ownership And/or Control
B49: XXXXXXXXXXXX
B51: Details of Associates
B53: Name of Associates | C53: Principal Activity | D53: Place of Incorporation | E53: Ownership And/or Control
B54: XXXXXXXXXX
B56: Details of Joint Venture
B58: Name of Joint Venture | C58: Principal Activity | D58: Place of Incorporation | E58: Ownership And/or Control
B59: XXXXXXXXXX
B60: XXXXXXXXXX
B61: XXXXXXXXXX
B62: XXXXXXXXXX
B63: XXXXXXXXXX
A66: =A4+1 -> 6 | B66: Trade Receivable - Non Current
E67: (Rupees in Cr.)
B68: Particulars | C68: 42460 | D68: Adjustments * | E68: As at April 01, 2016
B70: Long Term Trade Receivables
B71: i. Secured ~ Considered good | C71: 0
B72: ii. Unsecured Considered good | C72: 0 | D72: 0 | E72: =C72+D72 -> 0
B73: iii. Considered doubtful | C73: 0 | D73: 0 | E73: =C73+D73 -> 0
B74: Sub-total | C74: 0 | D74: =SUM(D72:D73) -> 0 | E74: =C74+D74 -> 0
B75: Less : Allowance for bad and doubtful receivables | C75: 0 | D75: 0 | E75: =C75+D75 -> 0
C76: 0 | D76: =D74-D75 -> 0 | E76: =C76+D76 -> 0
B78: TOTAL | C78: =+C76 -> 0 | D78: =+D76 -> 0 | E78: =+E76 -> 0
B80: * As per Schedule III, Long Term Trade Receivables have been transferred from Other Non Current Assets
A82: =+A66+1 -> 7 | B82: Loans - Non Current
E83: (Rupees in Cr.)
B84: Particulars | C84: 42460 | D84: Adjustments* | E84: As at April 01, 2016
B86: A. Capital Advances
B87: I. Secured, considered good | C87: 0 | D87: 0 | E87: =C87-D87 -> 0
B88: II. Unsecured, considered good | C88: 0 | D88: 0 | E88: =C88+D88 -> 0
B89: III. Doubtful | C89: 0 | D89: 0 | E89: =C89+D89 -> 0
B90: Sub-total | C90: =SUM(C87:C89) -> 0 | D90: =SUM(D87:D89) -> 0 | E90: =SUM(C90:D90) -> 0
B91: Less: Allowance for bad and doubtful | C91: 0 | D91: 0 | E91: =C91+D91 -> 0
B92: (A) | C92: =+C90-C91 -> 0 | D92: =+D90-D91 -> 0 | E92: =C92+D92 -> 0
B94: B. Security Deposits
B95: I. Secured, considered good | C95: 0 | D95: 0 | E95: =C95+D95 -> 0
B96: II. Unsecured, considered good | C96: 0 | D96: 0 | E96: =C96+D96 -> 0
B97: III. Doubtful | C97: 0 | D97: 0 | E97: =C97+D97 -> 0
B98: Sub-total | C98: =SUM(C95:C97) -> 0 | D98: =SUM(D95:D97) -> 0 | E98: =C98+D98 -> 0
B99: Less: Allowance for bad and doubtful advances | C99: 0 | D99: 0 | E99: =C99+D99 -> 0
B100: (B) | C100: =+C98-C99 -> 0 | D100: =+D98-D99 -> 0 | E100: =C100+D100 -> 0
B102: C. Loan to Related Parties
B103: I. Secured, considered good | C103: 0 | D103: =-C103 -> 0 | E103: =C103+D103 -> 0
B104: II. Unsecured, considered good | C104: 0 | D104: 0 | E104: =C104+D104 -> 0
B105: III. Doubtful | C105: 0 | D105: 0 | E105: =C105+D105 -> 0
B106: Sub-total | C106: =SUM(C103:C105) -> 0 | D106: =SUM(D103:D105) -> 0 | E106: =C106+D106 -> 0
B107: Less: Allowance for bad and doubtful advances | C107: 0 | D107: 0 | E107: =C107+D107 -> 0
B108: (C) | C108: =+C106-C107 -> 0 | D108: =+D106-D107 -> 0 | E108: =C108+D108 -> 0
B110: D. Advance to employees
B111: I. Secured, considered good | C111: 0 | D111: =-C111 -> 0 | E111: =C111+D111 -> 0
B112: II. Unsecured, considered good | C112: 0 | D112: 0 | E112: =C112+D112 -> 0
B113: III. Doubtful | C113: 0 | D113: 0 | E113: =C113+D113 -> 0
B114: Sub-total | C114: =SUM(C111:C113) -> 0 | D114: =SUM(D111:D113) -> 0 | E114: =C114+D114 -> 0
B115: Less: Allowance for bad and doubtful advances | C115: 0 | D115: 0 | E115: =C115+D115 -> 0
B116: (D) | C116: 0 | D116: 0 | E116: =C116+D116 -> 0
B118: E. Interest accrued on advance to employees
B119: I. Secured, considered good | C119: 0 | D119: =-C119 -> 0 | E119: =C119+D119 -> 0
B120: II. Unsecured, considered good | C120: 0 | D120: 0 | E120: =C120+D120 -> 0
B121: III. Doubtful | C121: 0 | D121: 0 | E121: =C121+D121 -> 0
B122: Sub-total | C122: =SUM(C119:C121) -> 0 | D122: =SUM(D119:D121) -> 0 | E122: =C122+D122 -> 0
B123: Less: Allowance for bad and doubtful advances | C123: 0 | D123: 0 | E123: =C123+D123 -> 0
B124: (E) | C124: 0 | D124: 0 | E124: =C124+D124 -> 0
B126: F. Trade Advances
B127: I. Secured, considered good | C127: 0 | D127: =-C127 -> 0 | E127: =C127+D127 -> 0
B128: II. Unsecured, considered good | C128: 0 | D128: 0 | E128: =C128+D128 -> 0
B129: III. Doubtful | C129: 0 | D129: 0 | E129: =C129+D129 -> 0
B130: Sub-total | C130: =SUM(C127:C129) -> 0 | D130: =SUM(D127:D129) -> 0 | E130: =C130+D130 -> 0
...

Sheet Changes in Equity
A1: The State Trading Corporation of India Limited
A2: Transitional Balance Sheet as at April 01, 2016
P4: Rs in Cr.
A5: Statement of Changes in Equity as at April 01, 2016
A6: A . Equity Share Capital
E7: Balance at the beginning of the reporting period | I7: Changes in equity share capital during the year | J7: Balance at the end of the reporting period
E8: 0 | I8: 0 | J8: 0
A12: B. Other Equity
B13: Share application money pending allotment | C13: Equity Components of compound financial instruments | I13: Debt instruments through OCI | K13: Equity instruments through OCI | L13: Effective Portion of cash flow hedges | M13: Revaluation Surpluses | N13: Exchange difference on translation | O13: Other items of OCI | P13: Money received against share warrants | Q13: Total
D14: General Reserve | E14: Capital Reserve | F14: Securities Premium Reserve | G14: Other Reserve (please specify nature) | H14: Retained Earnings
A15: Balance at the beginning of the reporting period | B15: 0 | C15: 0 | D15: =+Notes!C531 -> 0 | E15: =+Notes!C522 -> 0 | F15: 0 | G15: =Notes!E528 -> 0 | H15: =+Notes!C537 -> 0 | I15: 0 | K15: 0 | L15: 0 | M15: 0 | N15: 0 | O15: 0 | P15: 0 | Q15: =SUM(B15:P15) -> 0
A16: Changes in accounting policy or prior period errors | B16: 0 | C16: 0 | D16: =Notes!D531 -> 0 | E16: =-E15 -> 0 | F16: 0 | G16: 0 | H16: 0 | I16: 0 | J16: 0 | K16: 0 | L16: 0 | M16: 0 | N16: 0 | O16: 0 | P16: 0 | Q16: =SUM(B16:P16) -> 0
A17: Total comprehensive income for the year | B17: 0 | C17: 0 | D17: 0 | I17: 0 | J17: 0 | K17: 0 | L17: 0 | M17: 0 | N17: 0 | O17: 0 | P17: 0 | Q17: =SUM(B17:P17) -> 0
A18: Dividends | B18: 0 | C18: 0 | D18: 0 | E18: 0 | F18: 0 | G18: 0 | H18: 0 | I18: 0 | J18: 0 | K18: 0 | L18: 0 | M18: 0 | N18: 0 | O18: 0 | P18: 0 | Q18: =SUM(B18:P18) -> 0
A19: Transfer to retained earnings | B19: 0 | C19: 0 | D19: 0 | E19: 0 | F19: 0 | G19: 0 | H19: 0 | I19: 0 | J19: 0 | K19: 0 | L19: 0 | M19: 0 | N19: 0 | O19: 0 | P19: 0 | Q19: =SUM(B19:P19) -> 0
A20: Any other changes | B20: 0 | C20: 0 | D20: 0 | E20: 0 | F20: 0 | G20: 0 | H20: 0 | I20: 0 | J20: 0 | K20: 0 | L20: 0 | M20: 0 | N20: 0 | O20: 0 | P20: 0 | Q20: =SUM(B20:P20) -> 0
A21: Balance at the end of the reporting period | B21: =SUM(B15:B20) -> 0 | C21: =SUM(C15:C20) -> 0 | D21: =SUM(D15:D20) -> 0 | E21: =SUM(E15:E20) -> 0 | F21: =SUM(F15:F20) -> 0 | G21: =SUM(G15:G20) -> 0 | H21: =SUM(H15:H20) -> 0 | I21: 0 | J21: =SUM(J15:J20) -> 0 | K21: 0 | L21: 0 | M21: 0 | N21: 0 | O21: 0 | P21: 0 | Q21: =SUM(Q15:Q20) -> 0

Sheet FA Schedule I GAAP
A3: Fixed Assets Schedule
A5: Fixed Assets | B5: Gross Blocks | G5: Depreciation/Impairment | M5: Net Carrying Value | O5: Remarks
B6: 01-04-2014 | C6: Addition | D6: Other Adjustments | E6: Disposals | F6: 31-03-2015 | G6: Opening balance as at 01-04-2014 | H6: Depreciation for the year | I6: Impairment/ (reversal of impairment) | J6: Sub-Total | K6: Deductions | L6: Balance as at 31-03-2015 | M6: 42094 | N6: 41729
A7: Land freehold
A8: -Office building | B8: =3659111 -> 3659111 | C8: 0 | D8: 0 | E8: 0 | F8: 3659111 | G8: 0 | H8: 0 | I8: 0 | J8: 0 | K8: 0 | L8: 0 | M8: =F8-L8 -> 3659111 | N8: =B8-G8 -> 3659111
A9: -Staff Quarters | B9: 1332631 | C9: 0 | D9: 0 | E9: 0 | F9: 1332631 | G9: 0 | H9: 0 | I9: 0 | J9: 0 | K9: 0 | L9: 0 | M9: =F9-L9 -> 1332631 | N9: =B9-G9 -> 1332631
A10: Land leasehold | M10: =F10-L10 -> 0 | N10: =B10-G10 -> 0
A11: -Office building | B11: 39596457 | C11: 0 | D11: 0 | E11: 0 | F11: 39596457 | G11: 12126157 | H11: 502694 | I11: 0 | J11: 12628851 | K11: 0 | L11: 12628851 | M11: =F11-L11 -> 26967606 | N11: =B11-G11 -> 27470300
A12: -Staff Quarters | B12: 2670348 | C12: 0 | D12: 0 | E12: 0 | F12: 2670348 | G12: 1116383 | H12: 25304 | I12: 0 | J12: 1141687 | K12: 0 | L12: 1141687 | M12: =F12-L12 -> 1528661 | N12: =B12-G12 -> 1553965
A13: Building | M13: =F13-L13 -> 0 | N13: =B13-G13 -> 0
A14: -Office Building | B14: 127604051 | C14: 0 | D14: 0 | E14: 0 | F14: 127604051 | G14: 59214126 | H14: 1520797 | I14: 0 | J14: 60734923 | K14: 0 | L14: 60734923 | M14: =F14-L14 -> 66869128 | N14: =B14-G14 -> 68389925
A15: -Staff Quarters/Residential Flats | B15: 65718669 | C15: 185743 | D15: 0 | E15: 0 | F15: 65904412 | G15: 53092819 | H15: 507578 | I15: 0 | J15: 53600397 | K15: 0 | L15: 53600397 | M15: =F15-L15 -> 12304015 | N15: =B15-G15 -> 12625850
A16: -Water supply, Sewerage & Drainage | B16: 9484462 | C16: 0 | D16: 0 | E16: 0 | F16: 9484462 | G16: 9398809 | H16: 85639 | I16: 0 | J16: 9484448 | K16: 0 | L16: 9484448 | M16: =F16-L16 -> 14 | N16: =B16-G16 -> 85653
A17: -Electrical Installations | B17: 18255462 | C17: 199060 | D17: 0 | E17: 32150 | F17: 18422372 | G17: 16411123 | H17: 342944 | I17: 0 | J17: 16754067 | K17: 32147 | L17: 16721920 | M17: =F17-L17 -> 1700452 | N17: =B17-G17 -> 1844339
A18: -Roads & Culverts | B18: 3579962 | C18: 0 | D18: 0 | E18: 0 | F18: 3579962 | G18: 3209239 | H18: 138179 | I18: 0 | J18: 3347418 | K18: 0 | L18: 3347418 | M18: =F18-L18 -> 232544 | N18: =B18-G18 -> 370723
A19: -Audio/Fire/Airconditioning | B19: 12237919 | C19: 446193 | D19: -59233 | E19: 80542 | F19: 12544337 | G19: 11995935 | H19: 155288 | I19: 0 | J19: 12151223 | K19: 150126 | L19: 12001097 | M19: =F19-L19 -> 543240 | N19: =B19-G19 -> 241984
A20: Plant & Equipment | B20: 796244522 | C20: 660020 | D20: 0 | E20: 1915893 | F20: 794988649 | G20: 332080802 | H20: 33576635 | I20: 0 | J20: 365657437 | K20: 1915883 | L20: 363741554 | M20: =F20-L20 -> 431247095 | N20: =B20-G20 -> 464163720
A21: Furniture & Fixtures | E21: 0 | F21: 0 | J21: 0 | M21: =F21-L21 -> 0 | N21: =B21-G21 -> 0
A22: -Partitions | B22: 23414961 | C22: 212668 | D22: 1167741 | E22: 36195 | F22: 24759175 | G22: 22955915 | H22: 11175 | I22: 0 | J22: 22967090 | K22: -1131538 | L22: 24098628 | M22: =F22-L22 -> 660547 | N22: =B22-G22 -> 459046
A23: -Others | B23: 50539356 | C23: 941271 | D23: -2160563 | E23: 151383 | F23: 49168681 | G23: 48001777 | H23: 850128 | I23: 0 | J23: 48851905 | K23: 2296361 | L23: 46555544 | M23: =F23-L23 -> 2613137 | N23: =B23-G23 -> 2537579
A24: Vehicles | B24: 21576938 | C24: 0 | D24: 0 | E24: 551683 | F24: 21025255 | G24: 20472182 | H24: 240044 | I24: 0 | J24: 20712226 | K24: 551682 | L24: 20160544 | M24: =F24-L24 -> 864711 | N24: =B24-G24 -> 1104756
A25: Office Equipments | B25: 57476886 | C25: 2122560 | D25: 1075050 | E25: 1130830 | F25: 59543666 | G25: 48028674 | H25: 5290465 | I25: 0 | J25: 53319139 | K25: 12419 | L25: 53306720 | M25: =F25-L25 -> 6236946 | N25: =B25-G25 -> 9448212
A26: Others:- | B26: 0 | E26: 0 | F26: 0 | G26: 0 | H26: 0 | J26: 0 | M26: =F26-L26 -> 0 | N26: =B26-G26 -> 0
A27: Railway Wagon Rakes | B27: 553643160 | C27: 0 | D27: 0 | E27: 0 | F27: 553643160 | G27: 421687310 | H27: 25086864 | I27: 106868921 | J27: 553643095 | K27: 0 | L27: 553643095 | M27: =F27-L27 -> 65 | N27: =B27-G27 -> 131955850 | O27: Reassessment of impairment not to be done as requested
A28: Railway Loop Line at BNHT | B28: 26170572 | C28: 0 | D28: 0 | E28: 0 | F28: 26170572 | G28: 26170571 | H28: 0 | I28: 0 | J28: 26170571 | K28: 0 | L28: 26170571 | M28: =F28-L28 -> 1 | N28: =B28-G28 -> 1
A29: Warehouse | B29: 34112382 | C29: 0 | D29: 0 | E29: 0 | F29: 34112382 | G29: 19405114 | H29: 2135988 | I29: 0 | J29: 21541102 | K29: 0 | L29: 21541102 | M29: =F29-L29 -> 12571280 | N29: =B29-G29 -> 14707268 | O29: Classification need to be changed
A30: Computer/ Data Processors | B30: 178017283 | C30: 4648516 | D30: -22995 | E30: 1017479 | F30: 181625325 | G30: 169479196 | H30: 5727810 | I30: 0 | J30: 175207006 | K30: 1017456 | L30: 174189550 | M30: =F30-L30 -> 7435775 | N30: =B30-G30 -> 8538087
M31: =F31-L31 -> 0 | N31: =B31-G31 -> 0
A32: Total | B32: 2025335132 | C32: 9416031 | D32: 0 | E32: 4916155 | F32: 2029835008 | G32: 1274846132 | H32: 76197532 | I32: 106868921 | J32: 1457912585 | K32: 4844536 | L32: 1453068049 | M32: =F32-L32 -> 576766959 | N32: =B32-G32 -> 750489000
A33: Last Year | B33: =B35*1000000 -> 2022790000 | C33: =C35*1000000 -> 15640000 | E33: =E35*1000000 -> 13100000 | F33: =B32 -> 2025335132 | G33: =G35*1000000 -> 1158050000 | H33: =H35*1000000 -> 115170000 | I33: =I35*1000000 -> 10880000 | J33: =J35*1000000 -> 1284100000 | K33: =K35*1000000 -> 9260000 | L33: =G32 -> 1274846132 | M33: =N32 -> 750489000
B35: 2022.79 | C35: 15.64 | E35: 13.1 | G35: 1158.05 | H35: 115.17 | I35: 10.88 | J35: 1284.1 | K35: 9.26
B37: Gross Block | H37: Amortisation | N37: Net Carrying Value
A38: Intangible Assets | B38: 01-04-2014 | C38: Addition | D38: Additions through Business Combinations | E38: Other adjustments | F38: Disposals | G38: 31-03-2015 | H38: Opening balance as at 01-04-2014 | I38: Amortisation for the year | J38: Impairment / (reversal of impairment) | K38: Sub-Total | L38: Deductions | M38: Balance as at 31-03-2015 | N38: 42094 | O38: 41729
A39: Computer software | B39: 2405002 | C39: 144486 | D39: 0 | E39: 0 | F39: 0 | G39: 2549488 | H39: 598667 | I39: 482755 | J39: 0 | K39: 1081422 | L39: 0 | M39: 1081422 | N39: =G39-M39 -> 1468066 | O39: =B39-H39 -> 1806335
A40: Others | B40: 0 | C40: 0 | D40: 0 | E40: 0 | F40: 0 | G40: 0 | H40: 0 | I40: 0 | J40: 0 | K40: 0 | L40: 0 | M40: 0
A41: Total | B41: 2405002 | C41: 144486 | D41: 0 | E41: 0 | F41: 0 | G41: 2549488 | H41: 598667 | I41: 482755 | J41: 0 | K41: 1081422 | L41: 0 | M41: 1081422 | N41: =N39 -> 1468066 | O41: =O39 -> 1806335
A42: Last Year | B42: =B44*1000000 -> 2050000 | C42: =C44*1000000 -> 540000 | E42: =E44*1000000 -> 190000 | G42: =B41 -> 2405002 | H42: =H44*1000000 -> 410000 | I42: =I44*1000000 -> 380000 | K42: =K44*1000000 -> 790000 | L42: =L44*1000000 -> 190000 | M42: =H41 -> 598667 | N42: =O41 -> 1806335
B44: 2.05 | C44: 0.54 | E44: 0.19 | H44: 0.41 | I44: 0.38 | K44: 0.79 | L44: 0.19
B48: Gross Block | G48: Depreciation/Impairment | M48: Net Carrying Value
A49: Capital work-in-progress | B49: 01-04-2014 | C49: Addition | D49: Other Adjustments | E49: Disposals | F49: 31-03-2015 | G49: Opening balance as at 01-04-2014 | H49: Depreciation for the year | I49: Impairment/ (reversal of impairment) | J49: Sub-Total | K49: Deductions | L49: Balance as at 31-03-2015 | M49: 42094 | N49: 41729
A50: Building
A51: -Building Under Construction | B51: 6709384 | C51: 0 | D51: 0 | E51: 0 | F51: 6709384 | G51: 6709384 | H51: 0 | I51: 0 | J51: 6709384 | K51: 0 | L51: 6709384 | M51: =F51-L51 -> 0 | N51: =B51-G51 -> 0
A52: -Electrical Installations | B52: 6701477 | C52: 0 | D52: 0 | E52: 0 | F52: 6701477 | G52: 6701477 | H52: 0 | I52: 0 | J52: 6701477 | K52: 0 | L52: 6701477 | M52: =F52-L52 -> 0 | N52: =B52-G52 -> 0
A53: -Roads & Culverts | B53: 474499 | C53: 0 | D53: 0 | E53: 0 | F53: 474499 | G53: 474499 | H53: 0 | I53: 0 | J53: 474499 | K53: 0 | L53: 474499 | M53: =F53-L53 -> 0 | N53: =B53-G53 -> 0
A54: Furniture | B54: 0 | C54: 49045 | D54: 0 | E54: 0 | F54: 49045 | G54: 0 | H54: 0 | I54: 0 | J54: 0 | K54: 0 | L54: 0 | M54: =F54-L54 -> 49045 | N54: =B54-G54 -> 0
A55: Plant & Equipment | B55: 13803388 | C55: 0 | D55: 0 | E55: 0 | F55: 13803388 | G55: 13803388 | H55: 0 | I55: 0 | J55: 13803388 | K55: 0 | L55: 13803388 | M55: =F55-L55 -> 0 | N55: =B55-G55 -> 0
A56: Development of Gomia Coal Block | B56: 65433228 | C56: 360000 | D56: 0 | E56: 65793228 | F56: 0 | M56: =F56-L56 -> 0 | N56: =B56-G56 -> 65433228
A59: Total | B59: 93121976 | C59: =SUM(C51:C56) -> 409045 | D59: 0 | E59: =SUM(E51:E56) -> 65793228 | F59: =SUM(F51:F56) -> 27737793 | G59: =SUM(G51:G56) -> 27688748 | H59: =SUM(H51:H56) -> 0 | I59: =SUM(I51:I55) -> 0 | J59: =SUM(J51:J55) -> 27688748 | K59: =SUM(K51:K55) -> 0 | L59: =SUM(L51:L55) -> 27688748 | M59: =SUM(M51:M56) -> 49045 | N59: =SUM(N51:N56) -> 65433228
A60: Last Year | B60: =B61*1000000 -> 82630000 | E60: 0 | F60: =F61*1000000 -> 93120000 | G60: =G61*1000000 -> 27690000 | H60: 0 | I60: 0 | J60: =J61*1000000 -> 27690000 | K60: 0 | L60: =L61*1000000 -> 27690000 | M60: =N59 -> 65433228
B61: 82.63 | C61: 10.58 | D61: 0.09 | F61: 93.12 | G61: 27.69 | J61: 27.69 | L61: 27.69

Sheet Assets (2)
B2: 6.1.1 Tangible Assets
G3: (` in million)
C4: TOTAL | I4: CORPORATE OFFICE | O4: BANGALORE | U4: AHMEDABAD | AA4: HYDERABAD | AG4: BELLARY | AM4: MUMBAI | AS4: GOA | AY4: BHUBANESWAR | BE4: KOLKATA | BK4: JAIPUR | BQ4: VIZAG | BW4: DRO | CC4: JJC | CI4: CHENNAI | CO4: MICA
B5: Gross Blocks | C5: 01-04-2014 | D5: Addition | E5: Other Adjustments | F5: Disposals | G5: 31-03-2015 | I5: 01-04-2014 | J5: Addition | K5: Other Adjustments | L5: Disposals | M5: 31-03-2015 | O5: 01-04-2014 | P5: Addition | Q5: Other Adjustments | R5: Disposals | S5: 31-03-2015 | U5: 01-04-2014 | V5: Addition | W5: Other Adjustments | X5: Disposals | Y5: 31-03-2015 | AA5: 01-04-2014 | AB5: Addition | AC5: Other Adjustments | AD5: Disposals | AE5: 31-03-2015 | AG5: 01-04-2014 | AH5: Addition | AI5: Other Adjustments | AJ5: Disposals | AK5: 31-03-2015 | AM5: 01-04-2014 | AN5: Addition | AO5: Other Adjustments | AP5: Disposals | AQ5: 31-03-2015 | AS5: 01-04-2014 | AT5: Addition | AU5: Other Adjustments | AV5: Disposals | AW5: 31-03-2015 | AY5: 01-04-2014 | AZ5: Addition | BA5: Other Adjustments | BB5: Disposals | BC5: 31-03-2015 | BE5: 01-04-2014 | BF5: Addition | BG5: Other Adjustments | BH5: Disposals | BI5: 31-03-2015 | BK5: 01-04-2014 | BL5: Addition | BM5: Other Adjustments | BN5: Disposals | BO5: 31-03-2015 | BQ5: 01-04-2014 | BR5: Addition | BS5: Other Adjustments | BT5: Disposals | BU5: 31-03-2015 | BW5: 01-04-2014 | BX5: Addition | BY5: Other Adjustments | BZ5: Disposals | CA5: 31-03-2015 | CC5: 01-04-2014 | CD5: Addition | CE5: Other Adjustments | CF5: Disposals | CG5: 31-03-2015 | CI5: 01-04-2014 | CJ5: Addition | CK5: Other Adjustments | CL5: Disposals | CM5: 31-03-2015 | CO5: 01-04-2014 | CP5: Addition | CQ5: Other Adjustments | CR5: Disposals | CS5: 31-03-2015
B6: Land freehold | M6: =+I6+J6+K6-L6 -> 0 | S6: =+O6+P6+Q6-R6 -> 0 | Y6: =+U6+V6+W6-X6 -> 0 | AE6: =+AA6+AB6+AC6-AD6 -> 0 | AK6: =+AG6+AH6+AI6-AJ6 -> 0 | AQ6: =+AM6+AN6+AO6-AP6 -> 0 | AW6: =+AS6+AT6+AU6-AV6 -> 0 | BC6: =+AY6+AZ6+BA6-BB6 -> 0 | BI6: =+BE6+BF6+BG6-BH6 -> 0 | BO6: =+BK6+BL6+BM6-BN6 -> 0 | BU6: =+BQ6+BR6+BS6-BT6 -> 0 | CA6: =+BW6+BX6+BY6-BZ6 -> 0 | CG6: =+CC6+CD6+CE6-CF6 -> 0 | CM6: =+CI6+CJ6+CK6-CL6 -> 0 | CS6: =+CO6+CP6+CQ6-CR6 -> 0
B7: -Office building | C7: =I7+O7+U7+AA7+AG7+AM7+AS7+AY7+BE7+BK7+BQ7+BW7+CC7+CI7+CO7 -> 3659111 | D7: =J7+P7+V7+AB7+AH7+AN7+AT7+AZ7+BF7+BL7+BR7+BX7+CD7+CJ7+CP7 -> 0 | E7: =K7+Q7+W7+AC7+AI7+AO7+AU7+BA7+BG7+BM7+BS7+BY7+CE7+CK7+CQ7 -> 0 | F7: =L7+R7+X7+AD7+AJ7+AP7+AV7+BB7+BH7+BN7+BT7+BZ7+CF7+CL7+CR7 -> 0 | G7: =+C7+D7+E7-F7 -> 3659111 | M7: =+I7+J7+K7-L7 -> 0 | O7: 3659111 | S7: =+O7+P7+Q7-R7 -> 3659111 | Y7: =+U7+V7+W7-X7 -> 0 | AE7: =+AA7+AB7+AC7-AD7 -> 0 | AK7: =+AG7+AH7+AI7-AJ7 -> 0 | AQ7: =+AM7+AN7+AO7-AP7 -> 0 | AW7: =+AS7+AT7+AU7-AV7 -> 0 | BC7: =+AY7+AZ7+BA7-BB7 -> 0 | BI7: =+BE7+BF7+BG7-BH7 -> 0 | BO7: =+BK7+BL7+BM7-BN7 -> 0 | BU7: =+BQ7+BR7+BS7-BT7 -> 0 | CA7: =+BW7+BX7+BY7-BZ7 -> 0 | CG7: =+CC7+CD7+CE7-CF7 -> 0 | CM7: =+CI7+CJ7+CK7-CL7 -> 0 | CS7: =+CO7+CP7+CQ7-CR7 -> 0
B8: -Staff Quarters | C8: =I8+O8+U8+AA8+AG8+AM8+AS8+AY8+BE8+BK8+BQ8+BW8+CC8+CI8+CO8 -> 1332631 | D8: =J8+P8+V8+AB8+AH8+AN8+AT8+AZ8+BF8+BL8+BR8+BX8+CD8+CJ8+CP8 -> 0 | E8: =K8+Q8+W8+AC8+AI8+AO8+AU8+BA8+BG8+BM8+BS8+BY8+CE8+CK8+CQ8 -> 0 | F8: =L8+R8+X8+AD8+AJ8+AP8+AV8+BB8+BH8+BN8+BT8+BZ8+CF8+CL8+CR8 -> 0 | G8: =+C8+D8+E8-F8 -> 1332631 | I8: 1316521 | M8: =+I8+J8+K8-L8 -> 1316521 | O8: 16110 | S8: =+O8+P8+Q8-R8 -> 16110 | Y8: =+U8+V8+W8-X8 -> 0 | AE8: =+AA8+AB8+AC8-AD8 -> 0 | AK8: =+AG8+AH8+AI8-AJ8 -> 0 | AQ8: =+AM8+AN8+AO8-AP8 -> 0 | AW8: =+AS8+AT8+AU8-AV8 -> 0 | BC8: =+AY8+AZ8+BA8-BB8 -> 0 | BI8: =+BE8+BF8+BG8-BH8 -> 0 | BO8: =+BK8+BL8+BM8-BN8 -> 0 | BU8: =+BQ8+BR8+BS8-BT8 -> 0 | CA8: =+BW8+BX8+BY8-BZ8 -> 0 | CG8: =+CC8+CD8+CE8-CF8 -> 0 | CM8: =+CI8+CJ8+CK8-CL8 -> 0 | CS8: =+CO8+CP8+CQ8-CR8 -> 0
B9: Land leasehold | M9: =+I9+J9+K9-L9 -> 0 | S9: =+O9+P9+Q9-R9 -> 0 | Y9: =+U9+V9+W9-X9 -> 0 | AE9: =+AA9+AB9+AC9-AD9 -> 0 | AK9: =+AG9+AH9+AI9-AJ9 -> 0 | AQ9: =+AM9+AN9+AO9-AP9 -> 0 | AW9: =+AS9+AT9+AU9-AV9 -> 0 | BC9: =+AY9+AZ9+BA9-BB9 -> 0 | BI9: =+BE9+BF9+BG9-BH9 -> 0 | BO9: =+BK9+BL9+BM9-BN9 -> 0 | BU9: =+BQ9+BR9+BS9-BT9 -> 0 | CA9: =+BW9+BX9+BY9-BZ9 -> 0 | CG9: =+CC9+CD9+CE9-CF9 -> 0 | CM9: =+CI9+CJ9+CK9-CL9 -> 0 | CS9: =+CO9+CP9+CQ9-CR9 -> 0
B10: -Office building | C10: =I10+O10+U10+AA10+AG10+AM10+AS10+AY10+BE10+BK10+BQ10+BW10+CC10+CI10+CO10 -> 39596457 | D10: =J10+P10+V10+AB10+AH10+AN10+AT10+AZ10+BF10+BL10+BR10+BX10+CD10+CJ10+CP10 -> 0 | E10: =K10+Q10+W10+AC10+AI10+AO10+AU10+BA10+BG10+BM10+BS10+BY10+CE10+CK10+CQ10 -> 0 | F10: =L10+R10+X10+AD10+AJ10+AP10+AV10+BB10+BH10+BN10+BT10+BZ10+CF10+CL10+CR10 -> 0 | G10: =+C10+D10+E10-F10 -> 39596457 | I10: 11071815 | M10: =+I10+J10+K10-L10 -> 11071815 | O10: 1575000 | S10: =+O10+P10+Q10-R10 -> 1575000 | Y10: =+U10+V10+W10-X10 -> 0 | AE10: =+AA10+AB10+AC10-AD10 -> 0 | AK10: =+AG10+AH10+AI10-AJ10 -> 0 | AM10: 24799540 | AQ10: =+AM10+AN10+AO10-AP10 -> 24799540 | AW10: =+AS10+AT10+AU10-AV10 -> 0 | AY10: 425186 | BC10: =+AY10+AZ10+BA10-BB10 -> 425186 | BE10: 13221 | BI10: =+BE10+BF10+BG10-BH10 -> 13221 | BO10: =+BK10+BL10+BM10-BN10 -> 0 | BQ10: 150 | BU10: =+BQ10+BR10+BS10-BT10 -> 150 | CA10: =+BW10+BX10+BY10-BZ10 -> 0 | CG10: =+CC10+CD10+CE10-CF10 -> 0 | CM10: =+CI10+CJ10+CK10-CL10 -> 0 | CO10: 1711545 | CS10: =+CO10+CP10+CQ10-CR10 -> 1711545
B11: -Staff Quarters | C11: =I11+O11+U11+AA11+AG11+AM11+AS11+AY11+BE11+BK11+BQ11+BW11+CC11+CI11+CO11 -> 2670348 | D11: =J11+P11+V11+AB11+AH11+AN11+AT11+AZ11+BF11+BL11+BR11+BX11+CD11+CJ11+CP11 -> 0 | E11: =K11+Q11+W11+AC11+AI11+AO11+AU11+BA11+BG11+BM11+BS11+BY11+CE11+CK11+CQ11 -> 0 | F11: =L11+R11+X11+AD11+AJ11+AP11+AV11+BB11+BH11+BN11+BT11+BZ11+CF11+CL11+CR11 -> 0 | G11: =+C11+D11+E11-F11 -> 2670348 | I11: 1243638 | M11: =+I11+J11+K11-L11 -> 1243638 | S11: =+O11+P11+Q11-R11 -> 0 | Y11: =+U11+V11+W11-X11 -> 0 | AE11: =+AA11+AB11+AC11-AD11 -> 0 | AK11: =+AG11+AH11+AI11-AJ11 -> 0 | AQ11: =+AM11+AN11+AO11-AP11 -> 0 | AS11: 1049750 | AW11: =+AS11+AT11+AU11-AV11 -> 1049750 | AY11: 376960 | BC11: =+AY11+AZ11+BA11-BB11 -> 376960 | BI11: =+BE11+BF11+BG11-BH11 -> 0 | BO11: =+BK11+BL11+BM11-BN11 -> 0 | BU11: =+BQ11+BR11+BS11-BT11 -> 0 | CA11: =+BW11+BX11+BY11-BZ11 -> 0 | CG11: =+CC11+CD11+CE11-CF11 -> 0 | CM11: =+CI11+CJ11+CK11-CL11 -> 0 | CS11: =+CO11+CP11+CQ11-CR11 -> 0
B12: Building | M12: =+I12+J12+K12-L12 -> 0 | S12: =+O12+P12+Q12-R12 -> 0 | Y12: =+U12+V12+W12-X12 -> 0 | AE12: =+AA12+AB12+AC12-AD12 -> 0 | AK12: =+AG12+AH12+AI12-AJ12 -> 0 | AQ12: =+AM12+AN12+AO12-AP12 -> 0 | AW12: =+AS12+AT12+AU12-AV12 -> 0 | BC12: =+AY12+AZ12+BA12-BB12 -> 0 | BI12: =+BE12+BF12+BG12-BH12 -> 0 | BO12: =+BK12+BL12+BM12-BN12 -> 0 | BU12: =+BQ12+BR12+BS12-BT12 -> 0 | CA12: =+BW12+BX12+BY12-BZ12 -> 0 | CG12: =+CC12+CD12+CE12-CF12 -> 0 | CM12: =+CI12+CJ12+CK12-CL12 -> 0 | CS12: =+CO12+CP12+CQ12-CR12 -> 0
B13: -Office Building | C13: =I13+O13+U13+AA13+AG13+AM13+AS13+AY13+BE13+BK13+BQ13+BW13+CC13+CI13+CO13 -> 127604051 | D13: =J13+P13+V13+AB13+AH13+AN13+AT13+AZ13+BF13+BL13+BR13+BX13+CD13+CJ13+CP13 -> 0 | E13: =K13+Q13+W13+AC13+AI13+AO13+AU13+BA13+BG13+BM13+BS13+BY13+CE13+CK13+CQ13 -> 0 | F13: =L13+R13+X13+AD13+AJ13+AP13+AV13+BB13+BH13+BN13+BT13+BZ13+CF13+CL13+CR13 -> 0 | G13: =+C13+D13+E13-F13 -> 127604051 | I13: 32637459 | M13: =+I13+J13+K13-L13 -> 32637459 | O13: 3087082 | S13: =+O13+P13+Q13-R13 -> 3087082 | U13: 2267146 | Y13: =+U13+V13+W13-X13 -> 2267146 | AE13: =+AA13+AB13+AC13-AD13 -> 0 | AK13: =+AG13+AH13+AI13-AJ13 -> 0 | AM13: 42355692 | AQ13: =+AM13+AN13+AO13-AP13 -> 42355692 | AS13: 2900 | AW13: =+AS13+AT13+AU13-AV13 -> 2900 | AY13: 25733818 | BC13: =+AY13+AZ13+BA13-BB13 -> 25733818 | BE13: 3092122 | BI13: =+BE13+BF13+BG13-BH13 -> 3092122 | BO13: =+BK13+BL13+BM13-BN13 -> 0 | BQ13: 4101592 | BU13: =+BQ13+BR13+BS13-BT13 -> 4101592 | CA13: =+BW13+BX13+BY13-BZ13 -> 0 | CG13: =+CC13+CD13+CE13-CF13 -> 0 | CM13: =+CI13+CJ13+CK13-CL13 -> 0 | CO13: 14326240 | CS13: =+CO13+CP13+CQ13-CR13 -> 14326240
B14: -Staff Quarters/Residential Flats | C14: =I14+O14+U14+AA14+AG14+AM14+AS14+AY14+BE14+BK14+BQ14+BW14+CC14+CI14+CO14 -> 65718669 | D14: =J14+P14+V14+AB14+AH14+AN14+AT14+AZ14+BF14+BL14+BR14+BX14+CD14+CJ14+CP14 -> 185743 | E14: =K14+Q14+W14+AC14+AI14+AO14+AU14+BA14+BG14+BM14+BS14+BY14+CE14+CK14+CQ14 -> 0 | F14: =L14+R14+X14+AD14+AJ14+AP14+AV14+BB14+BH14+BN14+BT14+BZ14+CF14+CL14+CR14 -> 0 | G14: =+C14+D14+E14-F14 -> 65904412 | I14: 18617919 | J14: 185743 | M14: =+I14+J14+K14-L14 -> 18803662 | O14: 8339117 | S14: =+O14+P14+Q14-R14 -> 8339117 | U14: 709839 | Y14: =+U14+V14+W14-X14 -> 709839 | AE14: =+AA14+AB14+AC14-AD14 -> 0 | AK14: =+AG14+AH14+AI14-AJ14 -> 0 | AM14: 9152187 | AQ14: =+AM14+AN14+AO14-AP14 -> 9152187 | AS14: 7273272 | AW14: =+AS14+AT14+AU14-AV14 -> 7273272 | AY14: 16268204 | BC14: =+AY14+AZ14+BA14-BB14 -> 16268204 | BE14: 4476458 | BI14: =+BE14+BF14+BG14-BH14 -> 4476458 | BO14: =+BK14+BL14+BM14-BN14 -> 0 | BU14: =+BQ14+BR14+BS14-BT14 -> 0 | CA14: =+BW14+BX14+BY14-BZ14 -> 0 | CG14: =+CC14+CD14+CE14-CF14 -> 0 | CI14: 881673 | CM14: =+CI14+CJ14+CK14-CL14 -> 881673 | CS14: =+CO14+CP14+CQ14-CR14 -> 0
B15: -Water supply, Sewerage & Drainage | C15: =I15+O15+U15+AA15+AG15+AM15+AS15+AY15+BE15+BK15+BQ15+BW15+CC15+CI15+CO15 -> 9484462 | D15: =J15+P15+V15+AB15+AH15+AN15+AT15+AZ15+BF15+BL15+BR15+BX15+CD15+CJ15+CP15 -> 0 | E15: =K15+Q15+W15+AC15+AI15+AO15+AU15+BA15+BG15+BM15+BS15+BY15+CE15+CK15+CQ15 -> 0 | F15: =L15+R15+X15+AD15+AJ15+AP15+AV15+BB15+BH15+BN15+BT15+BZ15+CF15+CL15+CR15 -> 0 | G15: =+C15+D15+E15-F15 -> 9484462 | I15: 3024638 | M15: =+I15+J15+K15-L15 -> 3024638 | S15: =+O15+P15+Q15-R15 -> 0 | Y15: =+U15+V15+W15-X15 -> 0 | AE15: =+AA15+AB15+AC15-AD15 -> 0 | AK15: =+AG15+AH15+AI15-AJ15 -> 0 | AM15: 19600 | AQ15: =+AM15+AN15+AO15-AP15 -> 19600 | AW15: =+AS15+AT15+AU15-AV15 -> 0 | AY15: 1432868 | BC15: =+AY15+AZ15+BA15-BB15 -> 1432868 | BI15: =+BE15+BF15+BG15-BH15 -> 0 | BO15: =+BK15+BL15+BM15-BN15 -> 0 | BQ15: 59673 | BU15: =+BQ15+BR15+BS15-BT15 -> 59673 | CA15: =+BW15+BX15+BY15-BZ15 -> 0 | CG15: =+CC15+CD15+CE15-CF15 -> 0 | CM15: =+CI15+CJ15+CK15-CL15 -> 0 | CO15: 4947683 | CS15: =+CO15+CP15+CQ15-CR15 -> 4947683
B16: -Electrical Installations | C16: =I16+O16+U16+AA16+AG16+AM16+AS16+AY16+BE16+BK16+BQ16+BW16+CC16+CI16+CO16 -> 18255462 | D16: =J16+P16+V16+AB16+AH16+AN16+AT16+AZ16+BF16+BL16+BR16+BX16+CD16+CJ16+CP16 -> 199060 | E16: =K16+Q16+W16+AC16+AI16+AO16+AU16+BA16+BG16+BM16+BS16+BY16+CE16+CK16+CQ16 -> 0 | F16: =L16+R16+X16+AD16+AJ16+AP16+AV16+BB16+BH16+BN16+BT16+BZ16+CF16+CL16+CR16 -> 32150 | G16: =+C16+D16+E16-F16 -> 18422372 | I16: 10198492 | J16: 126900 | M16: =+I16+J16+K16-L16 -> 10325392 | O16: 270645 | S16: =+O16+P16+Q16-R16 -> 270645 | U16: 292295 | X16: 19550 | Y16: =+U16+V16+W16-X16 -> 272745 | AA16: 897807 | AE16: =+AA16+AB16+AC16-AD16 -> 897807 | AK16: =+AG16+AH16+AI16-AJ16 -> 0 | AM16: 42750 | AQ16: =+AM16+AN16+AO16-AP16 -> 42750 | AW16: =+AS16+AT16+AU16-AV16 -> 0 | AY16: 751385 | BC16: =+AY16+AZ16+BA16-BB16 -> 751385 | BE16: 219879 | BI16: =+BE16+BF16+BG16-BH16 -> 219879 | BK16: 152039 | BO16: =+BK16+BL16+BM16-BN16 -> 152039 | BQ16: 721057 | BT16: 12600 | BU16: =+BQ16+BR16+BS16-BT16 -> 708457 | CA16: =+BW16+BX16+BY16-BZ16 -> 0 | CG16: =+CC16+CD16+CE16-CF16 -> 0 | CI16: 36720 | CJ16: 72160 | CM16: =+CI16+CJ16+CK16-CL16 -> 108880 | CO16: 4672393 | CS16: =+CO16+CP16+CQ16-CR16 -> 4672393
B17: -Roads & Culverts | C17: =I17+O17+U17+AA17+AG17+AM17+AS17+AY17+BE17+BK17+BQ17+BW17+CC17+CI17+CO17 -> 3579962 | D17: =J17+P17+V17+AB17+AH17+AN17+AT17+AZ17+BF17+BL17+BR17+BX17+CD17+CJ17+CP17 -> 0 | E17: =K17+Q17+W17+AC17+AI17+AO17+AU17+BA17+BG17+BM17+BS17+BY17+CE17+CK17+CQ17 -> 0 | F17: =L17+R17+X17+AD17+AJ17+AP17+AV17+BB17+BH17+BN17+BT17+BZ17+CF17+CL17+CR17 -> 0 | G17: =+C17+D17+E17-F17 -> 3579962 | I17: 401956 | M17: =+I17+J17+K17-L17 -> 401956 | O17: 34193 | S17: =+O17+P17+Q17-R17 -> 34193 | Y17: =+U17+V17+W17-X17 -> 0 | AE17: =+AA17+AB17+AC17-AD17 -> 0 | AK17: =+AG17+AH17+AI17-AJ17 -> 0 | AQ17: =+AM17+AN17+AO17-AP17 -> 0 | AW17: =+AS17+AT17+AU17-AV17 -> 0 | AY17: 511425 | BC17: =+AY17+AZ17+BA17-BB17 -> 511425 | BI17: =+BE17+BF17+BG17-BH17 -> 0 | BO17: =+BK17+BL17+BM17-BN17 -> 0 | BQ17: 175104 | BU17: =+BQ17+BR17+BS17-BT17 -> 175104 | CA17: =+BW17+BX17+BY17-BZ17 -> 0 | CG17: =+CC17+CD17+CE17-CF17 -> 0 | CM17: =+CI17+CJ17+CK17-CL17 -> 0 | CO17: 2457284 | CS17: =+CO17+CP17+CQ17-CR17 -> 2457284
B18: -Audio/Fire/Airconditioning | C18: =I18+O18+U18+AA18+AG18+AM18+AS18+AY18+BE18+BK18+BQ18+BW18+CC18+CI18+CO18 -> 12237919 | D18: =J18+P18+V18+AB18+AH18+AN18+AT18+AZ18+BF18+BL18+BR18+BX18+CD18+CJ18+CP18 -> 446193 | E18: =K18+Q18+W18+AC18+AI18+AO18+AU18+BA18+BG18+BM18+BS18+BY18+CE18+CK18+CQ18 -> -59233 | F18: =L18+R18+X18+AD18+AJ18+AP18+AV18+BB18+BH18+BN18+BT18+BZ18+CF18+CL18+CR18 -> 80542 | G18: =+C18+D18+E18-F18 -> 12544337 | I18: 9600645 | M18: =+I18+J18+K18-L18 -> 9600645 | O18: 59233 | Q18: -59233 | S18: =+O18+P18+Q18-R18 -> 0 | Y18: =+U18+V18+W18-X18 -> 0 | AE18: =+AA18+AB18+AC18-AD18 -> 0 | AK18: =+AG18+AH18+AI18-AJ18 -> 0 | AQ18: =+AM18+AN18+AO18-AP18 -> 0 | AW18: =+AS18+AT18+AU18-AV18 -> 0 | BC18: =+AY18+AZ18+BA18-BB18 -> 0 | BE18: 23344 | BI18: =+BE18+BF18+BG18-BH18 -> 23344 | BK18: 39390 | BO18: =+BK18+BL18+BM18-BN18 -> 39390 | BQ18: 923107 | BR18: 446193 | BT18: 80542 | BU18: =+BQ18+BR18+BS18-BT18 -> 1288758 | CA18: =+BW18+BX18+BY18-BZ18 -> 0 | CG18: =+CC18+CD18+CE18-CF18 -> 0 | CI18: 357505 | CM18: =+CI18+CJ18+CK18-CL18 -> 357505 | CO18: 1234695 | CS18: =+CO18+CP18+CQ18-CR18 -> 1234695
B19: Plant & Equipment | C19: =I19+O19+U19+AA19+AG19+AM19+AS19+AY19+BE19+BK19+BQ19+BW19+CC19+CI19+CO19 -> 796244522 | D19: =J19+P19+V19+AB19+AH19+AN19+AT19+AZ19+BF19+BL19+BR19+BX19+CD19+CJ19+CP19 -> 660020 | E19: =K19+Q19+W19+AC19+AI19+AO19+AU19+BA19+BG19+BM19+BS19+BY19+CE19+CK19+CQ19 -> 0 | F19: =L19+R19+X19+AD19+AJ19+AP19+AV19+BB19+BH19+BN19+BT19+BZ19+CF19+CL19+CR19 -> 1915893 | G19: =+C19+D19+E19-F19 -> 794988649 | M19: =+I19+J19+K19-L19 -> 0 | O19: 689531884 | S19: =+O19+P19+Q19-R19 -> 689531884 | U19: 3420440 | X19: 1884659 | Y19: =+U19+V19+W19-X19 -> 1535781 | AE19: =+AA19+AB19+AC19-AD19 -> 0 | AK19: =+AG19+AH19+AI19-AJ19 -> 0 | AM19: 2966584 | AN19: 250000 | AQ19: =+AM19+AN19+AO19-AP19 -> 3216584 | AW19: =+AS19+AT19+AU19-AV19 -> 0 | AY19: 7412941 | BC19: =+AY19+AZ19+BA19-BB19 -> 7412941 | BE19: 9875624 | BH19: 31234 | BI19: =+BE19+BF19+BG19-BH19 -> 9844390 | BK19: 8822454 | BO19: =+BK19+BL19+BM19-BN19 -> 8822454 | BQ19: 324342 | BU19: =+BQ19+BR19+BS19-BT19 -> 324342 | BW19: 20220570 | BX19: 410020 | CA19: =+BW19+BX19+BY19-BZ19 -> 20630590 | CG19: =+CC19+CD19+CE19-CF19 -> 0 | CI19: 80555 | CM19: =+CI19+CJ19+CK19-CL19 -> 80555 | CO19: 53589128 | CS19: =+CO19+CP19+CQ19-CR19 -> 53589128
B20: Furniture & Fixtures | F20: =L20+R20+X20+AD20+AJ20+AP20+AV20+BB20+BH20+BN20+BT20+BZ20+CF20+CL20+CR20 -> 0 | G20: =+C20+D20+E20-F20 -> 0 | M20: =+I20+J20+K20-L20 -> 0 | S20: =+O20+P20+Q20-R20 -> 0 | Y20: =+U20+V20+W20-X20 -> 0 | AE20: =+AA20+AB20+AC20-AD20 -> 0 | AK20: =+AG20+AH20+AI20-AJ20 -> 0 | AQ20: =+AM20+AN20+AO20-AP20 -> 0 | AW20: =+AS20+AT20+AU20-AV20 -> 0 | BC20: =+AY20+AZ20+BA20-BB20 -> 0 | BI20: =+BE20+BF20+BG20-BH20 -> 0 | BO20: =+BK20+BL20+BM20-BN20 -> 0 | BU20: =+BQ20+BR20+BS20-BT20 -> 0 | CA20: =+BW20+BX20+BY20-BZ20 -> 0 | CG20: =+CC20+CD20+CE20-CF20 -> 0 | CM20: =+CI20+CJ20+CK20-CL20 -> 0 | CS20: =+CO20+CP20+CQ20-CR20 -> 0
B21: -Partitions | C21: =I21+O21+U21+AA21+AG21+AM21+AS21+AY21+BE21+BK21+BQ21+BW21+CC21+CI21+CO21 -> 23414961 | D21: =J21+P21+V21+AB21+AH21+AN21+AT21+AZ21+BF21+BL21+BR21+BX21+CD21+CJ21+CP21 -> 212668 | E21: =K21+Q21+W21+AC21+AI21+AO21+AU21+BA21+BG21+BM21+BS21+BY21+CE21+CK21+CQ21 -> 1167741 | F21: =L21+R21+X21+AD21+AJ21+AP21+AV21+BB21+BH21+BN21+BT21+BZ21+CF21+CL21+CR21 -> 36195 | G21: =+C21+D21+E21-F21 -> 24759175 | I21: 14914264 | K21: 1167741 | M21: =+I21+J21+K21-L21 -> 16082005 | O21: 449437 | S21: =+O21+P21+Q21-R21 -> 449437 | U21: 832484 | Y21: =+U21+V21+W21-X21 -> 832484 | AA21: 3008138 | AE21: =+AA21+AB21+AC21-AD21 -> 3008138 | AK21: =+AG21+AH21+AI21-AJ21 -> 0 | AM21: 458283 | AQ21: =+AM21+AN21+AO21-AP21 -> 458283 | AS21: 540785 | AW21: =+AS21+AT21+AU21-AV21 -> 540785 | AY21: 859980 | BC21: =+AY21+AZ21+BA21-BB21 -> 859980 | BI21: =+BE21+BF21+BG21-BH21 -> 0 | BK21: 950050 | BL21: 212668 | BN21: 36195 | BO21: =+BK21+BL21+BM21-BN21 -> 1126523 | BQ21: 111372 | BU21: =+BQ21+BR21+BS21-BT21 -> 111372 | BW21: 912467 | CA21: =+BW21+BX21+BY21-BZ21 -> 912467 | CG21: =+CC21+CD21+CE21-CF21 -> 0 | CI21: 377701 | CM21: =+CI21+CJ21+CK21-CL21 -> 377701 | CS21: =+CO21+CP21+CQ21-CR21 -> 0
B22: -Others | C22: =I22+O22+U22+AA22+AG22+AM22+AS22+AY22+BE22+BK22+BQ22+BW22+CC22+CI22+CO22 -> 50539356 | D22: =J22+P22+V22+AB22+AH22+AN22+AT22+AZ22+BF22+BL22+BR22+BX22+CD22+CJ22+CP22 -> 941271 | E22: =K22+Q22+W22+AC22+AI22+AO22+AU22+BA22+BG22+BM22+BS22+BY22+CE22+CK22+CQ22 -> -2160563 | F22: =L22+R22+X22+AD22+AJ22+AP22+AV22+BB22+BH22+BN22+BT22+BZ22+CF22+CL22+CR22 -> 151383 | G22: =+C22+D22+E22-F22 -> 49168681 | I22: 11949734 | J22: 352024 | K22: -2160563 | L22: 103222 | M22: =+I22+J22+K22-L22 -> 10037973 | O22: 3702368 | P22: 29640 | S22: =+O22+P22+Q22-R22 -> 3732008 | U22: 2324030 | V22: 94700 | X22: 22198 | Y22: =+U22+V22+W22-X22 -> 2396532 | AA22: 976886 | AB22: 44348 | AE22: =+AA22+AB22+AC22-AD22 -> 1021234 | AK22: =+AG22+AH22+AI22-AJ22 -> 0 | AM22: 9617133 | AQ22: =+AM22+AN22+AO22-AP22 -> 9617133 | AS22: 4297415 | AW22: =+AS22+AT22+AU22-AV22 -> 4297415 | AY22: 4552658 | AZ22: 100788 | BC22: =+AY22+AZ22+BA22-BB22 -> 4653446 | BE22: 2670692 | BF22: 247000 | BH22: 10140 | BI22: =+BE22+BF22+BG22-BH22 -> 2907552 | BK22: 839018 | BL22: 68271 | BN22: 15823 | BO22: =+BK22+BL22+BM22-BN22 -> 891466 | BQ22: 1568451 | BR22: 1800 | BU22: =+BQ22+BR22+BS22-BT22 -> 1570251 | BW22: 4214451 | CA22: =+BW22+BX22+BY22-BZ22 -> 4214451 | CG22: =+CC22+CD22+CE22-CF22 -> 0 | CI22: 2130649 | CJ22: 2700 | CM22: =+CI22+CJ22+CK22-CL22 -> 2133349 | CO22: 1695871 | CS22: =+CO22+CP22+CQ22-CR22 -> 1695871
B23: Vehicles | C23: =I23+O23+U23+AA23+AG23+AM23+AS23+AY23+BE23+BK23+BQ23+BW23+CC23+CI23+CO23 -> 21576938 | D23: =J23+P23+V23+AB23+AH23+AN23+AT23+AZ23+BF23+BL23+BR23+BX23+CD23+CJ23+CP23 -> 0 | E23: =K23+Q23+W23+AC23+AI23+AO23+AU23+BA23+BG23+BM23+BS23+BY23+CE23+CK23+CQ23 -> 0 | F23: =L23+R23+X23+AD23+AJ23+AP23+AV23+BB23+BH23+BN23+BT23+BZ23+CF23+CL23+CR23 -> 551683 | G23: =+C23+D23+E23-F23 -> 21025255 | I23: 10967009 | M23: =+I23+J23+K23-L23 -> 10967009 | O23: 734994 | S23: =+O23+P23+Q23-R23 -> 734994 | U23: 679097 | Y23: =+U23+V23+W23-X23 -> 679097 | AA23: 586850 | AE23: =+AA23+AB23+AC23-AD23 -> 586850 | AK23: =+AG23+AH23+AI23-AJ23 -> 0 | AM23: 1343304 | AQ23: =+AM23+AN23+AO23-AP23 -> 1343304 | AS23: 1214668 | AV23: 550000 | AW23: =+AS23+AT23+AU23-AV23 -> 664668 | AY23: 2020757 | BC23: =+AY23+AZ23+BA23-BB23 -> 2020757 | BE23: 991555 | BI23: =+BE23+BF23+BG23-BH23 -> 991555 | BK23: 536449 | BN23: 1683 | BO23: =+BK23+BL23+BM23-BN23 -> 534766 | BQ23: 40924 | BU23: =+BQ23+BR23+BS23-BT23 -> 40924 | BW23: 1157476 | CA23: =+BW23+BX23+BY23-BZ23 -> 1157476 | CG23: =+CC23+CD23+CE23-CF23 -> 0 | CI23: 1237308 | CM23: =+CI23+CJ23+CK23-CL23 -> 1237308 | CO23: 66547 | CS23: =+CO23+CP23+CQ23-CR23 -> 66547
B24: Office Equipments | C24: =I24+O24+U24+AA24+AG24+AM24+AS24+AY24+BE24+BK24+BQ24+BW24+CC24+CI24+CO24 -> 57476886 | D24: =J24+P24+V24+AB24+AH24+AN24+AT24+AZ24+BF24+BL24+BR24+BX24+CD24+CJ24+CP24 -> 2122560 | E24: =K24+Q24+W24+AC24+AI24+AO24+AU24+BA24+BG24+BM24+BS24+BY24+CE24+CK24+CQ24 -> 1075050 | F24: =L24+R24+X24+AD24+AJ24+AP24+AV24+BB24+BH24+BN24+BT24+BZ24+CF24+CL24+CR24 -> 1130830 | G24: =+C24+D24+E24-F24 -> 59543666 | I24: 22776043 | J24: 568540 | K24: 992822 | L24: 197538 | M24: =+I24+J24+K24-L24 -> 24139867 | O24: =846245+2164517-59233 -> 2951529 | P24: 25134 | Q24: 59233 | R24: 49485 | S24: =+O24+P24+Q24-R24 -> 2986411 | U24: 1114259 | V24: 197760 | X24: 52575 | Y24: =+U24+V24+W24-X24 -> 1259444 | AA24: =1787760-22995 -> 1764765 | AC24: 22995 | AE24: =+AA24+AB24+AC24-AD24 -> 1787760 | AK24: =+AG24+AH24+AI24-AJ24 -> 0 | AM24: 5689052 | AN24: 60562 | AP24: 153139 | AQ24: =+AM24+AN24-AO24-AP24 -> 5596475 | AS24: 1989484 | AT24: 25326 | AW24: =+AS24+AT24+AU24-AV24 -> 2014810 | AY24: 3375464 | AZ24: 164287 | BB24: 18900 | BC24: =+AY24+AZ24+BA24-BB24 -> 3520851 | BE24: 2998928 | BF24: 176695 | BH24: 2490 | BI24: =+BE24+BF24+BG24-BH24 -> 3173133 | BK24: 1446918 | BL24: 484980 | BN24: 466818 | BO24: =+BK24+BL24+BM24-BN24 -> 1465080 | BQ24: 1723845 | BR24: 40437 | BU24: =+BQ24+BR24+BS24-BT24 -> 1764282 | BW24: 8338492 | BX24: 101430 | BZ24: 17010 | CA24: =+BW24+BX24+BY24-BZ24 -> 8422912 | CG24: =+CC24+CD24+CE24-CF24 -> 0 | CI24: 3308107 | CJ24: 277409 | CL24: 172875 | CM24: =+CI24+CJ24+CK24-CL24 -> 3412641 | CS24: =+CO24+CP24+CQ24-CR24 -> 0
B25: Others:- | C25: =I25+O25+U25+AA25+AG25+AM25+AS25+AY25+BE25+BK25+BQ25+BW25+CC25+CI25+CO25 -> 0 | F25: =L25+R25+X25+AD25+AJ25+AP25+AV25+BB25+BH25+BN25+BT25+BZ25+CF25+CL25+CR25 -> 0 | G25: =+C25+D25+E25-F25 -> 0 | M25: =+I25+J25+K25-L25 -> 0 | S25: =+O25+P25+Q25-R25 -> 0 | Y25: =+U25+V25+W25-X25 -> 0 | AE25: =+AA25+AB25+AC25-AD25 -> 0 | AK25: =+AG25+AH25+AI25-AJ25 -> 0 | AQ25: =+AM25+AN25+AO25-AP25 -> 0 | AW25: =+AS25+AT25+AU25-AV25 -> 0 | BC25: =+AY25+AZ25+BA25-BB25 -> 0 | BI25: =+BE25+BF25+BG25-BH25 -> 0 | BO25: =+BK25+BL25+BM25-BN25 -> 0 | BU25: =+BQ25+BR25+BS25-BT25 -> 0 | CA25: =+BW25+BX25+BY25-BZ25 -> 0 | CG25: =+CC25+CD25+CE25-CF25 -> 0 | CM25: =+CI25+CJ25+CK25-CL25 -> 0 | CS25: =+CO25+CP25+CQ25-CR25 -> 0
B26: Railway Wagon Rakes | C26: =I26+O26+U26+AA26+AG26+AM26+AS26+AY26+BE26+BK26+BQ26+BW26+CC26+CI26+CO26 -> 553643160 | D26: =J26+P26+V26+AB26+AH26+AN26+AT26+AZ26+BF26+BL26+BR26+BX26+CD26+CJ26+CP26 -> 0 | E26: =K26+Q26+W26+AC26+AI26+AO26+AU26+BA26+BG26+BM26+BS26+BY26+CE26+CK26+CQ26 -> 0 | F26: =L26+R26+X26+AD26+AJ26+AP26+AV26+BB26+BH26+BN26+BT26+BZ26+CF26+CL26+CR26 -> 0 | G26: =+C26+D26+E26-F26 -> 553643160 | M26: =+I26+J26+K26-L26 -> 0 | S26: =+O26+P26+Q26-R26 -> 0 | Y26: =+U26+V26+W26-X26 -> 0 | AE26: =+AA26+AB26+AC26-AD26 -> 0 | AK26: =+AG26+AH26+AI26-AJ26 -> 0 | AQ26: =+AM26+AN26+AO26-AP26 -> 0 | AS26: 110783160 | AW26: =+AS26+AT26+AU26-AV26 -> 110783160 | AY26: 110715000 | BC26: =+AY26+AZ26+BA26-BB26 -> 110715000 | BE26: 110715000 | BI26: =+BE26+BF26+BG26-BH26 -> 110715000 | BO26: =+BK26+BL26+BM26-BN26 -> 0 | BU26: =+BQ26+BR26+BS26-BT26 -> 0 | CA26: =+BW26+BX26+BY26-BZ26 -> 0 | CG26: =+CC26+CD26+CE26-CF26 -> 0 | CI26: 221430000 | CM26: =+CI26+CJ26+CK26-CL26 -> 221430000 | CS26: =+CO26+CP26+CQ26-CR26 -> 0
B27: Railway Loop Line at BNHT | C27: =I27+O27+U27+AA27+AG27+AM27+AS27+AY27+BE27+BK27+BQ27+BW27+CC27+CI27+CO27 -> 26170572 | D27: =J27+P27+V27+AB27+AH27+AN27+AT27+AZ27+BF27+BL27+BR27+BX27+CD27+CJ27+CP27 -> 0 | E27: =K27+Q27+W27+AC27+AI27+AO27+AU27+BA27+BG27+BM27+BS27+BY27+CE27+CK27+CQ27 -> 0 | F27: =L27+R27+X27+AD27+AJ27+AP27+AV27+BB27+BH27+BN27+BT27+BZ27+CF27+CL27+CR27 -> 0 | G27: =+C27+D27+E27-F27 -> 26170572 | M27: =+I27+J27+K27-L27 -> 0 | O27: 26170572 | S27: =+O27+P27+Q27-R27 -> 26170572 | Y27: =+U27+V27+W27-X27 -> 0 | AE27: =+AA27+AB27+AC27-AD27 -> 0 | AK27: =+AG27+AH27+AI27-AJ27 -> 0 | AQ27: =+AM27+AN27+AO27-AP27 -> 0 | AW27: =+AS27+AT27+AU27-AV27 -> 0 | BC27: =+AY27+AZ27+BA27-BB27 -> 0 | BI27: =+BE27+BF27+BG27-BH27 -> 0 | BO27: =+BK27+BL27+BM27-BN27 -> 0 | BU27: =+BQ27+BR27+BS27-BT27 -> 0 | CA27: =+BW27+BX27+BY27-BZ27 -> 0 | CG27: =+CC27+CD27+CE27-CF27 -> 0 | CM27: =+CI27+CJ27+CK27-CL27 -> 0 | CS27: =+CO27+CP27+CQ27-CR27 -> 0
B28: Warehouse | C28: =I28+O28+U28+AA28+AG28+AM28+AS28+AY28+BE28+BK28+BQ28+BW28+CC28+CI28+CO28 -> 34112382 | D28: =J28+P28+V28+AB28+AH28+AN28+AT28+AZ28+BF28+BL28+BR28+BX28+CD28+CJ28+CP28 -> 0 | E28: =K28+Q28+W28+AC28+AI28+AO28+AU28+BA28+BG28+BM28+BS28+BY28+CE28+CK28+CQ28 -> 0 | F28: =L28+R28+X28+AD28+AJ28+AP28+AV28+BB28+BH28+BN28+BT28+BZ28+CF28+CL28+CR28 -> 0 | G28: =+C28+D28+E28-F28 -> 34112382 | M28: =+I28+J28+K28-L28 -> 0 | S28: =+O28+P28+Q28-R28 -> 0 | Y28: =+U28+V28+W28-X28 -> 0 | AE28: =+AA28+AB28+AC28-AD28 -> 0 | AK28: =+AG28+AH28+AI28-AJ28 -> 0 | AQ28: =+AM28+AN28+AO28-AP28 -> 0 | AW28: =+AS28+AT28+AU28-AV28 -> 0 | BC28: =+AY28+AZ28+BA28-BB28 -> 0 | BI28: =+BE28+BF28+BG28-BH28 -> 0 | BO28: =+BK28+BL28+BM28-BN28 -> 0 | BQ28: 34112382 | BU28: =+BQ28+BR28+BS28-BT28 -> 34112382 | CA28: =+BW28+BX28+BY28-BZ28 -> 0 | CG28: =+CC28+CD28+CE28-CF28 -> 0 | CM28: =+CI28+CJ28+CK28-CL28 -> 0 | CS28: =+CO28+CP28+CQ28-CR28 -> 0
B29: Computer/ Data Processors | C29: =I29+O29+U29+AA29+AG29+AM29+AS29+AY29+BE29+BK29+BQ29+BW29+CC29+CI29+CO29 -> 178017283 | D29: =J29+P29+V29+AB29+AH29+AN29+AT29+AZ29+BF29+BL29+BR29+BX29+CD29+CJ29+CP29 -> 4648516 | E29: =K29+Q29+W29+AC29+AI29+AO29+AU29+BA29+BG29+BM29+BS29+BY29+CE29+CK29+CQ29 -> -22995 | F29: =L29+R29+X29+AD29+AJ29+AP29+AV29+BB29+BH29+BN29+BT29+BZ29+CF29+CL29+CR29 -> 1017479 | G29: =+C29+D29+E29-F29 -> 181625325 | I29: 112822912 | J29: 2734382 | M29: =+I29+J29+K29-L29 -> 115557294 | O29: 6118992 | P29: 3330 | S29: =+O29+P29+Q29-R29 -> 6122322 | U29: 3493029 | X29: 238834 | Y29: =+U29+V29+W29-X29 -> 3254195 | AA29: =2469214+22995 -> 2492209 | AB29: 1131625 | AC29: -22995 | AD29: 504720 | AE29: =+AA29+AB29+AC29-AD29 -> 3096119 | AK29: =+AG29+AH29+AI29-AJ29 -> 0 | AM29: 7697398 | AN29: 23000 | AQ29: =+AM29+AN29-AO29-AP29 -> 7720398 | AS29: 2907879 | AT29: 15800 | AW29: =+AS29+AT29+AU29-AV29 -> 2923679 | AY29: 7458056 | AZ29: 26640 | BC29: =+AY29+AZ29+BA29-BB29 -> 7484696 | BE29: 4774894 | BF29: 91040 | BI29: =+BE29+BF29+BG29-BH29 -> 4865934 | BK29: 1960026 | BL29: 56355 | BN29: 273925 | BO29: =+BK29+BL29+BM29-BN29 -> 1742456 | BQ29: 3675577 | BR29: 291410 | BU29: =+BQ29+BR29+BS29-BT29 -> 3966987 | BW29: 15878339 | BX29: 251404 | CA29: =+BW29+BX29+BY29-BZ29 -> 16129743 | CG29: =+CC29+CD29+CE29-CF29 -> 0 | CI29: 8389313 | CJ29: 23530 | CM29: =+CI29+CJ29+CK29-CL29 -> 8412843 | CO29: 348659 | CS29: =+CO29+CP29+CQ29-CR29 -> 348659
B31: Total | C31: =SUM(C6:C30) -> 2025335132 | D31: =SUM(D6:D30) -> 9416031 | E31: =SUM(E6:E30) -> 0 | F31: =SUM(F6:F30) -> 4916155 | G31: =SUM(G6:G30) -> 2029835008 | I31: =SUM(I6:I30) -> 261543045 | J31: =SUM(J6:J30) -> 3967589 | K31: =SUM(K6:K30) -> 0 | L31: =SUM(L6:L30) -> 300760 | M31: =SUM(M6:M30) -> 265209874 | O31: =SUM(O6:O30) -> 746700267 | P31: =SUM(P6:P30) -> 58104 | Q31: =SUM(Q6:Q30) -> 0 | R31: =SUM(R6:R30) -> 49485 | S31: =+O31+P31+Q31-R31 -> 746708886 | U31: =SUM(U6:U30) -> 15132619 | V31: =SUM(V6:V30) -> 292460 | W31: =SUM(W6:W30) -> 0 | X31: =SUM(X6:X30) -> 2217816 | Y31: =SUM(Y6:Y30) -> 13207263 | AA31: =SUM(AA6:AA30) -> 9726655 | AB31: =SUM(AB6:AB30) -> 1175973 | AC31: =SUM(AC6:AC30) -> 0 | AD31: =SUM(AD6:AD30) -> 504720 | AE31: =+AA31+AB31+AC31-AD31 -> 10397908 | AG31: =SUM(AG6:AG30) -> 0 | AH31: =SUM(AH6:AH30) -> 0 | AI31: =SUM(AI6:AI30) -> 0 | AJ31: =SUM(AJ6:AJ30) -> 0 | AK31: =+AG31+AH31+AI31-AJ31 -> 0 | AM31: =SUM(AM6:AM30) -> 104141523 | AN31: =SUM(AN6:AN30) -> 333562 | AO31: =SUM(AO6:AO30) -> 0 | AP31: =SUM(AP6:AP30) -> 153139 | AQ31: =SUM(AQ6:AQ30) -> 104321946 | AS31: =SUM(AS6:AS30) -> 130059313 | AT31: =SUM(AT6:AT30) -> 41126 | AU31: =SUM(AU6:AU30) -> 0 | AV31: =SUM(AV6:AV30) -> 550000 | AW31: =+AS31+AT31+AU31-AV31 -> 129550439 | AY31: =SUM(AY6:AY30) -> 181894702 | AZ31: =SUM(AZ6:AZ30) -> 291715 | BA31: =SUM(BA6:BA30) -> 0 | BB31: =SUM(BB6:BB30) -> 18900 | BC31: =+AY31+AZ31+BA31-BB31 -> 182167517 | BE31: =SUM(BE6:BE30) -> 139851717 | BF31: =SUM(BF6:BF30) -> 514735 | BG31: =SUM(BG6:BG30) -> 0 | BH31: =SUM(BH6:BH30) -> 43864 | BI31: =+BE31+BF31+BG31-BH31 -> 140322588 | BK31: =SUM(BK6:BK30) -> 14746344 | BL31: =SUM(BL6:BL30) -> 822274 | BM31: =SUM(BM6:BM30) -> 0 | BN31: =SUM(BN6:BN30) -> 794444 | BO31: =+BK31+BL31+BM31-BN31 -> 14774174 | BQ31: =SUM(BQ6:BQ30) -> 47537576 | BR31: =SUM(BR6:BR30) -> 779840 | BS31: =SUM(BS6:BS30) -> 0 | BT31: =SUM(BT6:BT30) -> 93142 | BU31: =+BQ31+BR31+BS31-BT31 -> 48224274 | BW31: =SUM(BW6:BW30) -> 50721795 | BX31: =SUM(BX6:BX30) -> 762854 | BY31: =SUM(BY6:BY30) -> 0 | BZ31: =SUM(BZ6:BZ30) -> 17010 | CA31: =+BW31+BX31+BY31-BZ31 -> 51467639 | CC31: =SUM(CC6:CC30) -> 0 | CD31: =SUM(CD6:CD30) -> 0 | CE31: =SUM(CE6:CE30) -> 0 | CF31: =SUM(CF6:CF30) -> 0 | CG31: =+CC31+CD31+CE31-CF31 -> 0 | CI31: =SUM(CI6:CI30) -> 238229531 | CJ31: =SUM(CJ6:CJ30) -> 375799 | CK31: =SUM(CK6:CK30) -> 0 | CL31: =SUM(CL6:CL30) -> 172875 | CM31: =+CI31+CJ31+CK31-CL31 -> 238432455 | CO31: =SUM(CO6:CO30) -> 85050045 | CP31: =SUM(CP6:CP30) -> 0 | CQ31: =SUM(CQ6:CQ30) -> 0 | CR31: =SUM(CR6:CR30) -> 0 | CS31: =+CO31+CP31+CQ31-CR31 -> 85050045
B32: Last Year | G32: =+C32+D32+E32-F32 -> 0 | M32: =+I32+J32+K32-L32 -> 0 | S32: =+O32+P32+Q32-R32 -> 0 | AA32: 9456721 | AB32: 377422 | AD32: 107488 | AE32: =+AA32+AB32+AC32-AD32 -> 9726655 | AK32: =+AG32+AH32+AI32-AJ32 -> 0 | AQ32: =+AM32+AN32+AO32-AP32 -> 0 | AW32: =+AS32+AT32+AU32-AV32 -> 0 | BC32: =+AY32+AZ32+BA32-BB32 -> 0 | BI32: =+BE32+BF32+BG32-BH32 -> 0 | BO32: =+BK32+BL32+BM32-BN32 -> 0 | BU32: =+BQ32+BR32+BS32-BT32 -> 0 | CA32: =+BW32+BX32+BY32-BZ32 -> 0 | CG32: =+CC32+CD32+CE32-CF32 -> 0 | CM32: =+CI32+CJ32+CK32-CL32 -> 0 | CS32: =+CO32+CP32+CQ32-CR32 -> 0
G34: =G31-H63 -> 576766959 | M34: =M31-N63 -> 31716856 | S34: =S31-T63 -> 410395897 | Y34: =Y31-Z63 -> 1170257 | AE34: =AE31-AF63 -> 2747095 | AK34: =AK31-AL63 -> 0 | AQ34: =AQ31-AR63 -> 46875310 | AW34: =AW31-AX63 -> 2623289 | BC34: =BC31-BD63 -> 34479238 | BI34: =BI31-BJ63 -> 8344027 | BO34: =BO31-BP63 -> 7450213 | BU34: =BU31-BV63 -> 15273907 | CA34: =CA31-CB63 -> 13031145 | CG34: =CG31-CH63 -> 0 | CM34: =CM31-CN63 -> 1455037 | CS34: =CS31-CT63 -> 1204688
G35: (` in million) | M35: (` in million) | S35: (` in million) | Y35: (` in million) | AE35: (` in million) | AK35: (` in million) | AQ35: (` in million) | AW35: (` in million) | BC35: (` in million) | BI35: (` in million) | BO35: (` in million)
C36: TOTAL | I36: CORPORATE OFFICE | O36: BANGALORE | U36: AHMEDABAD | AA36: HYDERABAD | AG36: BELLARY | AM36: MUMBAI | AS36: GOA | AY36: BHUBANESWAR | BE36: KOLKATA | BK36: JAIPUR | BQ36: VIZAG | BW36: DRO | CC36: JJC | CI36: CHENNAI | CO36: MICA
B37: Depreciation / Impairment | C37: Opening balance as at 01-04-2014 | D37: Depreciation for the year | E37: Impairment/ (reversal of impairment) | F37: Sub-Total | G37: Deductions | H37: Balance as at 31-03-2015 | I37: Opening balance as at 01-04-2014 | J37: Depreciation for the year | K37: Impairment/ (reversal of impairment) | L37: Sub-Total | M37: Deductions | N37: Balance as at 31-03-2015 | O37: Opening balance as at 01-04-2014 | P37: Depreciation for the year | Q37: Impairment/ (reversal of impairment) | R37: Sub-Total | S37: Deductions | T37: Balance as at 31-03-2015 | U37: Opening balance as at 01-04-2014 | V37: Depreciation for the year | W37: Impairment/ (reversal of impairment) | X37: Sub-Total | Y37: Deductions | Z37: Balance as at 31-03-2015 | AA37: Opening balance as at 01-04-2014 | AB37: Depreciation for the year | AC37: Impairment/ (reversal of impairment) | AD37: Sub-Total | AE37: Deductions | AF37: Balance as at 31-03-2015 | AG37: Opening balance as at 01-04-2014 | AH37: Depreciation for the year | AI37: Impairment/ (reversal of impairment) | AJ37: Sub-Total | AK37: Deductions | AL37: Balance as at 31-03-2015 | AM37: Opening balance as at 01-04-2014 | AN37: Depreciation for the year | AO37: Impairment/ (reversal of impairment) | AP37: Sub-Total | AQ37: Deductions | AR37: Balance as at 31-03-2015 | AS37: Opening balance as at 01-04-2014 | AT37: Depreciation for the year | AU37: Impairment/ (reversal of impairment) | AV37: Sub-Total | AW37: Deductions | AX37: Balance as at 31-03-2015 | AY37: Opening balance as at 01-04-2014 | AZ37: Depreciation for the year | BA37: Impairment/ (reversal of impairment) | BB37: Sub-Total | BC37: Deductions | BD37: Balance as at 31-03-2015 | BE37: Opening balance as at 01-04-2014 | BF37: Depreciation for the year | BG37: Impairment/ (reversal of impairment) | BH37: Sub-Total | BI37: Deductions | BJ37: Balance as at 31-03-2015 | BK37: Opening balance as at 01-04-2014 | BL37: Depreciation for the year | BM37: Impairment/ (reversal of impairment) | BN37: Sub-Total | BO37: Deductions | BP37: Balance as at 31-03-2015 | BQ37: Opening balance as at 01-04-2014 | BR37: Depreciation for the year | BS37: Impairment/ (reversal of impairment) | BT37: Sub-Total | BU37: Deductions | BV37: Balance as at 31-03-2015 | BW37: Opening balance as at 01-04-2014 | BX37: Depreciation for the year | BY37: Impairment/ (reversal of impairment) | BZ37: Sub-Total | CA37: Deductions | CB37: Balance as at 31-03-2015 | CC37: Opening balance as at 01-04-2014 | CD37: Depreciation for the year | CE37: Impairment/ (reversal of impairment) | CF37: Sub-Total | CG37: Deductions | CH37: Balance as at 31-03-2015 | CI37: Opening balance as at 01-04-2014 | CJ37: Depreciation for the year | CK37: Impairment/ (reversal of impairment) | CL37: Sub-Total | CM37: Deductions | CN37: Balance as at 31-03-2015 | CO37: Opening balance as at 01-04-2014 | CP37: Depreciation for the year | CQ37: Impairment/ (reversal of impairment) | CR37: Sub-Total | CS37: Deductions | CT37: Balance as at 31-03-2015
B38: Land freehold
B39: -Office building | C39: =I39+O39+U39+AA39+AG39+AM39+AS39+AY39+BE39+BK39+BQ39+BW39+CC39+CI39+CO39 -> 0 | D39: =J39+P39+V39+AB39+AH39+AN39+AT39+AZ39+BF39+BL39+BR39+BX39+CD39+CJ39+CP39 -> 0 | E39: =K39+Q39+W39+AC39+AI39+AO39+AU39+BA39+BG39+BM39+BS39+BY39+CE39+CK39+CQ39 -> 0 | F39: =C39+D39+E39 -> 0 | G39: =M39+S39+Y39+AE39+AK39+AQ39+AW39+BC39+BI39+BO39+BU39+CA39+CG39+CM39+CS39 -> 0 | H39: =+F39-G39 -> 0 | L39: =I39+J39+K39 -> 0 | N39: =+L39-M39 -> 0 | R39: =O39+P39+Q39 -> 0 | T39: =+R39-S39 -> 0 | X39: =U39+V39+W39 -> 0 | Z39: =+X39-Y39 -> 0 | AD39: =AA39+AB39+AC39 -> 0 | AF39: =+AD39-AE39 -> 0 | AJ39: =AG39+AH39+AI39 -> 0 | AL39: =+AJ39-AK39 -> 0 | AP39: =AM39+AN39+AO39 -> 0 | AR39: =+AP39-AQ39 -> 0 | AV39: =AS39+AT39+AU39 -> 0 | AX39: =+AV39-AW39 -> 0 | BB39: =AY39+AZ39+BA39 -> 0 | BD39: =+BB39-BC39 -> 0 | BH39: =BE39+BF39+BG39 -> 0 | BJ39: =+BH39-BI39 -> 0 | BN39: =BK39+BL39+BM39 -> 0 | BP39: =+BN39-BO39 -> 0 | BT39: =BQ39+BR39+BS39 -> 0 | BV39: =+BT39-BU39 -> 0 | BZ39: =BW39+BX39+BY39 -> 0 | CB39: =+BZ39-CA39 -> 0 | CF39: =CC39+CD39+CE39 -> 0 | CH39: =+CF39-CG39 -> 0 | CL39: =CI39+CJ39+CK39 -> 0 | CN39: =+CL39-CM39 -> 0 | CR39: =CO39+CP39+CQ39 -> 0 | CT39: =+CR39-CS39 -> 0
B40: -Staff Quarters | C40: =I40+O40+U40+AA40+AG40+AM40+AS40+AY40+BE40+BK40+BQ40+BW40+CC40+CI40+CO40 -> 0 | D40: =J40+P40+V40+AB40+AH40+AN40+AT40+AZ40+BF40+BL40+BR40+BX40+CD40+CJ40+CP40 -> 0 | E40: =K40+Q40+W40+AC40+AI40+AO40+AU40+BA40+BG40+BM40+BS40+BY40+CE40+CK40+CQ40 -> 0 | F40: =C40+D40+E40 -> 0 | G40: =M40+S40+Y40+AE40+AK40+AQ40+AW40+BC40+BI40+BO40+BU40+CA40+CG40+CM40+CS40 -> 0 | H40: =+F40-G40 -> 0 | L40: =I40+J40+K40 -> 0 | N40: =+L40-M40 -> 0 | R40: =O40+P40+Q40 -> 0 | T40: =+R40-S40 -> 0 | X40: =U40+V40+W40 -> 0 | Z40: =+X40-Y40 -> 0 | AD40: =AA40+AB40+AC40 -> 0 | AF40: =+AD40-AE40 -> 0 | AJ40: =AG40+AH40+AI40 -> 0 | AL40: =+AJ40-AK40 -> 0 | AP40: =AM40+AN40+AO40 -> 0 | AR40: =+AP40-AQ40 -> 0 | AV40: =AS40+AT40+AU40 -> 0 | AX40: =+AV40-AW40 -> 0 | BB40: =AY40+AZ40+BA40 -> 0 | BD40: =+BB40-BC40 -> 0 | BH40: =BE40+BF40+BG40 -> 0 | BJ40: =+BH40-BI40 -> 0 | BN40: =BK40+BL40+BM40 -> 0 | BP40: =+BN40-BO40 -> 0 | BT40: =BQ40+BR40+BS40 -> 0 | BV40: =+BT40-BU40 -> 0 | BZ40: =BW40+BX40+BY40 -> 0 | CB40: =+BZ40-CA40 -> 0 | CF40: =CC40+CD40+CE40 -> 0 | CH40: =+CF40-CG40 -> 0 | CL40: =CI40+CJ40+CK40 -> 0 | CN40: =+CL40-CM40 -> 0 | CR40: =CO40+CP40+CQ40 -> 0 | CT40: =+CR40-CS40 -> 0
B41: Land leasehold | L41: =I41+J41+K41 -> 0 | N41: =+L41-M41 -> 0 | R41: =O41+P41+Q41 -> 0 | T41: =+R41-S41 -> 0 | X41: =U41+V41+W41 -> 0 | Z41: =+X41-Y41 -> 0 | AD41: =AA41+AB41+AC41 -> 0 | AF41: =+AD41-AE41 -> 0 | AJ41: =AG41+AH41+AI41 -> 0 | AL41: =+AJ41-AK41 -> 0 | AP41: =AM41+AN41+AO41 -> 0 | AR41: =+AP41-AQ41 -> 0 | AV41: =AS41+AT41+AU41 -> 0 | AX41: =+AV41-AW41 -> 0 | BB41: =AY41+AZ41+BA41 -> 0 | BD41: =+BB41-BC41 -> 0 | BH41: =BE41+BF41+BG41 -> 0 | BJ41: =+BH41-BI41 -> 0 | BN41: =BK41+BL41+BM41 -> 0 | BP41: =+BN41-BO41 -> 0 | BT41: =BQ41+BR41+BS41 -> 0 | BV41: =+BT41-BU41 -> 0 | BZ41: =BW41+BX41+BY41 -> 0 | CB41: =+BZ41-CA41 -> 0 | CF41: =CC41+CD41+CE41 -> 0 | CH41: =+CF41-CG41 -> 0 | CL41: =CI41+CJ41+CK41 -> 0 | CN41: =+CL41-CM41 -> 0 | CR41: =CO41+CP41+CQ41 -> 0 | CT41: =+CR41-CS41 -> 0
B42: -Office building | C42: =I42+O42+U42+AA42+AG42+AM42+AS42+AY42+BE42+BK42+BQ42+BW42+CC42+CI42+CO42 -> 12126157 | D42: =J42+P42+V42+AB42+AH42+AN42+AT42+AZ42+BF42+BL42+BR42+BX42+CD42+CJ42+CP42 -> 502694 | E42: =K42+Q42+W42+AC42+AI42+AO42+AU42+BA42+BG42+BM42+BS42+BY42+CE42+CK42+CQ42 -> 0 | F42: =C42+D42+E42 -> 12628851 | G42: =M42+S42+Y42+AE42+AK42+AQ42+AW42+BC42+BI42+BO42+BU42+CA42+CG42+CM42+CS42 -> 0 | H42: =+F42-G42 -> 12628851 | I42: 2907686 | J42: 113515 | L42: =I42+J42+K42 -> 3021201 | N42: =+L42-M42 -> 3021201 | O42: 325500 | P42: 54250 | R42: =O42+P42+Q42 -> 379750 | T42: =+R42-S42 -> 379750 | X42: =U42+V42+W42 -> 0 | Z42: =+X42-Y42 -> 0 | AD42: =AA42+AB42+AC42 -> 0 | AF42: =+AD42-AE42 -> 0 | AJ42: =AG42+AH42+AI42 -> 0 | AL42: =+AJ42-AK42 -> 0 | AM42: 8248012 | AN42: 313346 | AP42: =AM42+AN42+AO42 -> 8561358 | AR42: =+AP42-AQ42 -> 8561358 | AV42: =AS42+AT42+AU42 -> 0 | AX42: =+AV42-AW42 -> 0 | AY42: 141720 | AZ42: 4295 | BB42: =AY42+AZ42+BA42 -> 146015 | BD42: =+BB42-BC42 -> 146015 | BE42: 13220 | BH42: =BE42+BF42+BG42 -> 13220 | BJ42: =+BH42-BI42 -> 13220 | BN42: =BK42+BL42+BM42 -> 0 | BP42: =+BN42-BO42 -> 0 | BQ42: 149 | BT42: =BQ42+BR42+BS42 -> 149 | BV42: =+BT42-BU42 -> 149 | BZ42: =BW42+BX42+BY42 -> 0 | CB42: =+BZ42-CA42 -> 0 | CF42: =CC42+CD42+CE42 -> 0 | CH42: =+CF42-CG42 -> 0 | CL42: =CI42+CJ42+CK42 -> 0 | CN42: =+CL42-CM42 -> 0 | CO42: 489870 | CP42: 17288 | CR42: =CO42+CP42+CQ42 -> 507158 | CT42: =+CR42-CS42 -> 507158
B43: -Staff Quarters | C43: =I43+O43+U43+AA43+AG43+AM43+AS43+AY43+BE43+BK43+BQ43+BW43+CC43+CI43+CO43 -> 1116383 | D43: =J43+P43+V43+AB43+AH43+AN43+AT43+AZ43+BF43+BL43+BR43+BX43+CD43+CJ43+CP43 -> 25304 | E43: =K43+Q43+W43+AC43+AI43+AO43+AU43+BA43+BG43+BM43+BS43+BY43+CE43+CK43+CQ43 -> 0 | F43: =C43+D43+E43 -> 1141687 | G43: =M43+S43+Y43+AE43+AK43+AQ43+AW43+BC43+BI43+BO43+BU43+CA43+CG43+CM43+CS43 -> 0 | H43: =+F43-G43 -> 1141687 | I43: 615533 | J43: 12410 | L43: =I43+J43+K43 -> 627943 | N43: =+L43-M43 -> 627943 | R43: =O43+P43+Q43 -> 0 | T43: =+R43-S43 -> 0 | X43: =U43+V43+W43 -> 0 | Z43: =+X43-Y43 -> 0 | AD43: =AA43+AB43+AC43 -> 0 | AF43: =+AD43-AE43 -> 0 | AJ43: =AG43+AH43+AI43 -> 0 | AL43: =+AJ43-AK43 -> 0 | AP43: =AM43+AN43+AO43 -> 0 | AR43: =+AP43-AQ43 -> 0 | AS43: 275069 | AT43: 10604 | AV43: =AS43+AT43+AU43 -> 285673 | AX43: =+AV43-AW43 -> 285673 | AY43: 225781 | AZ43: 2290 | BB43: =AY43+AZ43+BA43 -> 228071 | BD43: =+BB43-BC43 -> 228071 | BH43: =BE43+BF43+BG43 -> 0 | BJ43: =+BH43-BI43 -> 0 | BN43: =BK43+BL43+BM43 -> 0 | BP43: =+BN43-BO43 -> 0 | BT43: =BQ43+BR43+BS43 -> 0 | BV43: =+BT43-BU43 -> 0 | BZ43: =BW43+BX43+BY43 -> 0 | CB43: =+BZ43-CA43 -> 0 | CF43: =CC43+CD43+CE43 -> 0 | CH43: =+CF43-CG43 -> 0 | CL43: =CI43+CJ43+CK43 -> 0 | CN43: =+CL43-CM43 -> 0 | CR43: =CO43+CP43+CQ43 -> 0 | CT43: =+CR43-CS43 -> 0
B44: Building | L44: =I44+J44+K44 -> 0 | N44: =+L44-M44 -> 0 | R44: =O44+P44+Q44 -> 0 | T44: =+R44-S44 -> 0 | X44: =U44+V44+W44 -> 0 | Z44: =+X44-Y44 -> 0 | AD44: =AA44+AB44+AC44 -> 0 | AF44: =+AD44-AE44 -> 0 | AJ44: =AG44+AH44+AI44 -> 0 | AL44: =+AJ44-AK44 -> 0 | AP44: =AM44+AN44+AO44 -> 0 | AR44: =+AP44-AQ44 -> 0 | AV44: =AS44+AT44+AU44 -> 0 | AX44: =+AV44-AW44 -> 0 | BB44: =AY44+AZ44+BA44 -> 0 | BD44: =+BB44-BC44 -> 0 | BH44: =BE44+BF44+BG44 -> 0 | BJ44: =+BH44-BI44 -> 0 | BN44: =BK44+BL44+BM44 -> 0 | BP44: =+BN44-BO44 -> 0 | BT44: =BQ44+BR44+BS44 -> 0 | BV44: =+BT44-BU44 -> 0 | BZ44: =BW44+BX44+BY44 -> 0 | CB44: =+BZ44-CA44 -> 0 | CF44: =CC44+CD44+CE44 -> 0 | CH44: =+CF44-CG44 -> 0 | CL44: =CI44+CJ44+CK44 -> 0 | CN44: =+CL44-CM44 -> 0 | CR44: =CO44+CP44+CQ44 -> 0 | CT44: =+CR44-CS44 -> 0
B45: -Office Building | C45: =I45+O45+U45+AA45+AG45+AM45+AS45+AY45+BE45+BK45+BQ45+BW45+CC45+CI45+CO45 -> 59214126 | D45: =J45+P45+V45+AB45+AH45+AN45+AT45+AZ45+BF45+BL45+BR45+BX45+CD45+CJ45+CP45 -> 1520797 | E45: =K45+Q45+W45+AC45+AI45+AO45+AU45+BA45+BG45+BM45+BS45+BY45+CE45+CK45+CQ45 -> 0 | F45: =C45+D45+E45 -> 60734923 | G45: =M45+S45+Y45+AE45+AK45+AQ45+AW45+BC45+BI45+BO45+BU45+CA45+CG45+CM45+CS45 -> 0 | H45: =+F45-G45 -> 60734923 | I45: 20656485 | J45: 352225 | L45: =I45+J45+K45 -> 21008710 | N45: =+L45-M45 -> 21008710 | O45: 1262464 | P45: 38003 | R45: =O45+P45+Q45 -> 1300467 | T45: =+R45-S45 -> 1300467 | U45: 1858174 | V45: 11703 | X45: =U45+V45+W45 -> 1869877 | Z45: =+X45-Y45 -> 1869877 | AD45: =AA45+AB45+AC45 -> 0 | AF45: =+AD45-AE45 -> 0 | AJ45: =AG45+AH45+AI45 -> 0 | AL45: =+AJ45-AK45 -> 0 | AM45: 14064210 | AN45: 598380 | AP45: =AM45+AN45+AO45 -> 14662590 | AR45: =+AP45-AQ45 -> 14662590 | AS45: 2899 | AV45: =AS45+AT45+AU45 -> 2899 | AX45: =+AV45-AW45 -> 2899 | AY45: 3663775 | AZ45: 400482 | BB45: =AY45+AZ45+BA45 -> 4064257 | BD45: =+BB45-BC45 -> 4064257 | BE45: 767711 | BF45: 46429 | BH45: =BE45+BF45+BG45 -> 814140 | BJ45: =+BH45-BI45 -> 814140 | BN45: =BK45+BL45+BM45 -> 0 | BP45: =+BN45-BO45 -> 0 | BQ45: 2612188 | BR45: 73575 | BT45: =BQ45+BR45+BS45 -> 2685763 | BV45: =+BT45-BU45 -> 2685763 | BZ45: =BW45+BX45+BY45 -> 0 | CB45: =+BZ45-CA45 -> 0 | CF45: =CC45+CD45+CE45 -> 0 | CH45: =+CF45-CG45 -> 0 | CL45: =CI45+CJ45+CK45 -> 0 | CN45: =+CL45-CM45 -> 0 | CO45: 14326220 | CR45: =CO45+CP45+CQ45 -> 14326220 | CT45: =+CR45-CS45 -> 14326220
B46: -Staff Quarters/Residential Flats | C46: =I46+O46+U46+AA46+AG46+AM46+AS46+AY46+BE46+BK46+BQ46+BW46+CC46+CI46+CO46 -> 53092819 | D46: =J46+P46+V46+AB46+AH46+AN46+AT46+AZ46+BF46+BL46+BR46+BX46+CD46+CJ46+CP46 -> 507578 | E46: =K46+Q46+W46+AC46+AI46+AO46+AU46+BA46+BG46+BM46+BS46+BY46+CE46+CK46+CQ46 -> 0 | F46: =C46+D46+E46 -> 53600397 | G46: =M46+S46+Y46+AE46+AK46+AQ46+AW46+BC46+BI46+BO46+BU46+CA46+CG46+CM46+CS46 -> 0 | H46: =+F46-G46 -> 53600397 | I46: 16551246 | J46: 45305 | L46: =I46+J46+K46 -> 16596551 | N46: =+L46-M46 -> 16596551 | O46: 7225300 | P46: 25960 | R46: =O46+P46+Q46 -> 7251260 | T46: =+R46-S46 -> 7251260 | U46: 709836 | X46: =U46+V46+W46 -> 709836 | Z46: =+X46-Y46 -> 709836 | AD46: =AA46+AB46+AC46 -> 0 | AF46: =+AD46-AE46 -> 0 | AJ46: =AG46+AH46+AI46 -> 0 | AL46: =+AJ46-AK46 -> 0 | AM46: 8692792 | AN46: 13682 | AP46: =AM46+AN46+AO46 -> 8706474 | AR46: =+AP46-AQ46 -> 8706474 | AS46: 5712793 | AT46: 117773 | AV46: =AS46+AT46+AU46 -> 5830566 | AX46: =+AV46-AW46 -> 5830566 | AY46: 8921257 | AZ46: 226455 | BB46: =AY46+AZ46+BA46 -> 9147712 | BD46: =+BB46-BC46 -> 9147712 | BE46: 4453744 | BF46: 22704 | BH46: =BE46+BF46+BG46 -> 4476448 | BJ46: =+BH46-BI46 -> 4476448 | BN46: =BK46+BL46+BM46 -> 0 | BP46: =+BN46-BO46 -> 0 | BT46: =BQ46+BR46+BS46 -> 0 | BV46: =+BT46-BU46 -> 0 | BZ46: =BW46+BX46+BY46 -> 0 | CB46: =+BZ46-CA46 -> 0 | CF46: =CC46+CD46+CE46 -> 0 | CH46: =+CF46-CG46 -> 0 | CI46: 825851 | CJ46: 55699 | CL46: =CI46+CJ46+CK46 -> 881550 | CN46: =+CL46-CM46 -> 881550 | CR46: =CO46+CP46+CQ46 -> 0 | CT46: =+CR46-CS46 -> 0
B47: -Water supply, Sewerage & Drainage | C47: =I47+O47+U47+AA47+AG47+AM47+AS47+AY47+BE47+BK47+BQ47+BW47+CC47+CI47+CO47 -> 9398809 | D47: =J47+P47+V47+AB47+AH47+AN47+AT47+AZ47+BF47+BL47+BR47+BX47+CD47+CJ47+CP47 -> 85639 | E47: =K47+Q47+W47+AC47+AI47+AO47+AU47+BA47+BG47+BM47+BS47+BY47+CE47+CK47+CQ47 -> 0 | F47: =C47+D47+E47 -> 9484448 | G47: =M47+S47+Y47+AE47+AK47+AQ47+AW47+BC47+BI47+BO47+BU47+CA47+CG47+CM47+CS47 -> 0 | H47: =+F47-G47 -> 9484448 | I47: 3024636 | L47: =I47+J47+K47 -> 3024636 | N47: =+L47-M47 -> 3024636 | R47: =O47+P47+Q47 -> 0 | T47: =+R47-S47 -> 0 | X47: =U47+V47+W47 -> 0 | Z47: =+X47-Y47 -> 0 | AD47: =AA47+AB47+AC47 -> 0 | AF47: =+AD47-AE47 -> 0 | AJ47: =AG47+AH47+AI47 -> 0 | AL47: =+AJ47-AK47 -> 0 | AM47: 19599 | AP47: =AM47+AN47+AO47 -> 19599 | AR47: =+AP47-AQ47 -> 19599 | AV47: =AS47+AT47+AU47 -> 0 | AX47: =+AV47-AW47 -> 0 | AY47: 1347224 | AZ47: 85639 | BB47: =AY47+AZ47+BA47 -> 1432863 | BD47: =+BB47-BC47 -> 1432863 | BH47: =BE47+BF47+BG47 -> 0 | BJ47: =+BH47-BI47 -> 0 | BN47: =BK47+BL47+BM47 -> 0 | BP47: =+BN47-BO47 -> 0 | BQ47: 59669 | BT47: =BQ47+BR47+BS47 -> 59669 | BV47: =+BT47-BU47 -> 59669 | BZ47: =BW47+BX47+BY47 -> 0 | CB47: =+BZ47-CA47 -> 0 | CF47: =CC47+CD47+CE47 -> 0 | CH47: =+CF47-CG47 -> 0 | CL47: =CI47+CJ47+CK47 -> 0 | CN47: =+CL47-CM47 -> 0 | CO47: 4947681 | CR47: =CO47+CP47+CQ47 -> 4947681 | CT47: =+CR47-CS47 -> 4947681
B48: -Electrical Installations | C48: =I48+O48+U48+AA48+AG48+AM48+AS48+AY48+BE48+BK48+BQ48+BW48+CC48+CI48+CO48 -> 16411123 | D48: =J48+P48+V48+AB48+AH48+AN48+AT48+AZ48+BF48+BL48+BR48+BX48+CD48+CJ48+CP48 -> 342944 | E48: =K48+Q48+W48+AC48+AI48+AO48+AU48+BA48+BG48+BM48+BS48+BY48+CE48+CK48+CQ48 -> 0 | F48: =C48+D48+E48 -> 16754067 | G48: =M48+S48+Y48+AE48+AK48+AQ48+AW48+BC48+BI48+BO48+BU48+CA48+CG48+CM48+CS48 -> 32147 | H48: =+F48-G48 -> 16721920 | I48: 9345132 | J48: 180502 | L48: =I48+J48+K48 -> 9525634 | N48: =+L48-M48 -> 9525634 | O48: 262443 | P48: 1200 | R48: =O48+P48+Q48 -> 263643 | T48: =+R48-S48 -> 263643 | U48: 285474 | V48: 6819 | X48: =U48+V48+W48 -> 292293 | Y48: 19548 | Z48: =+X48-Y48 -> 272745 | AA48: 114041 | AB48: 88843 | AD48: =AA48+AB48+AC48 -> 202884 | AF48: =+AD48-AE48 -> 202884 | AJ48: =AG48+AH48+AI48 -> 0 | AL48: =+AJ48-AK48 -> 0 | AM48: 14963 | AN48: 3726 | AP48: =AM48+AN48+AO48 -> 18689 | AR48: =+AP48-AQ48 -> 18689 | AV48: =AS48+AT48+AU48 -> 0 | AX48: =+AV48-AW48 -> 0 | AY48: 703508 | AZ48: 24000 | BB48: =AY48+AZ48+BA48 -> 727508 | BD48: =+BB48-BC48 -> 727508 | BE48: 181877 | BF48: 20341 | BH48: =BE48+BF48+BG48 -> 202218 | BJ48: =+BH48-BI48 -> 202218 | BK48: 74325 | BL48: 13322 | BN48: =BK48+BL48+BM48 -> 87647 | BP48: =+BN48-BO48 -> 87647 | BQ48: 721044 | BT48: =BQ48+BR48+BS48 -> 721044 | BU48: 12599 | BV48: =+BT48-BU48 -> 708445 | BZ48: =BW48+BX48+BY48 -> 0 | CB48: =+BZ48-CA48 -> 0 | CF48: =CC48+CD48+CE48 -> 0 | CH48: =+CF48-CG48 -> 0 | CI48: 36706 | CJ48: 4191 | CL48: =CI48+CJ48+CK48 -> 40897 | CN48: =+CL48-CM48 -> 40897 | CO48: 4671610 | CR48: =CO48+CP48+CQ48 -> 4671610 | CT48: =+CR48-CS48 -> 4671610
B49: -Roads & Culverts | C49: =I49+O49+U49+AA49+AG49+AM49+AS49+AY49+BE49+BK49+BQ49+BW49+CC49+CI49+CO49 -> 3209239 | D49: =J49+P49+V49+AB49+AH49+AN49+AT49+AZ49+BF49+BL49+BR49+BX49+CD49+CJ49+CP49 -> 138179 | E49: =K49+Q49+W49+AC49+AI49+AO49+AU49+BA49+BG49+BM49+BS49+BY49+CE49+CK49+CQ49 -> 0 | F49: =C49+D49+E49 -> 3347418 | G49: =M49+S49+Y49+AE49+AK49+AQ49+AW49+BC49+BI49+BO49+BU49+CA49+CG49+CM49+CS49 -> 0 | H49: =+F49-G49 -> 3347418 | I49: 396024 | J49: 5932 | L49: =I49+J49+K49 -> 401956 | N49: =+L49-M49 -> 401956 | O49: 21698 | P49: 347 | R49: =O49+P49+Q49 -> 22045 | T49: =+R49-S49 -> 22045 | X49: =U49+V49+W49 -> 0 | Z49: =+X49-Y49 -> 0 | AD49: =AA49+AB49+AC49 -> 0 | AF49: =+AD49-AE49 -> 0 | AJ49: =AG49+AH49+AI49 -> 0 | AL49: =+AJ49-AK49 -> 0 | AP49: =AM49+AN49+AO49 -> 0 | AR49: =+AP49-AQ49 -> 0 | AV49: =AS49+AT49+AU49 -> 0 | AX49: =+AV49-AW49 -> 0 | AY49: 260771 | AZ49: 30262 | BB49: =AY49+AZ49+BA49 -> 291033 | BD49: =+BB49-BC49 -> 291033 | BH49: =BE49+BF49+BG49 -> 0 | BJ49: =+BH49-BI49 -> 0 | BN49: =BK49+BL49+BM49 -> 0 | BP49: =+BN49-BO49 -> 0 | BQ49: 73463 | BR49: 101638 | BT49: =BQ49+BR49+BS49 -> 175101 | BV49: =+BT49-BU49 -> 175101 | BZ49: =BW49+BX49+BY49 -> 0 | CB49: =+BZ49-CA49 -> 0 | CF49: =CC49+CD49+CE49 -> 0 | CH49: =+CF49-CG49 -> 0 | CL49: =CI49+CJ49+CK49 -> 0 | CN49: =+CL49-CM49 -> 0 | CO49: 2457283 | CR49: =CO49+CP49+CQ49 -> 2457283 | CT49: =+CR49-CS49 -> 2457283
B50: -Audio/Fire/Airconditioning | C50: =I50+O50+U50+AA50+AG50+AM50+AS50+AY50+BE50+BK50+BQ50+BW50+CC50+CI50+CO50 -> 11995935 | D50: =J50+P50+V50+AB50+AH50+AN50+AT50+AZ50+BF50+BL50+BR50+BX50+CD50+CJ50+CP50 -> 155288 | E50: =K50+Q50+W50+AC50+AI50+AO50+AU50+BA50+BG50+BM50+BS50+BY50+CE50+CK50+CQ50 -> 0 | F50: =C50+D50+E50 -> 12151223 | G50: =M50+S50+Y50+AE50+AK50+AQ50+AW50+BC50+BI50+BO50+BU50+CA50+CG50+CM50+CS50 -> 150126 | H50: =+F50-G50 -> 12001097 | I50: 9600644 | L50: =I50+J50+K50 -> 9600644 | N50: =+L50-M50 -> 9600644 | O50: 87227 | R50: =O50+P50+Q50 -> 87227 | S50: 87227 | T50: =+R50-S50 -> 0 | X50: =U50+V50+W50 -> 0 | Z50: =+X50-Y50 -> 0 | AD50: =AA50+AB50+AC50 -> 0 | AF50: =+AD50-AE50 -> 0 | AJ50: =AG50+AH50+AI50 -> 0 | AL50: =+AJ50-AK50 -> 0 | AP50: =AM50+AN50+AO50 -> 0 | AR50: =+AP50-AQ50 -> 0 | AV50: =AS50+AT50+AU50 -> 0 | AX50: =+AV50-AW50 -> 0 | BB50: =AY50+AZ50+BA50 -> 0 | BD50: =+BB50-BC50 -> 0 | BE50: 23342 | BH50: =BE50+BF50+BG50 -> 23342 | BJ50: =+BH50-BI50 -> 23342 | BK50: 16356 | BL50: 9227 | BN50: =BK50+BL50+BM50 -> 25583 | BP50: =+BN50-BO50 -> 25583 | BQ50: 803021 | BR50: 111786 | BT50: =BQ50+BR50+BS50 -> 914807 | BU50: 62899 | BV50: =+BT50-BU50 -> 851908 | BZ50: =BW50+BX50+BY50 -> 0 | CB50: =+BZ50-CA50 -> 0 | CF50: =CC50+CD50+CE50 -> 0 | CH50: =+CF50-CG50 -> 0 | CI50: 230726 | CJ50: 34275 | CL50: =CI50+CJ50+CK50 -> 265001 | CN50: =+CL50-CM50 -> 265001 | CO50: 1234619 | CR50: =CO50+CP50+CQ50 -> 1234619 | CT50: =+CR50-CS50 -> 1234619
B51: Plant & Equipment | C51: =I51+O51+U51+AA51+AG51+AM51+AS51+AY51+BE51+BK51+BQ51+BW51+CC51+CI51+CO51 -> 332080802 | D51: =J51+P51+V51+AB51+AH51+AN51+AT51+AZ51+BF51+BL51+BR51+BX51+CD51+CJ51+CP51 -> 33576635 | E51: =K51+Q51+W51+AC51+AI51+AO51+AU51+BA51+BG51+BM51+BS51+BY51+CE51+CK51+CQ51 -> 0 | F51: =C51+D51+E51 -> 365657437 | G51: =M51+S51+Y51+AE51+AK51+AQ51+AW51+BC51+BI51+BO51+BU51+CA51+CG51+CM51+CS51 -> 1915883 | H51: =+F51-G51 -> 363741554 | L51: =I51+J51+K51 -> 0 | N51: =+L51-M51 -> 0 | O51: 257985420 | P51: 29163445 | R51: =O51+P51+Q51 -> 287148865 | T51: =+R51-S51 -> 287148865 | U51: 3420431 | X51: =U51+V51+W51 -> 3420431 | Y51: 1884651 | Z51: =+X51-Y51 -> 1535780 | AD51: =AA51+AB51+AC51 -> 0 | AF51: =+AD51-AE51 -> 0 | AJ51: =AG51+AH51+AI51 -> 0 | AL51: =+AJ51-AK51 -> 0 | AM51: 1033035 | AN51: 265123 | AP51: =AM51+AN51+AO51 -> 1298158 | AR51: =+AP51-AQ51 -> 1298158 | AV51: =AS51+AT51+AU51 -> 0 | AX51: =+AV51-AW51 -> 0 | AY51: 2979317 | AZ51: 597812 | BB51: =AY51+AZ51+BA51 -> 3577129 | BD51: =+BB51-BC51 -> 3577129 | BE51: 4034959 | BF51: 738245 | BH51: =BE51+BF51+BG51 -> 4773204 | BI51: 31232 | BJ51: =+BH51-BI51 -> 4741972 | BK51: 1764354 | BL51: 650022 | BN51: =BK51+BL51+BM51 -> 2414376 | BP51: =+BN51-BO51 -> 2414376 | BQ51: 324340 | BT51: =BQ51+BR51+BS51 -> 324340 | BV51: =+BT51-BU51 -> 324340 | BW51: 6868593 | BX51: 2161988 | BZ51: =BW51+BX51+BY51 -> 9030581 | CB51: =+BZ51-CA51 -> 9030581 | CF51: =CC51+CD51+CE51 -> 0 | CH51: =+CF51-CG51 -> 0 | CI51: 80551 | CL51: =CI51+CJ51+CK51 -> 80551 | CN51: =+CL51-CM51 -> 80551 | CO51: 53589802 | CR51: =CO51+CP51+CQ51 -> 53589802 | CT51: =+CR51-CS51 -> 53589802
B52: Furniture & Fixtures | F52: =C52+D52+E52 -> 0 | L52: =I52+J52+K52 -> 0 | N52: =+L52-M52 -> 0 | R52: =O52+P52+Q52 -> 0 | T52: =+R52-S52 -> 0 | X52: =U52+V52+W52 -> 0 | Z52: =+X52-Y52 -> 0 | AD52: =AA52+AB52+AC52 -> 0 | AF52: =+AD52-AE52 -> 0 | AJ52: =AG52+AH52+AI52 -> 0 | AL52: =+AJ52-AK52 -> 0 | AP52: =AM52+AN52+AO52 -> 0 | AR52: =+AP52-AQ52 -> 0 | AV52: =AS52+AT52+AU52 -> 0 | AX52: =+AV52-AW52 -> 0 | BB52: =AY52+AZ52+BA52 -> 0 | BD52: =+BB52-BC52 -> 0 | BH52: =BE52+BF52+BG52 -> 0 | BJ52: =+BH52-BI52 -> 0 | BN52: =BK52+BL52+BM52 -> 0 | BP52: =+BN52-BO52 -> 0 | BT52: =BQ52+BR52+BS52 -> 0 | BV52: =+BT52-BU52 -> 0 | BZ52: =BW52+BX52+BY52 -> 0 | CB52: =+BZ52-CA52 -> 0 | CF52: =CC52+CD52+CE52 -> 0 | CH52: =+CF52-CG52 -> 0 | CL52: =CI52+CJ52+CK52 -> 0 | CN52: =+CL52-CM52 -> 0 | CR52: =CO52+CP52+CQ52 -> 0 | CT52: =+CR52-CS52 -> 0
B53: -Partitions | C53: =I53+O53+U53+AA53+AG53+AM53+AS53+AY53+BE53+BK53+BQ53+BW53+CC53+CI53+CO53 -> 22955915 | D53: =J53+P53+V53+AB53+AH53+AN53+AT53+AZ53+BF53+BL53+BR53+BX53+CD53+CJ53+CP53 -> 11175 | E53: =K53+Q53+W53+AC53+AI53+AO53+AU53+BA53+BG53+BM53+BS53+BY53+CE53+CK53+CQ53 -> 0 | F53: =C53+D53+E53 -> 22967090 | G53: =M53+S53+Y53+AE53+AK53+AQ53+AW53+BC53+BI53+BO53+BU53+CA53+CG53+CM53+CS53 -> -1131538 | H53: =+F53-G53 -> 24098628 | I53: 14510433 | L53: =I53+J53+K53 -> 14510433 | M53: -1167732 | N53: =+L53-M53 -> 15678165 | O53: 428293 | R53: =O53+P53+Q53 -> 428293 | T53: =+R53-S53 -> 428293 | U53: 832480 | X53: =U53+V53+W53 -> 832480 | Z53: =+X53-Y53 -> 832480 | AA53: 3008137 | AD53: =AA53+AB53+AC53 -> 3008137 | AF53: =+AD53-AE53 -> 3008137 | AJ53: =AG53+AH53+AI53 -> 0 | AL53: =+AJ53-AK53 -> 0 | AM53: 458282 | AP53: =AM53+AN53+AO53 -> 458282 | AR53: =+AP53-AQ53 -> 458282 | AS53: 540785 | AV53: =AS53+AT53+AU53 -> 540785 | AX53: =+AV53-AW53 -> 540785 | AY53: 859978 | BB53: =AY53+AZ53+BA53 -> 859978 | BD53: =+BB53-BC53 -> 859978 | BH53: =BE53+BF53+BG53 -> 0 | BJ53: =+BH53-BI53 -> 0 | BK53: 950046 | BL53: 58 | BN53: =BK53+BL53+BM53 -> 950104 | BO53: 36194 | BP53: =+BN53-BO53 -> 913910 | BQ53: 111365 | BT53: =BQ53+BR53+BS53 -> 111365 | BV53: =+BT53-BU53 -> 111365 | BW53: 912241 | BZ53: =BW53+BX53+BY53 -> 912241 | CB53: =+BZ53-CA53 -> 912241 | CF53: =CC53+CD53+CE53 -> 0 | CH53: =+CF53-CG53 -> 0 | CI53: 343875 | CJ53: 11117 | CL53: =CI53+CJ53+CK53 -> 354992 | CN53: =+CL53-CM53 -> 354992 | CR53: =CO53+CP53+CQ53 -> 0 | CT53: =+CR53-CS53 -> 0
B54: -Others | C54: =I54+O54+U54+AA54+AG54+AM54+AS54+AY54+BE54+BK54+BQ54+BW54+CC54+CI54+CO54 -> 48001777 | D54: =J54+P54+V54+AB54+AH54+AN54+AT54+AZ54+BF54+BL54+BR54+BX54+CD54+CJ54+CP54 -> 850128 | E54: =K54+Q54+W54+AC54+AI54+AO54+AU54+BA54+BG54+BM54+BS54+BY54+CE54+CK54+CQ54 -> 0 | F54: =C54+D54+E54 -> 48851905 | G54: =M54+S54+Y54+AE54+AK54+AQ54+AW54+BC54+BI54+BO54+BU54+CA54+CG54+CM54+CS54 -> 2296361 | H54: =+F54-G54 -> 46555544 | I54: 11218402 | J54: 221125 | L54: =I54+J54+K54 -> 11439527 | M54: 2248228 | N54: =+L54-M54 -> 9191299 | O54: 3685344 | P54: 10324 | R54: =O54+P54+Q54 -> 3695668 | T54: =+R54-S54 -> 3695668 | U54: 2087366 | V54: 34583 | X54: =U54+V54+W54 -> 2121949 | Y54: 22188 | Z54: =+X54-Y54 -> 2099761 | AA54: 820274 | AB54: 22279 | AD54: =AA54+AB54+AC54 -> 842553 | AF54: =+AD54-AE54 -> 842553 | AJ54: =AG54+AH54+AI54 -> 0 | AL54: =+AJ54-AK54 -> 0 | AM54: 9600337 | AN54: 4317 | AP54: =AM54+AN54+AO54 -> 9604654 | AR54: =+AP54-AQ54 -> 9604654 | AS54: 3875460 | AT54: 364214 | AV54: =AS54+AT54+AU54 -> 4239674 | AX54: =+AV54-AW54 -> 4239674 | AY54: 4456806 | AZ54: 12491 | BB54: =AY54+AZ54+BA54 -> 4469297 | BD54: =+BB54-BC54 -> 4469297 | BE54: 2559053 | BF54: 70230 | BH54: =BE54+BF54+BG54 -> 2629283 | BI54: 10130 | BJ54: =+BH54-BI54 -> 2619153 | BK54: 796535 | BL54: 6168 | BN54: =BK54+BL54+BM54 -> 802703 | BO54: 15815 | BP54: =+BN54-BO54 -> 786888 | BQ54: 1567804 | BR54: 104 | BT54: =BQ54+BR54+BS54 -> 1567908 | BV54: =+BT54-BU54 -> 1567908 | BW54: 3511195 | BX54: 103881 | BZ54: =BW54+BX54+BY54 -> 3615076 | CB54: =+BZ54-CA54 -> 3615076 | CF54: =CC54+CD54+CE54 -> 0 | CH54: =+CF54-CG54 -> 0 | CI54: 2127414 | CJ54: 412 | CL54: =CI54+CJ54+CK54 -> 2127826 | CN54: =+CL54-CM54 -> 2127826 | CO54: 1695787 | CR54: =CO54+CP54+CQ54 -> 1695787 | CT54: =+CR54-CS54 -> 1695787
B55: Vehicles | C55: =I55+O55+U55+AA55+AG55+AM55+AS55+AY55+BE55+BK55+BQ55+BW55+CC55+CI55+CO55 -> 20472182 | D55: =J55+P55+V55+AB55+AH55+AN55+AT55+AZ55+BF55+BL55+BR55+BX55+CD55+CJ55+CP55 -> 240044 | E55: =K55+Q55+W55+AC55+AI55+AO55+AU55+BA55+BG55+BM55+BS55+BY55+CE55+CK55+CQ55 -> 0 | F55: =C55+D55+E55 -> 20712226 | G55: =M55+S55+Y55+AE55+AK55+AQ55+AW55+BC55+BI55+BO55+BU55+CA55+CG55+CM55+CS55 -> 551682 | H55: =+F55-G55 -> 20160544 | I55: 10769924 | J55: 53655 | L55: =I55+J55+K55 -> 10823579 | N55: =+L55-M55 -> 10823579 | O55: 734985 | R55: =O55+P55+Q55 -> 734985 | T55: =+R55-S55 -> 734985 | U55: 486686 | V55: 43540 | X55: =U55+V55+W55 -> 530226 | Z55: =+X55-Y55 -> 530226 | AA55: 586849 | AD55: =AA55+AB55+AC55 -> 586849 | AF55: =+AD55-AE55 -> 586849 | AJ55: =AG55+AH55+AI55 -> 0 | AL55: =+AJ55-AK55 -> 0 | AM55: 1091081 | AN55: 52576 | AP55: =AM55+AN55+AO55 -> 1143657 | AR55: =+AP55-AQ55 -> 1143657 | AS55: 1214664 | AT55: 1 | AV55: =AS55+AT55+AU55 -> 1214665 | AW55: 550000 | AX55: =+AV55-AW55 -> 664665 | AY55: 1795430 | AZ55: 44503 | BB55: =AY55+AZ55+BA55 -> 1839933 | BD55: =+BB55-BC55 -> 1839933 | BE55: 991553 | BH55: =BE55+BF55+BG55 -> 991553 | BJ55: =+BH55-BI55 -> 991553 | BK55: 536446 | BN55: =BK55+BL55+BM55 -> 536446 | BO55: 1682 | BP55: =+BN55-BO55 -> 534764 | BQ55: 40923 | BT55: =BQ55+BR55+BS55 -> 40923 | BV55: =+BT55-BU55 -> 40923 | BW55: 1157475 | BZ55: =BW55+BX55+BY55 -> 1157475 | CB55: =+BZ55-CA55 -> 1157475 | CF55: =CC55+CD55+CE55 -> 0 | CH55: =+CF55-CG55 -> 0 | CI55: 999620 | CJ55: 45769 | CL55: =CI55+CJ55+CK55 -> 1045389 | CN55: =+CL55-CM55 -> 1045389 | CO55: 66546 | CR55: =CO55+CP55+CQ55 -> 66546 | CT55: =+CR55-CS55 -> 66546
B56: Office Equipments | C56: =I56+O56+U56+AA56+AG56+AM56+AS56+AY56+BE56+BK56+BQ56+BW56+CC56+CI56+CO56 -> 48028674 | D56: =J56+P56+V56+AB56+AH56+AN56+AT56+AZ56+BF56+BL56+BR56+BX56+CD56+CJ56+CP56 -> 5290465 | E56: =K56+Q56+W56+AC56+AI56+AO56+AU56+BA56+BG56+BM56+BS56+BY56+CE56+CK56+CQ56 -> 0 | F56: =C56+D56+E56 -> 53319139 | G56: =M56+S56+Y56+AE56+AK56+AQ56+AW56+BC56+BI56+BO56+BU56+CA56+CG56+CM56+CS56 -> 12419 | H56: =+F56-G56 -> 53306720 | I56: 18168165 | J56: 2782836 | L56: =I56+J56+K56 -> 20951001 | M56: -807224 | N56: =+L56-M56 -> 21758225 | O56: =730628+2028147-87227 -> 2671548 | P56: 178000 | R56: =O56+P56+Q56 -> 2849548 | S56: =49482-87227 -> -37745 | T56: =+R56-S56 -> 2887293 | U56: 1050376 | V56: 53008 | X56: =U56+V56+W56 -> 1103384 | Y56: 52566 | Z56: =+X56-Y56 -> 1050818 | AA56: 765658 | AB56: =253640+57709 -> 311349 | AD56: =AA56+AB56+AC56 -> 1077007 | AF56: =+AD56-AE56 -> 1077007 | AJ56: =AG56+AH56+AI56 -> 0 | AL56: =+AJ56-AK56 -> 0 | AM56: 5197752 | AN56: 325462 | AP56: =AM56+AN56+AO56 -> 5523214 | AQ56: 126767 | AR56: =+AP56-AQ56 -> 5396447 | AS56: 1570200 | AT56: 226789 | AV56: =AS56+AT56+AU56 -> 1796989 | AX56: =+AV56-AW56 -> 1796989 | AY56: 3023762 | AZ56: =103589+122929+18899 -> 245417 | BB56: =AY56+AZ56+BA56 -> 3269179 | BC56: 18899 | BD56: =+BB56-BC56 -> 3250280 | BE56: 2670480 | BF56: =132742+18492 -> 151234 | BH56: =BE56+BF56+BG56 -> 2821714 | BI56: 2490 | BJ56: =+BH56-BI56 -> 2819224 | BK56: 1311303 | BL56: =26113+40885 -> 66998 | BN56: =BK56+BL56+BM56 -> 1378301 | BO56: 466796 | BP56: =+BN56-BO56 -> 911505 | BQ56: 1609687 | BR56: 66901 | BT56: =BQ56+BR56+BS56 -> 1676588 | BV56: =+BT56-BU56 -> 1676588 | BW56: 7029952 | BX56: 852145 | BZ56: =BW56+BX56+BY56 -> 7882097 | CA56: 17001 | CB56: =+BZ56-CA56 -> 7865096 | CF56: =CC56+CD56+CE56 -> 0 | CH56: =+CF56-CG56 -> 0 | CI56: 2959791 | CJ56: 30326 | CL56: =CI56+CJ56+CK56 -> 2990117 | CM56: 172869 | CN56: =+CL56-CM56 -> 2817248 | CR56: =CO56+CP56+CQ56 -> 0 | CT56: =+CR56-CS56 -> 0
B57: Others:- | C57: =I57+O57+U57+AA57+AG57+AM57+AS57+AY57+BE57+BK57+BQ57+BW57+CC57+CI57+CO57 -> 0 | D57: =J57+P57+V57+AB57+AH57+AN57+AT57+AZ57+BF57+BL57+BR57+BX57+CD57+CJ57+CP57 -> 0 | F57: =C57+D57+E57 -> 0 | L57: =I57+J57+K57 -> 0 | N57: =+L57-M57 -> 0 | R57: =O57+P57+Q57 -> 0 | T57: =+R57-S57 -> 0 | X57: =U57+V57+W57 -> 0 | Z57: =+X57-Y57 -> 0 | AD57: =AA57+AB57+AC57 -> 0 | AF57: =+AD57-AE57 -> 0 | AJ57: =AG57+AH57+AI57 -> 0 | AL57: =+AJ57-AK57 -> 0 | AP57: =AM57+AN57+AO57 -> 0 | AR57: =+AP57-AQ57 -> 0 | AV57: =AS57+AT57+AU57 -> 0 | AX57: =+AV57-AW57 -> 0 | BB57: =AY57+AZ57+BA57 -> 0 | BD57: =+BB57-BC57 -> 0 | BH57: =BE57+BF57+BG57 -> 0 | BJ57: =+BH57-BI57 -> 0 | BN57: =BK57+BL57+BM57 -> 0 | BP57: =+BN57-BO57 -> 0 | BT57: =BQ57+BR57+BS57 -> 0 | BV57: =+BT57-BU57 -> 0 | BZ57: =BW57+BX57+BY57 -> 0 | CB57: =+BZ57-CA57 -> 0 | CF57: =CC57+CD57+CE57 -> 0 | CH57: =+CF57-CG57 -> 0 | CL57: =CI57+CJ57+CK57 -> 0 | CN57: =+CL57-CM57 -> 0 | CR57: =CO57+CP57+CQ57 -> 0 | CT57: =+CR57-CS57 -> 0
B58: Railway Wagon Rakes | C58: =I58+O58+U58+AA58+AG58+AM58+AS58+AY58+BE58+BK58+BQ58+BW58+CC58+CI58+CO58 -> 421687310 | D58: =J58+P58+V58+AB58+AH58+AN58+AT58+AZ58+BF58+BL58+BR58+BX58+CD58+CJ58+CP58 -> 25086864 | E58: =K58+Q58+W58+AC58+AI58+AO58+AU58+BA58+BG58+BM58+BS58+BY58+CE58+CK58+CQ58 -> 106868921 | F58: =C58+D58+E58 -> 553643095 | G58: =M58+S58+Y58+AE58+AK58+AQ58+AW58+BC58+BI58+BO58+BU58+CA58+CG58+CM58+CS58 -> 0 | H58: =+F58-G58 -> 553643095 | L58: =I58+J58+K58 -> 0 | N58: =+L58-M58 -> 0 | R58: =O58+P58+Q58 -> 0 | T58: =+R58-S58 -> 0 | X58: =U58+V58+W58 -> 0 | Z58: =+X58-Y58 -> 0 | AD58: =AA58+AB58+AC58 -> 0 | AF58: =+AD58-AE58 -> 0 | AJ58: =AG58+AH58+AI58 -> 0 | AL58: =+AJ58-AK58 -> 0 | AP58: =AM58+AN58+AO58 -> 0 | AR58: =+AP58-AQ58 -> 0 | AS58: 84929212 | AT58: =25853947-AU58 -> 5539158 | AU58: 20314789 | AV58: =AS58+AT58+AU58 -> 110783159 | AX58: =+AV58-AW58 -> 110783159 | AY58: 86726750 | AZ58: =23988249-BA58 -> 5535750 | BA58: 18452499 | BB58: =AY58+AZ58+BA58 -> 110714999 | BD58: =+BB58-BC58 -> 110714999 | BE58: 87649350 | BF58: 5535750 | BG58: 17529839 | BH58: =BE58+BF58+BG58 -> 110714939 | BJ58: =+BH58-BI58 -> 110714939 | BN58: =BK58+BL58+BM58 -> 0 | BP58: =+BN58-BO58 -> 0 | BT58: =BQ58+BR58+BS58 -> 0 | BV58: =+BT58-BU58 -> 0 | BZ58: =BW58+BX58+BY58 -> 0 | CB58: =+BZ58-CA58 -> 0 | CF58: =CC58+CD58+CE58 -> 0 | CH58: =+CF58-CG58 -> 0 | CI58: 162381998 | CJ58: =59048000-CK58 -> 8476206 | CK58: 50571794 | CL58: =CI58+CJ58+CK58 -> 221429998 | CN58: =+CL58-CM58 -> 221429998 | CR58: =CO58+CP58+CQ58 -> 0 | CT58: =+CR58-CS58 -> 0
B59: Railway Loop Line at BNHT | C59: =I59+O59+U59+AA59+AG59+AM59+AS59+AY59+BE59+BK59+BQ59+BW59+CC59+CI59+CO59 -> 26170571 | D59: =J59+P59+V59+AB59+AH59+AN59+AT59+AZ59+BF59+BL59+BR59+BX59+CD59+CJ59+CP59 -> 0 | E59: =K59+Q59+W59+AC59+AI59+AO59+AU59+BA59+BG59+BM59+BS59+BY59+CE59+CK59+CQ59 -> 0 | F59: =C59+D59+E59 -> 26170571 | G59: =M59+S59+Y59+AE59+AK59+AQ59+AW59+BC59+BI59+BO59+BU59+CA59+CG59+CM59+CS59 -> 0 | H59: =+F59-G59 -> 26170571 | O59: 26170571 | R59: =O59+P59+Q59 -> 26170571 | T59: =+R59-S59 -> 26170571 | AJ59: =AG59+AH59+AI59 -> 0 | AL59: =+AJ59-AK59 -> 0 | BN59: =BK59+BL59+BM59 -> 0
B60: Warehouse | C60: =I60+O60+U60+AA60+AG60+AM60+AS60+AY60+BE60+BK60+BQ60+BW60+CC60+CI60+CO60 -> 19405114 | D60: =J60+P60+V60+AB60+AH60+AN60+AT60+AZ60+BF60+BL60+BR60+BX60+CD60+CJ60+CP60 -> 2135988 | E60: =K60+Q60+W60+AC60+AI60+AO60+AU60+BA60+BG60+BM60+BS60+BY60+CE60+CK60+CQ60 -> 0 | F60: =C60+D60+E60 -> 21541102 | G60: =M60+S60+Y60+AE60+AK60+AQ60+AW60+BC60+BI60+BO60+BU60+CA60+CG60+CM60+CS60 -> 0 | H60: =+F60-G60 -> 21541102 | L60: =I60+J60+K60 -> 0 | N60: =+L60-M60 -> 0 | R60: =O60+P60+Q60 -> 0 | T60: =+R60-S60 -> 0 | X60: =U60+V60+W60 -> 0 | Z60: =+X60-Y60 -> 0 | AD60: =AA60+AB60+AC60 -> 0 | AF60: =+AD60-AE60 -> 0 | AJ60: =AG60+AH60+AI60 -> 0 | AL60: =+AJ60-AK60 -> 0 | AP60: =AM60+AN60+AO60 -> 0 | AR60: =+AP60-AQ60 -> 0 | AV60: =AS60+AT60+AU60 -> 0 | AX60: =+AV60-AW60 -> 0 | BB60: =AY60+AZ60+BA60 -> 0 | BD60: =+BB60-BC60 -> 0 | BH60: =BE60+BF60+BG60 -> 0 | BJ60: =+BH60-BI60 -> 0 | BN60: =BK60+BL60+BM60 -> 0 | BP60: =+BN60-BO60 -> 0 | BQ60: 19405114 | BR60: 2135988 | BT60: =BQ60+BR60+BS60 -> 21541102 | BV60: =+BT60-BU60 -> 21541102 | BZ60: =BW60+BX60+BY60 -> 0 | CB60: =+BZ60-CA60 -> 0 | CF60: =CC60+CD60+CE60 -> 0 | CH60: =+CF60-CG60 -> 0 | CL60: =CI60+CJ60+CK60 -> 0 | CN60: =+CL60-CM60 -> 0 | CR60: =CO60+CP60+CQ60 -> 0 | CT60: =+CR60-CS60 -> 0
B61: Computer/ Data Processors | C61: =I61+O61+U61+AA61+AG61+AM61+AS61+AY61+BE61+BK61+BQ61+BW61+CC61+CI61+CO61 -> 169479196 | D61: =J61+P61+V61+AB61+AH61+AN61+AT61+AZ61+BF61+BL61+BR61+BX61+CD61+CJ61+CP61 -> 5727810 | E61: =K61+Q61+W61+AC61+AI61+AO61+AU61+BA61+BG61+BM61+BS61+BY61+CE61+CK61+CQ61 -> 0 | F61: =C61+D61+E61 -> 175207006 | G61: =M61+S61+Y61+AE61+AK61+AQ61+AW61+BC61+BI61+BO61+BU61+CA61+CG61+CM61+CS61 -> 1017456 | H61: =+F61-G61 -> 174189550 | I61: 108724810 | J61: 3509665 | L61: =I61+J61+K61 -> 112234475 | N61: =+L61-M61 -> 112234475 | O61: 5902544 | P61: 127605 | R61: =O61+P61+Q61 -> 6030149 | T61: =+R61-S61 -> 6030149 | U61: 3158647 | V61: 215663 | X61: =U61+V61+W61 -> 3374310 | Y61: 238827 | Z61: =+X61-Y61 -> 3135483 | AA61: 2242812 | AB61: =184091+11188 -> 195279 | AD61: =AA61+AB61+AC61 -> 2438091 | AE61: 504708 | AF61: =+AD61-AE61 -> 1933383 | AJ61: =AG61+AH61+AI61 -> 0 | AL61: =+AJ61-AK61 -> 0 | AM61: 7298878 | AN61: 277850 | AP61: =AM61+AN61+AO61 -> 7576728 | AR61: =+AP61-AQ61 -> 7576728 | AS61: 2727216 | AT61: 55524 | AV61: =AS61+AT61+AU61 -> 2782740 | AX61: =+AV61-AW61 -> 2782740 | AY61: 6545362 | AZ61: 393842 | BB61: =AY61+AZ61+BA61 -> 6939204 | BD61: =+BB61-BC61 -> 6939204 | BE61: 4427111 | BF61: 135241 | BH61: =BE61+BF61+BG61 -> 4562352 | BJ61: =+BH61-BI61 -> 4562352 | BK61: 1818348 | BL61: =65478+39383 -> 104861 | BN61: =BK61+BL61+BM61 -> 1923209 | BO61: 273921 | BP61: =+BN61-BO61 -> 1649288 | BQ61: 2883071 | BR61: 324035 | BT61: =BQ61+BR61+BS61 -> 3207106 | BV61: =+BT61-BU61 -> 3207106 | BW61: 15759050 | BX61: 96975 | BZ61: =BW61+BX61+BY61 -> 15856025 | CB61: =+BZ61-CA61 -> 15856025 | CF61: =CC61+CD61+CE61 -> 0 | CH61: =+CF61-CG61 -> 0 | CI61: 7642696 | CJ61: 291270 | CL61: =CI61+CJ61+CK61 -> 7933966 | CN61: =+CL61-CM61 -> 7933966 | CO61: 348651 | CR61: =CO61+CP61+CQ61 -> 348651 | CT61: =+CR61-CS61 -> 348651
B63: Total | C63: =SUM(C38:C62) -> 1274846132 | D63: =SUM(D38:D62) -> 76197532 | E63: =SUM(E38:E62) -> 106868921 | F63: =SUM(F38:F62) -> 1457912585 | G63: =SUM(G38:G62) -> 4844536 | H63: =SUM(H38:H62) -> 1453068049 | I63: =SUM(I38:I62) -> 226489120 | J63: =SUM(J38:J62) -> 7277170 | ... CT63: =SUM(CT38:CT62) -> 83845357
B64: Last Year
N65: =+N80 -> 1073167
B66: Dep Charged to P&L: | D66: =J66+P66+V66+AB66+AH66+AN66+AT66+AZ66+BF66+BL66+BR66+BX66+CD66+CJ66+CP66 -> 71227120 | E66: =K66+Q66+W66+AC66+AI66+AO66+AU66+BA66+BG66+BM66+BS66+BY66+CE66+CK66+CQ66 -> 106868921 | F66: 410019 | J66: =J63-1257504 -> 6019666 | P66: =P63-98895 -> 29500239 | T66: =S31-T63 -> 410395897 | V66: =V63 -> 365316 | Z66: =Y31-Z63 -> 1170257 | AB66: =AB63-68897 -> 548853 | AF66: =AE31-AF63 -> 2747095 | AL66: =AK31-AL63 -> 0 | AN66: =AN63-439204 -> 1415258 | AR66: =AQ31-AR63 -> 46875310 | AT66: =AT63-412778 -> 5901285 | AU66: =AU63 -> 20314789 | AX66: =AW31-AX63 -> 2623289 | AZ66: =AZ63-227467 -> 7375771 | BA66: =BA63 -> 18452499 | BD66: =BC31-BD63 -> 34479238 | BF66: =BF63-18492 -> 6701682 | BG66: =BG63 -> 17529839 | BJ66: =BI31-BJ63 -> 8344027 | BL66: =BL63-91594 -> 759062 | BP66: =BO31-BP63 -> 7450213 | BR66: =BR63-1051784 -> 1762243 | BV66: =BU31-BV63 -> 15273907 | BX66: =BX63-1276410 -> 1938579 | CB66: =CA31-CB63 -> 13031145 | CD66: 0 | CH66: =CG31-CH63 -> 0 | CJ66: =CJ63-27387 -> 8921878 | CK66: =CK63 -> 50571794 | CN66: =CM31-CN63 -> 1455037 | CP66: =CP63 -> 17288 | CT66: =CS31-CT63 -> 1204688
B67: 6.1.2 Intangible Assets
C68: TOTAL | I68: CORPORATE OFFICE | O68: BANGALORE | U68: AHMEDABAD | AA68: HYDERABAD | AG68: BELLARY | AM68: MUMBAI | AS68: GOA | AY68: BHUBANESWAR | BE68: KOLKATA | BK68: JAIPUR | BQ68: VIZAG | BW68: DRO | CC68: JJC | CI68: CHENNAI | CO68: MICA
B69: Gross | C69: 01-04-2014 | D69: Addition | E69: Additions through Business Combinations | F69: Other adjustments | G69: Disposals | H69: 31-03-2015 | I69: 01-04-2014 | J69: Addition | K69: Additions through Business Combinations | L69: Other adjustments | M69: Disposals | N69: 31-03-2015 | O69: 01-04-2014 | P69: Addition | Q69: Additions through Business Combinations | R69: Other adjustments | S69: Disposals | T69: 31-03-2015 | U69: 01-04-2014 | V69: Addition | W69: Additions through Business Combinations | X69: Other adjustments | Y69: Disposals | Z69: 31-03-2015 | AA69: 01-04-2014 | AB69: Addition | AC69: Additions through Business Combinations | AD69: Other adjustments | AE69: Disposals | AF69: 31-03-2015 | AG69: 01-04-2014 | AH69: Addition | AI69: Additions through Business Combinations | AJ69: Other adjustments | AK69: Disposals | AL69: 31-03-2015 | AM69: 01-04-2014 | AN69: Addition | AO69: Additions through Business Combinations | AP69: Other adjustments | AQ69: Disposals | AR69: 31-03-2015 | AS69: 01-04-2014 | AT69: Addition | AU69: Additions through Business Combinations | AV69: Other adjustments | AW69: Disposals | AX69: 31-03-2015 | AY69: 01-04-2014 | AZ69: Addition | BA69: Additions through Business Combinations | BB69: Other adjustments | BC69: Disposals | BD69: 31-03-2015 | BE69: 01-04-2014 | BF69: Addition | BG69: Additions through Business Combinations | BH69: Other adjustments | BI69: Disposals | BJ69: 31-03-2015 | BK69: 01-04-2014 | BL69: Addition | BM69: Additions through Business Combinations | BN69: Other adjustments | BO69: Disposals | BP69: 31-03-2015 | BQ69: 01-04-2014 | BR69: Addition | BS69: Additions through Business Combinations | BT69: Other adjustments | BU69: Disposals | BV69: 31-03-2015 | BW69: 01-04-2014 | BX69: Addition | BY69: Additions through Business Combinations | BZ69: Other adjustments | CA69: Disposals | CB69: 31-03-2015 | CC69: 01-04-2014 | CD69: Addition | CE69: Additions through Business Combinations | CF69: Other adjustments | CG69: Disposals | CH69: 31-03-2015 | CI69: 01-04-2014 | CJ69: Addition | CK69: Additions through Business Combinations | CL69: Other adjustments | CM69: Disposals | CN69: 31-03-2015 | CO69: 01-04-2014 | CP69: Addition | CQ69: Additions through Business Combinations | CR69: Other adjustments | CS69: Disposals | CT69: 31-03-2015
B70: Computer software | C70: =I70+O70+U70+AA70+AG70+AM70+AS70+AY70+BE70+BK70+BQ70+BW70+CC70+CI70+CO70 -> 2405002 | D70: =J70+P70+V70+AB70+AH70+AN70+AT70+AZ70+BF70+BL70+BR70+BX70+CD70+CJ70+CP70 -> 144486 | E70: =K70+Q70+W70+AC70+AI70+AO70+AU70+BA70+BG70+BM70+BS70+BY70+CE70+CK70+CQ70 -> 0 | F70: =L70+R70+X70+AD70+AJ70+AP70+AV70+BB70+BH70+BN70+BT70+BZ70+CF70+CL70+CR70 -> 0 | G70: =M70+S70+Y70+AE70+AK70+AQ70+AW70+BC70+BI70+BO70+BU70+CA70+CG70+CM70+CS70 -> 0 | H70: =+C70+D70+E70+F70-G70 -> 2549488 | I70: 2405002 | N70: =+I70+J70+K70+L70-M70 -> 2405002 | T70: =+O70+P70+Q70+R70-S70 -> 0 | Z70: =+U70+V70+W70+X70-Y70 -> 0 | AF70: =+AA70+AB70+AC70+AD70-AE70 -> 0 | AL70: =+AG70+AH70+AI70+AJ70-AK70 -> 0 | AR70: =+AM70+AN70+AO70+AP70-AQ70 -> 0 | AX70: =+AS70+AT70+AU70+AV70-AW70 -> 0 | BD70: =+AY70+AZ70+BA70+BB70-BC70 -> 0 | BJ70: =+BE70+BF70+BG70+BH70-BI70 -> 0 | BP70: =+BK70+BL70+BM70+BN70-BO70 -> 0 | BR70: 144486 | BV70: =+BQ70+BR70+BS70+BT70-BU70 -> 144486 | CB70: =+BW70+BX70+BY70+BZ70-CA70 -> 0 | CH70: =+CC70+CD70+CE70+CF70-CG70 -> 0 | CN70: =+CI70+CJ70+CK70+CL70-CM70 -> 0 | CT70: =+CO70+CP70+CQ70+CR70-CS70 -> 0
B71: Others | C71: =I71+O71+U71+AA71+AG71+AM71+AS71+AY71+BE71+BK71+BQ71+BW71+CC71+CI71+CO71 -> 0 | D71: =J71+P71+V71+AB71+AH71+AN71+AT71+AZ71+BF71+BL71+BR71+BX71+CD71+CJ71+CP71 -> 0 | E71: =K71+Q71+W71+AC71+AI71+AO71+AU71+BA71+BG71+BM71+BS71+BY71+CE71+CK71+CQ71 -> 0 | F71: =L71+R71+X71+AD71+AJ71+AP71+AV71+BB71+BH71+BN71+BT71+BZ71+CF71+CL71+CR71 -> 0 | G71: =M71+S71+Y71+AE71+AK71+AQ71+AW71+BC71+BI71+BO71+BU71+CA71+CG71+CM71+CS71 -> 0 | H71: =+C71+D71+E71+F71-G71 -> 0 | N71: =+I71+J71+K71+L71-M71 -> 0 | T71: =+O71+P71+Q71+R71-S71 -> 0 | Z71: =+U71+V71+W71+X71-Y71 -> 0 | AF71: =+AA71+AB71+AC71+AD71-AE71 -> 0 | AL71: =+AG71+AH71+AI71+AJ71-AK71 -> 0 | AR71: =+AM71+AN71+AO71+AP71-AQ71 -> 0 | AX71: =+AS71+AT71+AU71+AV71-AW71 -> 0 | BD71: =+AY71+AZ71+BA71+BB71-BC71 -> 0 | BJ71: =+BE71+BF71+BG71+BH71-BI71 -> 0 | BP71: =+BK71+BL71+BM71+BN71-BO71 -> 0 | BV71: =+BQ71+BR71+BS71+BT71-BU71 -> 0 | CB71: =+BW71+BX71+BY71+BZ71-CA71 -> 0 | CH71: =+CC71+CD71+CE71+CF71-CG71 -> 0 | CN71: =+CI71+CJ71+CK71+CL71-CM71 -> 0 | CT71: =+CO71+CP71+CQ71+CR71-CS71 -> 0
B72: Total | C72: =+C70+C71 -> 2405002 | D72: =+D70+D71 -> 144486 | E72: =+E70+E71 -> 0 | F72: =+F70+F71 -> 0 | G72: =+G70+G71 -> 0 | H72: =+H70+H71 -> 2549488 | I72: =+I70+I71 -> 2405002 | J72: =+J70+J71 -> 0 | ... CT72: =+CT70+CT71 -> 0
B73: Last Year
H75: (` in million) | N75: (` in million) | T75: (` in million) | Z75: (` in million) | AF75: (` in million) | AL75: (` in million) | AR75: (` in million) | AX75: (` in million) | BD75: (` in million) | BJ75: (` in million) | BP75: (` in million)
C76: TOTAL | I76: CORPORATE OFFICE | O76: BANGALORE | U76: AHMEDABAD | AA76: HYDERABAD | AG76: BELLARY | AM76: MUMBAI | AS76: GOA | AY76: BHUBANESWAR | BE76: KOLKATA | BK76: JAIPUR | BQ76: VIZAG | BW76: DRO | CC76: JJC | CI76: CHENNAI | CO76: MICA
B77: Amortisation | C77: Opening balance as at 01-04-2014 | D77: Amortisation for the year | E77: Impairment / (reversal of impairment) | F77: Sub-Total | G77: Deductions | H77: Balance as at 31-03-2015 | I77: Opening balance as at 01-04-2014 | J77: Amortisation for the year | K77: Impairment / (reversal of impairment) | L77: Sub-Total | M77: Deductions | N77: Balance as at 31-03-2015 | O77: Opening balance as at 01-04-2014 | P77: Amortisation for the year | Q77: Impairment / (reversal of impairment) | R77: Sub-Total | S77: Deductions | T77: Balance as at 31-03-2015 | U77: Opening balance as at 01-04-2014 | V77: Amortisation for the year | W77: Impairment / (reversal of impairment) | X77: Sub-Total | Y77: Deductions | Z77: Balance as at 31-03-2015 | AA77: Opening balance as at 01-04-2014 | AB77: Amortisation for the year | AC77: Impairment / (reversal of impairment) | AD77: Sub-Total | AE77: Deductions | AF77: Balance as at 31-03-2015 | AG77: Opening balance as at 01-04-2014 | AH77: Amortisation for the year | AI77: Impairment / (reversal of impairment) | AJ77: Sub-Total | AK77: Deductions | AL77: Balance as at 31-03-2015 | AM77: Opening balance as at 01-04-2014 | AN77: Amortisation for the year | AO77: Impairment / (reversal of impairment) | AP77: Sub-Total | AQ77: Deductions | AR77: Balance as at 31-03-2015 | AS77: Opening balance as at 01-04-2014 | AT77: Amortisation for the year | AU77: Impairment / (reversal of impairment) | AV77: Sub-Total | AW77: Deductions | AX77: Balance as at 31-03-2015 | AY77: Opening balance as at 01-04-2014 | AZ77: Amortisation for the year | BA77: Impairment / (reversal of impairment) | BB77: Sub-Total | BC77: Deductions | BD77: Balance as at 31-03-2015 | BE77: Opening balance as at 01-04-2014 | BF77: Amortisation for the year | BG77: Impairment / (reversal of impairment) | BH77: Sub-Total | BI77: Deductions | BJ77: Balance as at 31-03-2015 | BK77: Opening balance as at 01-04-2014 | BL77: Amortisation for the year | BM77: Impairment / (reversal of impairment) | BN77: Sub-Total | BO77: Deductions | BP77: Balance as at 31-03-2015 | BQ77: Opening balance as at 01-04-2014 | BR77: Amortisation for the year | BS77: Impairment / (reversal of impairment) | BT77: Sub-Total | BU77: Deductions | BV77: Balance as at 31-03-2015 | BW77: Opening balance as at 01-04-2014 | BX77: Amortisation for the year | BY77: Impairment / (reversal of impairment) | BZ77: Sub-Total | CA77: Deductions | CB77: Balance as at 31-03-2015 | CC77: Opening balance as at 01-04-2014 | CD77: Amortisation for the year | CE77: Impairment / (reversal of impairment) | CF77: Sub-Total | CG77: Deductions | CH77: Balance as at 31-03-2015 | CI77: Opening balance as at 01-04-2014 | CJ77: Amortisation for the year | CK77: Impairment / (reversal of impairment) | CL77: Sub-Total | CM77: Deductions | CN77: Balance as at 31-03-2015 | CO77: Opening balance as at 01-04-2014 | CP77: Amortisation for the year | CQ77: Impairment / (reversal of impairment) | CR77: Sub-Total | CS77: Deductions | CT77: Balance as at 31-03-2015
B78: Computer software | C78: =I78+O78+U78+AA78+AG78+AM78+AS78+AY78+BE78+BK78+BQ78+BW78+CC78+CI78+CO78 -> 598667 | D78: =J78+P78+V78+AB78+AH78+AN78+AT78+AZ78+BF78+BL78+BR78+BX78+CD78+CJ78+CP78 -> 482755 | E78: =K78+Q78+W78+AC78+AI78+AO78+AU78+BA78+BG78+BM78+BS78+BY78+CE78+CK78+CQ78 -> 0 | F78: =C78+D78+E78 -> 1081422 | G78: =M78+S78+Y78+AE78+AK78+AQ78+AW78+BC78+BI78+BO78+BU78+CA78+CG78+CM78+CS78 -> 0 | H78: =+F78-G78 -> 1081422 | I78: 598667 | J78: 474500 | L78: =+I78+J78+K78 -> 1073167 | N78: =+L78-M78 -> 1073167 | R78: =+O78+P78+Q78 -> 0 | T78: =+R78-S78 -> 0 | X78: =+U78+V78+W78 -> 0 | Z78: =+X78-Y78 -> 0 | AD78: =+AA78+AB78+AC78 -> 0 | AF78: =+AD78-AE78 -> 0 | AJ78: =+AG78+AH78+AI78 -> 0 | AL78: =+AJ78-AK78 -> 0 | AP78: =+AM78+AN78+AO78 -> 0 | AR78: =+AP78-AQ78 -> 0 | AV78: =+AS78+AT78+AU78 -> 0 | AX78: =+AV78-AW78 -> 0 | BB78: =+AY78+AZ78+BA78 -> 0 | BD78: =+BB78-BC78 -> 0 | BH78: =+BE78+BF78+BG78 -> 0 | BJ78: =+BH78-BI78 -> 0 | BN78: =+BK78+BL78+BM78 -> 0 | BP78: =+BN78-BO78 -> 0 | BR78: 8255 | BT78: =+BQ78+BR78+BS78 -> 8255 | BV78: =+BT78-BU78 -> 8255 | BZ78: =+BW78+BX78+BY78 -> 0 | CB78: =+BZ78-CA78 -> 0 | CF78: =+CC78+CD78+CE78 -> 0 | CH78: =+CF78-CG78 -> 0 | CL78: =+CI78+CJ78+CK78 -> 0 | CN78: =+CL78-CM78 -> 0 | CR78: =+CO78+CP78+CQ78 -> 0 | CT78: =+CR78-CS78 -> 0
B79: Others | C79: =I79+O79+U79+AA79+AG79+AM79+AS79+AY79+BE79+BK79+BR79+BW79+CC79+CI79+CO79 -> 0 | D79: =J79+P79+V79+AB79+AH79+AN79+AT79+AZ79+BF79+BL79+BS79+BX79+CD79+CJ79+CP79 -> 0 | E79: =K79+Q79+W79+AC79+AI79+AO79+AU79+BA79+BG79+BM79+BT79+BY79+CE79+CK79+CQ79 -> 0 | F79: =C79+D79+E79 -> 0 | G79: =M79+S79+Y79+AE79+AK79+AQ79+AW79+BC79+BI79+BO79+BV79+CA79+CG79+CM79+CS79 -> 0 | H79: =+F79-G79 -> 0 | L79: =+I79+J79+K79 -> 0 | N79: =+L79-M79 -> 0 | R79: =+O79+P79+Q79 -> 0 | T79: =+R79-S79 -> 0 | X79: =+U79+V79+W79 -> 0 | Z79: =+X79-Y79 -> 0 | AD79: =+AA79+AB79+AC79 -> 0 | AF79: =+AD79-AE79 -> 0 | AJ79: =+AG79+AH79+AI79 -> 0 | AL79: =+AJ79-AK79 -> 0 | AP79: =+AM79+AN79+AO79 -> 0 | AR79: =+AP79-AQ79 -> 0 | AV79: =+AS79+AT79+AU79 -> 0 | AX79: =+AV79-AW79 -> 0 | BB79: =+AY79+AZ79+BA79 -> 0 | BD79: =+BB79-BC79 -> 0 | BH79: =+BE79+BF79+BG79 -> 0 | BJ79: =+BH79-BI79 -> 0 | BN79: =+BK79+BL79+BM79 -> 0 | BP79: =+BN79-BO79 -> 0 | BT79: =+BQ79+BR79+BS79 -> 0 | BV79: =+BT79-BU79 -> 0 | BZ79: =+BW79+BX79+BY79 -> 0 | CB79: =+BZ79-CA79 -> 0 | CF79: =+CC79+CD79+CE79 -> 0 | CH79: =+CF79-CG79 -> 0 | CL79: =+CI79+CJ79+CK79 -> 0 | CN79: =+CL79-CM79 -> 0 | CR79: =+CO79+CP79+CQ79 -> 0 | CT79: =+CR79-CS79 -> 0
B80: Total | C80: =SUM(C78:C79) -> 598667 | D80: =SUM(D78:D79) -> 482755 | E80: =SUM(E78:E79) -> 0 | F80: =SUM(F78:F79) -> 1081422 | G80: =SUM(G78:G79) -> 0 | H80: =SUM(H78:H79) -> 1081422 | I80: =SUM(I78:I79) -> 598667 | J80: =SUM(J78:J79) -> 474500 | ... CT80: =SUM(CT78:CT79) -> 0
B81: Last Year | H81: =SUM(H79:H80) -> 1081422 | N81: =SUM(N79:N80) -> 1073167 | T81: =SUM(T79:T80) -> 0 | Z81: =SUM(Z79:Z80) -> 0 | AF81: =SUM(AF79:AF80) -> 0 | AL81: =SUM(AL79:AL80) -> 0 | AR81: =SUM(AR79:AR80) -> 0 | AX81: =SUM(AX79:AX80) -> 0 | BD81: =SUM(BD79:BD80) -> 0 | BJ81: =SUM(BJ79:BJ80) -> 0 | BP81: =SUM(BP79:BP80) -> 0 | BV81: =SUM(BV79:BV80) -> 8255 | CB81: =SUM(CB79:CB80) -> 0 | CH81: =SUM(CH79:CH80) -> 0 | CN81: =SUM(CN79:CN80) -> 0 | CT81: =SUM(CT79:CT80) -> 0
N83: =N72-N80 -> 1331835 | BV83: =BV72-BV81 -> 136231
B85: 6.1.3 Capital work-in-progress
G86: (` in million)
C87: TOTAL | I87: CORPORATE OFFICE | O87: BANGALORE | U87: AHMEDABAD | AA87: HYDERABAD | AG87: BELLARY | AM87: MUMBAI | AS87: GOA | AY87: BHUBANESWAR | BE87: KOLKATA | BK87: JAIPUR | BQ87: VIZAG | BW87: DRO | CC87: JJC | CI87: CHENNAI | CO87: MICA
B88: Gross Blocks | C88: 01-04-2014 | D88: Addition | E88: Other Adjustments | F88: Disposals | G88: 31-03-2015 | I88: 01-04-2014 | J88: Addition | K88: Other Adjustments | L88: Disposals | M88: 31-03-2015 | O88: 01-04-2014 | P88: Addition | Q88: Other Adjustments | R88: Disposals | S88: 31-03-2015 | U88: 01-04-2014 | V88: Addition | W88: Other Adjustments | X88: Disposals | Y88: 31-03-2015 | AA88: 01-04-2014 | AB88: Addition | AC88: Other Adjustments | AD88: Disposals | AE88: 31-03-2015 | AG88: 01-04-2014 | AH88: Addition | AI88: Other Adjustments | AJ88: Disposals | AK88: 31-03-2015 | AM88: 01-04-2014 | AN88: Addition | AO88: Other Adjustments | AP88: Disposals | AQ88: 31-03-2015 | AS88: 01-04-2014 | AT88: Addition | AU88: Other Adjustments | AV88: Disposals | AW88: 31-03-2015 | AY88: 01-04-2014 | AZ88: Addition | BA88: Other Adjustments | BB88: Disposals | BC88: 31-03-2015 | BE88: 01-04-2014 | BF88: Addition | BG88: Other Adjustments | BH88: Disposals | BI88: 31-03-2015 | BK88: 01-04-2014 | BL88: Addition | BM88: Other Adjustments | BN88: Disposals | BO88: 31-03-2015 | BQ88: 01-04-2014 | BR88: Addition | BS88: Other Adjustments | BT88: Disposals | BU88: 31-03-2015 | BW88: 01-04-2014 | BX88: Addition | BY88: Other Adjustments | BZ88: Disposals | CA88: 31-03-2015 | CC88: 01-04-2014 | CD88: Addition | CE88: Other Adjustments | CF88: Disposals | CG88: 31-03-2015 | CI88: 01-04-2014 | CJ88: Addition | CK88: Other Adjustments | CL88: Disposals | CM88: 31-03-2015 | CO88: 01-04-2014 | CP88: Addition | CQ88: Other Adjustments | CR88: Disposals | CS88: 31-03-2015
B89: Building | M89: =+I89+J89+K89-L89 -> 0 | S89: =+O89+P89+Q89-R89 -> 0 | Y89: =+U89+V89+W89-X89 -> 0 | AE89: =+AA89+AB89+AC89-AD89 -> 0 | AK89: =+AG89+AH89+AI89-AJ89 -> 0 | AQ89: =+AM89+AN89+AO89-AP89 -> 0 | AW89: =+AS89+AT89+AU89-AV89 -> 0 | BC89: =+AY89+AZ89+BA89-BB89 -> 0 | BI89: =+BE89+BF89+BG89-BH89 -> 0 | BO89: =+BK89+BL89+BM89-BN89 -> 0 | BU89: =+BQ89+BR89+BS89-BT89 -> 0 | CA89: =+BW89+BX89+BY89-BZ89 -> 0 | CG89: =+CC89+CD89+CE89-CF89 -> 0 | CM89: =+CI89+CJ89+CK89-CL89 -> 0 | CS89: =+CO89+CP89+CQ89-CR89 -> 0
B90: -Building Under Construction | C90: =I90+O90+U90+AA90+AG90+AM90+AS90+AY90+BE90+BK90+BQ90+BW90+CC90+CI90+CO90 -> 6709384 | D90: =J90+P90+V90+AB90+AH90+AN90+AT90+AZ90+BF90+BL90+BS90+BX90+CD90+CJ90+CP90 -> 0 | E90: =K90+Q90+W90+AC90+AI90+AO90+AU90+BA90+BG90+BM90+BT90+BY90+CE90+CK90+CQ90 -> 0 | F90: =L90+R90+X90+AD90+AJ90+AP90+AV90+BB90+BH90+BN90+BT90+BZ90+CF90+CL90+CR90 -> 0 | G90: =+C90+D90+E90-F90 -> 6709384 | M90: =+I90+J90+K90-L90 -> 0 | S90: =+O90+P90+Q90-R90 -> 0 | Y90: =+U90+V90+W90-X90 -> 0 | AE90: =+AA90+AB90+AC90-AD90 -> 0 | AK90: =+AG90+AH90+AI90-AJ90 -> 0 | AQ90: =+AM90+AN90+AO90-AP90 -> 0 | AW90: =+AS90+AT90+AU90-AV90 -> 0 | BC90: =+AY90+AZ90+BA90-BB90 -> 0 | BI90: =+BE90+BF90+BG90-BH90 -> 0 | BO90: =+BK90+BL90+BM90-BN90 -> 0 | BU90: =+BQ90+BR90+BS90-BT90 -> 0 | CA90: =+BW90+BX90+BY90-BZ90 -> 0 | CG90: =+CC90+CD90+CE90-CF90 -> 0 | CM90: =+CI90+CJ90+CK90-CL90 -> 0 | CO90: 6709384 | CS90: =+CO90+CP90+CQ90-CR90 -> 6709384
B91: -Electrical Installations | C91: =I91+O91+U91+AA91+AG91+AM91+AS91+AY91+BE91+BK91+BQ91+BW91+CC91+CI91+CO91 -> 6701477 | D91: =J91+P91+V91+AB91+AH91+AN91+AT91+AZ91+BF91+BL91+BS91+BX91+CD91+CJ91+CP91 -> 0 | E91: =K91+Q91+W91+AC91+AI91+AO91+AU91+BA91+BG91+BM91+BT91+BY91+CE91+CK91+CQ91 -> 0 | F91: =L91+R91+X91+AD91+AJ91+AP91+AV91+BB91+BH91+BN91+BT91+BZ91+CF91+CL91+CR91 -> 0 | G91: =+C91+D91+E91-F91 -> 6701477 | M91: =+I91+J91+K91-L91 -> 0 | S91: =+O91+P91+Q91-R91 -> 0 | Y91: =+U91+V91+W91-X91 -> 0 | AE91: =+AA91+AB91+AC91-AD91 -> 0 | AK91: =+AG91+AH91+AI91-AJ91 -> 0 | AQ91: =+AM91+AN91+AO91-AP91 -> 0 | AW91: =+AS91+AT91+AU91-AV91 -> 0 | BC91: =+AY91+AZ91+BA91-BB91 -> 0 | BI91: =+BE91+BF91+BG91-BH91 -> 0 | BO91: =+BK91+BL91+BM91-BN91 -> 0 | BU91: =+BQ91+BR91+BS91-BT91 -> 0 | CA91: =+BW91+BX91+BY91-BZ91 -> 0 | CG91: =+CC91+CD91+CE91-CF91 -> 0 | CM91: =+CI91+CJ91+CK91-CL91 -> 0 | CO91: 6701477 | CS91: =+CO91+CP91+CQ91-CR91 -> 6701477
B92: -Roads & Culverts | C92: =I92+O92+U92+AA92+AG92+AM92+AS92+AY92+BE92+BK92+BQ92+BW92+CC92+CI92+CO92 -> 474499 | D92: =J92+P92+V92+AB92+AH92+AN92+AT92+AZ92+BF92+BL92+BS92+BX92+CD92+CJ92+CP92 -> 0 | E92: =K92+Q92+W92+AC92+AI92+AO92+AU92+BA92+BG92+BM92+BT92+BY92+CE92+CK92+CQ92 -> 0 | F92: =L92+R92+X92+AD92+AJ92+AP92+AV92+BB92+BH92+BN92+BT92+BZ92+CF92+CL92+CR92 -> 0 | G92: =+C92+D92+E92-F92 -> 474499 | M92: =+I92+J92+K92-L92 -> 0 | S92: =+O92+P92+Q92-R92 -> 0 | Y92: =+U92+V92+W92-X92 -> 0 | AE92: =+AA92+AB92+AC92-AD92 -> 0 | AK92: =+AG92+AH92+AI92-AJ92 -> 0 | AQ92: =+AM92+AN92+AO92-AP92 -> 0 | AW92: =+AS92+AT92+AU92-AV92 -> 0 | BC92: =+AY92+AZ92+BA92-BB92 -> 0 | BI92: =+BE92+BF92+BG92-BH92 -> 0 | BO92: =+BK92+BL92+BM92-BN92 -> 0 | BU92: =+BQ92+BR92+BS92-BT92 -> 0 | CA92: =+BW92+BX92+BY92-BZ92 -> 0 | CG92: =+CC92+CD92+CE92-CF92 -> 0 | CM92: =+CI92+CJ92+CK92-CL92 -> 0 | CO92: 474499 | CS92: =+CO92+CP92+CQ92-CR92 -> 474499
B93: Furniture | C93: =I93+O93+U93+AA93+AG93+AM93+AS93+AY93+BE93+BK93+BQ93+BW93+CC93+CI93+CO93 -> 0 | D93: =J93+P93+V93+AB93+AH93+AN93+AT93+AZ93+BF93+BL93+BS93+BX93+CD93+CJ93+CP93 -> 49045 | E93: =K93+Q93+W93+AC93+AI93+AO93+AU93+BA93+BG93+BM93+BT93+BY93+CE93+CK93+CQ93 -> 0 | F93: =L93+R93+X93+AD93+AJ93+AP93+AV93+BB93+BH93+BN93+BT93+BZ93+CF93+CL93+CR93 -> 0 | G93: =+C93+D93+E93-F93 -> 49045 | M93: =+I93+J93+K93-L93 -> 0 | S93: =+O93+P93+Q93-R93 -> 0 | Y93: =+U93+V93+W93-X93 -> 0 | AE93: =+AA93+AB93+AC93-AD93 -> 0 | AK93: =+AG93+AH93+AI93-AJ93 -> 0 | AQ93: =+AM93+AN93+AO93-AP93 -> 0 | AW93: =+AS93+AT93+AU93-AV93 -> 0 | BC93: =+AY93+AZ93+BA93-BB93 -> 0 | BI93: =+BE93+BF93-BG93-BH93 -> 0 | BL93: 49045 | BO93: =+BK93+BL93+BM93-BN93 -> 49045 | BU93: =+BQ93+BR93+BS93-BT93 -> 0 | CA93: =+BW93+BX93+BY93-BZ93 -> 0 | CG93: =+CC93+CD93+CE93-CF93 -> 0 | CM93: =+CI93+CJ93+CK93-CL93 -> 0 | CS93: =+CO93+CP93+CQ93-CR93 -> 0
B94: Plant & Equipment | C94: =I94+O94+U94+AA94+AG94+AM94+AS94+AY94+BE94+BK94+BQ94+BW94+CC94+CI94+CO94 -> 13803388 | D94: =J94+P94+V94+AB94+AH94+AN94+AT94+AZ94+BF94+BL94+BS94+BX94+CD94+CJ94+CP94 -> 0 | E94: =K94+Q94+W94+AC94+AI94+AO94+AU94+BA94+BG94+BM94+BT94+BY94+CE94+CK94+CQ94 -> 0 | F94: =L94+R94+X94+AD94+AJ94+AP94+AV94+BB94+BH94+BN94+BT94+BZ94+CF94+CL94+CR94 -> 0 | G94: =+C94+D94+E94-F94 -> 13803388 | M94: =+I94+J94+K94-L94 -> 0 | S94: =+O94+P94+Q94-R94 -> 0 | Y94: =+U94+V94+W94-X94 -> 0 | AE94: =+AA94+AB94+AC94-AD94 -> 0 | AK94: =+AG94+AH94+AI94-AJ94 -> 0 | AQ94: =+AM94+AN94+AO94-AP94 -> 0 | AW94: =+AS94+AT94+AU94-AV94 -> 0 | BC94: =+AY94+AZ94+BA94-BB94 -> 0 | BI94: =+BE94+BF94+BG94-BH94 -> 0 | BO94: =+BK94+BL94+BM94-BN94 -> 0 | BU94: =+BQ94+BR94+BS94-BT94 -> 0 | CA94: =+BW94+BX94+BY94-BZ94 -> 0 | CG94: =+CC94+CD94+CE94-CF94 -> 0 | CM94: =+CI94+CJ94+CK94-CL94 -> 0 | CO94: 13803388 | CS94: =+CO94+CP94+CQ94-CR94 -> 13803388
B95: Development of Gomia Coal Block | C95: =I95+O95+U95+AA95+AG95+AM95+AS95+AY95+BE95+BK95+BQ95+BW95+CC95+CI95+CO95 -> 65433228 | D95: =J95+P95+V95+AB95+AH95+AN95+AT95+AZ95+BF95+BL95+BS95+BX95+CD95+CJ95+CP95 -> 360000 | E95: =K95+Q95+W95+AC95+AI95+AO95+AU95+BA95+BG95+BM95+BT95+BY95+CE95+CK95+CQ95 -> 0 | F95: =L95+R95+X95+AD95+AJ95+AP95+AV95+BB95+BH95+BN95+BT95+BZ95+CF95+CL95+CR95 -> 65793228 | G95: =+C95+D95+E95-F95 -> 0 | I95: 65433228 | J95: 360000 | L95: 65793228 | M95: =+I95+J95+K95-L95 -> 0 | S95: =+O95+P95+Q95-R95 -> 0 | Y95: =+U95+V95+W95-X95 -> 0 | AE95: =+AA95+AB95+AC95-AD95 -> 0 | AK95: =+AG95+AH95+AI95-AJ95 -> 0 | AQ95: =+AM95+AN95+AO95-AP95 -> 0 | AW95: =+AS95+AT95+AU95-AV95 -> 0 | BC95: =+AY95+AZ95+BA95-BB95 -> 0 | BI95: =+BE95+BF95+BG95-BH95 -> 0 | BO95: =+BK95+BL95+BM95-BN95 -> 0 | BU95: =+BQ95+BR95+BS95-BT95 -> 0 | CA95: =+BW95+BX95+BY95-BZ95 -> 0 | CG95: =+CC95+CD95+CE95-CF95 -> 0 | CM95: =+CI95+CJ95+CK95-CL95 -> 0 | CS95: =+CO95+CP95+CQ95-CR95 -> 0
M96: =+I96+J96+K96-L96 -> 0 | S96: =+O96+P96+Q96-R96 -> 0 | Y96: =+U96+V96+W96-X96 -> 0 | AE96: =+AA96+AB96+AC96-AD96 -> 0 | AK96: =+AG96+AH96+AI96-AJ96 -> 0 | AQ96: =+AM96+AN96+AO96-AP96 -> 0 | AW96: =+AS96+AT96+AU96-AV96 -> 0 | BC96: =+AY96+AZ96+BA96-BB96 -> 0 | BI96: =+BE96+BF96+BG96-BH96 -> 0 | BO96: =+BK96+BL96+BM96-BN96 -> 0 | BU96: =+BQ96+BR96+BS96-BT96 -> 0 | CA96: =+BW96+BX96+BY96-BZ96 -> 0 | CG96: =+CC96+CD96+CE96-CF96 -> 0 | CM96: =+CI96+CJ96+CK96-CL96 -> 0 | CS96: =+CO96+CP96+CQ96-CR96 -> 0
B98: Total | C98: =SUM(C89:C97) -> 93121976 | D98: =SUM(D89:D97) -> 409045 | E98: =SUM(E89:E97) -> 0 | F98: =SUM(F89:F97) -> 65793228 | G98: =SUM(G89:G97) -> 27737793 | I98: =SUM(I89:I97) -> 65433228 | J98: =SUM(J89:J97) -> 360000 | K98: =SUM(K89:K97) -> 0 | L98: =SUM(L89:L97) -> 65793228 | M98: =SUM(M89:M97) -> 0 | O98: =SUM(O89:O97) -> 0 | P98: =SUM(P89:P97) -> 0 | Q98: =SUM(Q89:Q97) -> 0 | R98: =SUM(R89:R97) -> 0 | S98: =+O98+P98+Q98-R98 -> 0 | U98: =SUM(U89:U97) -> 0 | V98: =SUM(V89:V97) -> 0 | W98: =SUM(W89:W97) -> 0 | X98: =SUM(X89:X97) -> 0 | Y98: =+U98+V98+W98-X98 -> 0 | AA98: =SUM(AA89:AA97) -> 0 | AB98: =SUM(AB89:AB97) -> 0 | AC98: =SUM(AC89:AC97) -> 0 | AD98: =SUM(AD89:AD97) -> 0 | AE98: =+AA98+AB98+AC98-AD98 -> 0 | AG98: =SUM(AG89:AG97) -> 0 | AH98: =SUM(AH89:AH97) -> 0 | AI98: =SUM(AI89:AI97) -> 0 | AJ98: =SUM(AJ89:AJ97) -> 0 | AK98: =+AG98+AH98+AI98-AJ98 -> 0 | AM98: =SUM(AM89:AM97) -> 0 | AN98: =SUM(AN89:AN97) -> 0 | AO98: =SUM(AO89:AO97) -> 0 | AP98: =SUM(AP89:AP97) -> 0 | AQ98: =+AM98+AN98+AO98-AP98 -> 0 | AS98: =SUM(AS89:AS97) -> 0 | AT98: =SUM(AT89:AT97) -> 0 | AU98: =SUM(AU89:AU97) -> 0 | AV98: =SUM(AV89:AV97) -> 0 | AW98: =+AS98+AT98+AU98-AV98 -> 0 | AY98: =SUM(AY89:AY97) -> 0 | AZ98: =SUM(AZ89:AZ97) -> 0 | BA98: =SUM(BA89:BA97) -> 0 | BB98: =SUM(BB89:BB97) -> 0 | BC98: =+AY98+AZ98+BA98-BB98 -> 0 | BE98: =SUM(BE89:BE97) -> 0 | BF98: =SUM(BF89:BF97) -> 0 | BG98: =SUM(BG89:BG97) -> 0 | BH98: =SUM(BH89:BH97) -> 0 | BI98: =+BE98+BF98+BG98-BH98 -> 0 | BK98: =SUM(BK89:BK97) -> 0 | BL98: =SUM(BL89:BL97) -> 49045 | BM98: =SUM(BM89:BM97) -> 0 | BN98: =SUM(BN89:BN97) -> 0 | BO98: =+BK98+BL98+BM98-BN98 -> 49045 | BQ98: =SUM(BQ89:BQ97) -> 0 | BR98: =SUM(BR89:BR97) -> 0 | BS98: =SUM(BS89:BS97) -> 0 | BT98: =SUM(BT89:BT97) -> 0 | BU98: =+BQ98+BR98+BS98-BT98 -> 0 | BW98: =SUM(BW89:BW97) -> 0 | BX98: =SUM(BX89:BX97) -> 0 | BY98: =SUM(BY89:BY97) -> 0 | BZ98: =SUM(BZ89:BZ97) -> 0 | CA98: =+BW98+BX98+BY98-BZ98 -> 0 | CC98: =SUM(CC89:CC97) -> 0 | CD98: =SUM(CD89:CD97) -> 0 | CE98: =SUM(CE89:CE97) -> 0 | CF98: =SUM(CF89:CF97) -> 0 | CG98: =+CC98+CD98+CE98-CF98 -> 0 | CI98: =SUM(CI89:CI97) -> 0 | CJ98: =SUM(CJ89:CJ97) -> 0 | CK98: =SUM(CK89:CK97) -> 0 | CL98: =SUM(CL89:CL97) -> 0 | CM98: =+CI98+CJ98+CK98-CL98 -> 0 | CO98: =SUM(CO89:CO97) -> 27688748 | CP98: =SUM(CP89:CP97) -> 0 | CQ98: =SUM(CQ89:CQ97) -> 0 | CR98: =SUM(CR89:CR97) -> 0 | CS98: =+CO98+CP98+CQ98-CR98 -> 27688748
B99: Last Year | G99: =+C99+D99+E99-F99 -> 0 | M99: =+I99+J99+K99-L99 -> 0 | S99: =+O99+P99+Q99-R99 -> 0 | Y99: =+U99+V99+W99-X99 -> 0 | AE99: =+AA99+AB99+AC99-AD99 -> 0 | AK99: =+AG99+AH99+AI99-AJ99 -> 0 | AQ99: =+AM99+AN99+AO99-AP99 -> 0 | AW99: =+AS99+AT99+AU99-AV99 -> 0 | BC99: =+AY99+AZ99+BA99-BB99 -> 0 | BI99: =+BE99+BF99+BG99-BH99 -> 0 | BO99: =+BK99+BL99+BM99-BN99 -> 0 | BU99: =+BQ99+BR99+BS99-BT99 -> 0 | CA99: =+BW99+BX99+BY99-BZ99 -> 0 | CG99: =+CC99+CD99+CE99-CF99 -> 0 | CM99: =+CI99+CJ99+CK99-CL99 -> 0 | CS99: =+CO99+CP99+CQ99-CR99 -> 0
C102: TOTAL | I102: CORPORATE OFFICE | O102: BANGALORE | U102: AHMEDABAD | AA102: HYDERABAD | AG102: BELLARY | AM102: MUMBAI | AS102: GOA | AY102: BHUBANESWAR | BE102: KOLKATA | BK102: JAIPUR | BQ102: VIZAG | BW102: DRO | CC102: JJC | CI102: CHENNAI | CO102: MICA
B103: Depreciation / Impairment | C103: Opening balance as at 01-04-2014 | D103: Depreciation for the year | E103: Impairment/ (reversal of impairment) | F103: Sub-Total | G103: Deductions | H103: Balance as at 31-03-2015 | I103: Opening balance as at 01-04-2014 | J103: Depreciation for the year | K103: Impairment/ (reversal of impairment) | L103: Sub-Total | M103: Deductions | N103: Balance as at 31-03-2015 | O103: Opening balance as at 01-04-2014 | P103: Depreciation for the year | Q103: Impairment/ (reversal of impairment) | R103: Sub-Total | S103: Deductions | T103: Balance as at 31-03-2015 | U103: Opening balance as at 01-04-2014 | V103: Depreciation for the year | W103: Impairment/ (reversal of impairment) | X103: Sub-Total | Y103: Deductions | Z103: Balance as at 31-03-2015 | AA103: Opening balance as at 01-04-2014 | AB103: Depreciation for the year | AC103: Impairment/ (reversal of impairment) | AD103: Sub-Total | AE103: Deductions | AF103: Balance as at 31-03-2015 | AG103: Opening balance as at 01-04-2014 | AH103: Depreciation for the year | AI103: Impairment/ (reversal of impairment) | AJ103: Sub-Total | AK103: Deductions | AL103: Balance as at 31-03-2015 | AM103: Opening balance as at 01-04-2014 | AN103: Depreciation for the year | AO103: Impairment/ (reversal of impairment) | AP103: Sub-Total | AQ103: Deductions | AR103: Balance as at 31-03-2015 | AS103: Opening balance as at 01-04-2014 | AT103: Depreciation for the year | AU103: Impairment/ (reversal of impairment) | AV103: Sub-Total | AW103: Deductions | AX103: Balance as at 31-03-2015 | AY103: Opening balance as at 01-04-2014 | AZ103: Depreciation for the year | BA103: Impairment/ (reversal of impairment) | BB103: Sub-Total | BC103: Deductions | BD103: Balance as at 31-03-2015 | BE103: Opening balance as at 01-04-2014 | BF103: Depreciation for the year | BG103: Impairment/ (reversal of impairment) | BH103: Sub-Total | BI103: Deductions | BJ103: Balance as at 31-03-2015 | BK103: Opening balance as at 01-04-2014 | BL103: Depreciation for the year | BM103: Impairment/ (reversal of impairment) | BN103: Sub-Total | BO103: Deductions | BP103: Balance as at 31-03-2015 | BQ103: Opening balance as at 01-04-2014 | BR103: Depreciation for the year | BS103: Impairment/ (reversal of impairment) | BT103: Sub-Total | BU103: Deductions | BV103: Balance as at 31-03-2015 | BW103: Opening balance as at 01-04-2014 | BX103: Depreciation for the year | BY103: Impairment/ (reversal of impairment) | BZ103: Sub-Total | CA103: Deductions | CB103: Balance as at 31-03-2015 | CC103: Opening balance as at 01-04-2014 | CD103: Depreciation for the year | CE103: Impairment/ (reversal of impairment) | CF103: Sub-Total | CG103: Deductions | CH103: Balance as at 31-03-2015 | CI103: Opening balance as at 01-04-2014 | CJ103: Depreciation for the year | CK103: Impairment/ (reversal of impairment) | CL103: Sub-Total | CM103: Deductions | CN103: Balance as at 31-03-2015 | CO103: Opening balance as at 01-04-2014 | CP103: Depreciation for the year | CQ103: Impairment/ (reversal of impairment) | CR103: Sub-Total | CS103: Deductions | CT103: Balance as at 31-03-2015
B104: Building | L104: =I104+J104+K104 -> 0 | N104: =+L104-M104 -> 0 | R104: =O104+P104+Q104 -> 0 | T104: =+R104-S104 -> 0 | X104: =U104+V104+W104 -> 0 | Z104: =+X104-Y104 -> 0 | AD104: =AA104+AB104+AC104 -> 0 | AF104: =+AD104-AE104 -> 0 | AJ104: =AG104+AH104+AI104 -> 0 | AL104: =+AJ104-AK104 -> 0 | AP104: =AM104+AN104+AO104 -> 0 | AR104: =+AP104-AQ104 -> 0 | AV104: =AS104+AT104+AU104 -> 0 | AX104: =+AV104-AW104 -> 0 | BB104: =AY104+AZ104+BA104 -> 0 | BD104: =+BB104-BC104 -> 0 | BH104: =BE104+BF104+BG104 -> 0 | BJ104: =+BH104-BI104 -> 0 | BN104: =BK104+BL104+BM104 -> 0 | BP104: =+BN104-BO104 -> 0 | BT104: =BQ104+BR104+BS104 -> 0 | BV104: =+BT104-BU104 -> 0 | BZ104: =BW104+BX104+BY104 -> 0 | CB104: =+BZ104-CA104 -> 0 | CF104: =CC104+CD104+CE104 -> 0 | CH104: =+CF104-CG104 -> 0 | CL104: =CI104+CJ104+CK104 -> 0 | CN104: =+CL104-CM104 -> 0 | CR104: =CO104+CP104+CQ104 -> 0 | CT104: =+CR104-CS104 -> 0
B105: -Office Building | C105: =I105+O105+U105+AA105+AG105+AM105+AS105+AY105+BE105+BK105+BQ105+BW105+CC105+CI105+CO105 -> 6709384 | D105: =J105+P105+V105+AB105+AH105+AN105+AT105+AZ105+BF105+BL105+BS105+BX105+CD105+CJ105+CP105 -> 0 | E105: =K105+Q105+W105+AC105+AI105+AO105+AU105+BA105+BG105+BM105+BT105+BY105+CE105+CK105+CQ105 -> 0 | F105: =C105+D105+E105 -> 6709384 | G105: =M105+S105+Y105+AE105+AK105+AQ105+AW105+BC105+BI105+BO105+BV105+CA105+CG105+CM105+CS105 -> 0 | H105: =+F105-G105 -> 6709384 | L105: =I105+J105+K105 -> 0 | N105: =+L105-M105 -> 0 | R105: =O105+P105+Q105 -> 0 | T105: =+R105-S105 -> 0 | X105: =U105+V105+W105 -> 0 | Z105: =+X105-Y105 -> 0 | AD105: =AA105+AB105+AC105 -> 0 | AF105: =+AD105-AE105 -> 0 | AJ105: =AG105+AH105+AI105 -> 0 | AL105: =+AJ105-AK105 -> 0 | AP105: =AM105+AN105+AO105 -> 0 | AR105: =+AP105-AQ105 -> 0 | AV105: =AS105+AT105+AU105 -> 0 | AX105: =+AV105-AW105 -> 0 | BB105: =AY105+AZ105+BA105 -> 0 | BD105: =+BB105-BC105 -> 0 | BH105: =BE105+BF105+BG105 -> 0 | BJ105: =+BH105-BI105 -> 0 | BN105: =BK105+BL105+BM105 -> 0 | BP105: =+BN105-BO105 -> 0 | BT105: =BQ105+BR105+BS105 -> 0 | BV105: =+BT105-BU105 -> 0 | BZ105: =BW105+BX105+BY105 -> 0 | CB105: =+BZ105-CA105 -> 0 | CF105: =CC105+CD105+CE105 -> 0 | CH105: =+CF105-CG105 -> 0 | CL105: =CI105+CJ105+CK105 -> 0 | CN105: =+CL105-CM105 -> 0 | CO105: 6709384 | CR105: =CO105+CP105+CQ105 -> 6709384 | CT105: =+CR105-CS105 -> 6709384
B106: -Electrical Installations | C106: =I106+O106+U106+AA106+AG106+AM106+AS106+AY106+BE106+BK106+BQ106+BW106+CC106+CI106+CO106 -> 6701477 | D106: =J106+P106+V106+AB106+AH106+AN106+AT106+AZ106+BF106+BL106+BS106+BX106+CD106+CJ106+CP106 -> 0 | E106: =K106+Q106+W106+AC106+AI106+AO106+AU106+BA106+BG106+BM106+BT106+BY106+CE106+CK106+CQ106 -> 0 | F106: =C106+D106+E106 -> 6701477 | G106: =M106+S106+Y106+AE106+AK106+AQ106+AW106+BC106+BI106+BO106+BV106+CA106+CG106+CM106+CS106 -> 0 | H106: =+F106-G106 -> 6701477 | L106: =I106+J106+K106 -> 0 | N106: =+L106-M106 -> 0 | R106: =O106+P106+Q106 -> 0 | T106: =+R106-S106 -> 0 | X106: =U106+V106+W106 -> 0 | Z106: =+X106-Y106 -> 0 | AD106: =AA106+AB106+AC106 -> 0 | AF106: =+AD106-AE106 -> 0 | AJ106: =AG106+AH106+AI106 -> 0 | AL106: =+AJ106-AK106 -> 0 | AP106: =AM106+AN106+AO106 -> 0 | AR106: =+AP106-AQ106 -> 0 | AV106: =AS106+AT106+AU106 -> 0 | AX106: =+AV106-AW106 -> 0 | BB106: =AY106+AZ106+BA106 -> 0 | BD106: =+BB106-BC106 -> 0 | BH106: =BE106+BF106+BG106 -> 0 | BJ106: =+BH106-BI106 -> 0 | BN106: =BK106+BL106+BM106 -> 0 | BP106: =+BN106-BO106 -> 0 | BT106: =BQ106+BR106+BS106 -> 0 | BV106: =+BT106-BU106 -> 0 | BZ106: =BW106+BX106+BY106 -> 0 | CB106: =+BZ106-CA106 -> 0 | CF106: =CC106+CD106+CE106 -> 0 | CH106: =+CF106-CG106 -> 0 | CL106: =CI106+CJ106+CK106 -> 0 | CN106: =+CL106-CM106 -> 0 | CO106: 6701477 | CR106: =CO106+CP106+CQ106 -> 6701477 | CT106: =+CR106-CS106 -> 6701477
B107: -Roads & Culverts | C107: =I107+O107+U107+AA107+AG107+AM107+AS107+AY107+BE107+BK107+BQ107+BW107+CC107+CI107+CO107 -> 474499 | D107: =J107+P107+V107+AB107+AH107+AN107+AT107+AZ107+BF107+BL107+BS107+BX107+CD107+CJ107+CP107 -> 0 | E107: =K107+Q107+W107+AC107+AI107+AO107+AU107+BA107+BG107+BM107+BT107+BY107+CE107+CK107+CQ107 -> 0 | F107: =C107+D107+E107 -> 474499 | G107: =M107+S107+Y107+AE107+AK107+AQ107+AW107+BC107+BI107+BO107+BV107+CA107+CG107+CM107+CS107 -> 0 | H107: =+F107-G107 -> 474499 | L107: =I107+J107+K107 -> 0 | N107: =+L107-M107 -> 0 | R107: =O107+P107+Q107 -> 0 | T107: =+R107-S107 -> 0 | X107: =U107+V107+W107 -> 0 | Z107: =+X107-Y107 -> 0 | AD107: =AA107+AB107+AC107 -> 0 | AF107: =+AD107-AE107 -> 0 | AJ107: =AG107+AH107+AI107 -> 0 | AL107: =+AJ107-AK107 -> 0 | AP107: =AM107+AN107+AO107 -> 0 | AR107: =+AP107-AQ107 -> 0 | AV107: =AS107+AT107+AU107 -> 0 | AX107: =+AV107-AW107 -> 0 | BB107: =AY107+AZ107+BA107 -> 0 | BD107: =+BB107-BC107 -> 0 | BH107: =BE107+BF107+BG107 -> 0 | BJ107: =+BH107-BI107 -> 0 | BN107: =BK107+BL107+BM107 -> 0 | BP107: =+BN107-BO107 -> 0 | BT107: =BQ107+BR107+BS107 -> 0 | BV107: =+BT107-BU107 -> 0 | BZ107: =BW107+BX107+BY107 -> 0 | CB107: =+BZ107-CA107 -> 0 | CF107: =CC107+CD107+CE107 -> 0 | CH107: =+CF107-CG107 -> 0 | CL107: =CI107+CJ107+CK107 -> 0 | CN107: =+CL107-CM107 -> 0 | CO107: 474499 | CR107: =CO107+CP107+CQ107 -> 474499 | CT107: =+CR107-CS107 -> 474499
B108: Furniture | C108: =I108+O108+U108+AA108+AG108+AM108+AS108+AY108+BE108+BK108+BQ108+BW108+CC108+CI108+CO108 -> 0 | D108: =J108+P108+V108+AB108+AH108+AN108+AT108+AZ108+BF108+BL108+BS108+BX108+CD108+CJ108+CP108 -> 0 | E108: =K108+Q108+W108+AC108+AI108+AO108+AU108+BA108+BG108+BM108+BT108+BY108+CE108+CK108+CQ108 -> 0 | F108: =C108+D108+E108 -> 0 | G108: =M108+S108+Y108+AE108+AK108+AQ108+AW108+BC108+BI108+BO108+BV108+CA108+CG108+CM108+CS108 -> 0 | H108: =+F108-G108 -> 0 | L108: =I108+J108+K108 -> 0 | N108: =+L108-M108 -> 0 | R108: =O108+P108+Q108 -> 0 | T108: =+R108-S108 -> 0 | X108: =U108+V108+W108 -> 0 | Z108: =+X108-Y108 -> 0 | AD108: =AA108+AB108+AC108 -> 0 | AF108: =+AD108-AE108 -> 0 | AJ108: =AG108+AH108+AI108 -> 0 | AL108: =+AJ108-AK108 -> 0 | AP108: =AM108+AN108+AO108 -> 0 | AR108: =+AP108-AQ108 -> 0 | AV108: =AS108+AT108+AU108 -> 0 | AX108: =+AV108-AW108 -> 0 | BB108: =AY108+AZ108+BA108 -> 0 | BD108: =+BB108-BC108 -> 0 | BH108: =BE108+BF108+BG108 -> 0 | BJ108: =+BH108-BI108 -> 0 | BN108: =BK108+BL108+BM108 -> 0 | BP108: =+BN108-BO108 -> 0 | BT108: =BQ108+BR108+BS108 -> 0 | BV108: =+BT108-BU108 -> 0 | BZ108: =BW108+BX108+BY108 -> 0 | CB108: =+BZ108-CA108 -> 0 | CF108: =CC108+CD108+CE108 -> 0 | CH108: =+CF108-CG108 -> 0 | CL108: =CI108+CJ108+CK108 -> 0 | CN108: =+CL108-CM108 -> 0 | CR108: =CO108+CP108+CQ108 -> 0 | CT108: =+CR108-CS108 -> 0
B109: Plant & Equipment | C109: =I109+O109+U109+AA109+AG109+AM109+AS109+AY109+BE109+BK109+BQ109+BW109+CC109+CI109+CO109 -> 13803388 | D109: =J109+P109+V109+AB109+AH109+AN109+AT109+AZ109+BF109+BL109+BS109+BX109+CD109+CJ109+CP109 -> 0 | E109: =K109+Q109+W109+AC109+AI109+AO109+AU109+BA109+BG109+BM109+BT109+BY109+CE109+CK109+CQ109 -> 0 | F109: =C109+D109+E109 -> 13803388 | G109: =M109+S109+Y109+AE109+AK109+AQ109+AW109+BC109+BI109+BO109+BV109+CA109+CG109+CM109+CS109 -> 0 | H109: =+F109-G109 -> 13803388 | L109: =I109+J109+K109 -> 0 | N109: =+L109-M109 -> 0 | R109: =O109+P109+Q109 -> 0 | T109: =+R109-S109 -> 0 | X109: =U109+V109+W109 -> 0 | Z109: =+X109-Y109 -> 0 | AD109: =AA109+AB109+AC109 -> 0 | AF109: =+AD109-AE109 -> 0 | AJ109: =AG109+AH109+AI109 -> 0 | AL109: =+AJ109-AK109 -> 0 | AP109: =AM109+AN109+AO109 -> 0 | AR109: =+AP109-AQ109 -> 0 | AV109: =AS109+AT109+AU109 -> 0 | AX109: =+AV109-AW109 -> 0 | BB109: =AY109+AZ109+BA109 -> 0 | BD109: =+BB109-BC109 -> 0 | BH109: =BE109+BF109+BG109 -> 0 | BJ109: =+BH109-BI109 -> 0 | BN109: =BK109+BL109+BM109 -> 0 | BP109: =+BN109-BO109 -> 0 | BT109: =BQ109+BR109+BS109 -> 0 | BV109: =+BT109-BU109 -> 0 | BZ109: =BW109+BX109+BY109 -> 0 | CB109: =+BZ109-CA109 -> 0 | CF109: =CC109+CD109+CE109 -> 0 | CH109: =+CF109-CG109 -> 0 | CL109: =CI109+CJ109+CK109 -> 0 | CN109: =+CL109-CM109 -> 0 | CO109: 13803388 | CR109: =CO109+CP109+CQ109 -> 13803388 | CT109: =+CR109-CS109 -> 13803388
L110: =I110+J110+K110 -> 0 | N110: =+L110-M110 -> 0 | R110: =O110+P110+Q110 -> 0 | T110: =+R110-S110 -> 0 | X110: =U110+V110+W110 -> 0 | Z110: =+X110-Y110 -> 0 | AD110: =AA110+AB110+AC110 -> 0 | AF110: =+AD110-AE110 -> 0 | AJ110: =AG110+AH110+AI110 -> 0 | AL110: =+AJ110-AK110 -> 0 | AP110: =AM110+AN110+AO110 -> 0 | AR110: =+AP110-AQ110 -> 0 | AV110: =AS110+AT110+AU110 -> 0 | AX110: =+AV110-AW110 -> 0 | BB110: =AY110+AZ110+BA110 -> 0 | BD110: =+BB110-BC110 -> 0 | BH110: =BE110+BF110+BG110 -> 0 | BJ110: =+BH110-BI110 -> 0 | BN110: =BK110+BL110+BM110 -> 0 | BP110: =+BN110-BO110 -> 0 | BT110: =BQ110+BR110+BS110 -> 0 | BV110: =+BT110-BU110 -> 0 | BZ110: =BW110+BX110+BY110 -> 0 | CB110: =+BZ110-CA110 -> 0 | CF110: =CC110+CD110+CE110 -> 0 | CH110: =+CF110-CG110 -> 0 | CL110: =CI110+CJ110+CK110 -> 0 | CN110: =+CL110-CM110 -> 0 | CR110: =CO110+CP110+CQ110 -> 0 | CT110: =+CR110-CS110 -> 0
...

Sheet Sheet2
A1: MMTC Limited
A2: Implementation of Ind AS
A3: Value of investment property to carried in fixed assets
A5: Particulars
A6: JV agreement for 5th to 8th of building ended at

Sheet Investment prop
A1: MMTC LIMITED
A2: Ind AS Implementation
A3: Value of investment property to be carried in Fixed Assets
A5: Particulars | B5: Details
A6: Value of Investment Property | B6: =#REF! -> #REF!
A7: Number of flats included in investment property | B7: 5
A8: Date on which notice for vacation was served | B8: 41926
A9: Number of flats for which notice was served | B9: 4
A10: Value of 4 flats (approx) | B10: =(B6/B7)*B9 -> #REF!
A11: Financial Year ends at | B11: 42094
A12: Number of days for which no rental income earned | B12: =B11-B8 -> 168
A13: Value of investment property to be carried in Fixed Assets | B13: =(B10/365)*B12 -> #REF!
